Workbook
Name _All: Forecast!$A$1:$CA$497

Sheet START
A1: FINAL Community College Formula Funding Model -- Fiscal Year 2025 | I1: 45538
A2: This file performs the calculations necessary to determine allocations of formula funding and funding for non-formula support items for all Texas public junior college ("community college") districts for FY 2025. It includes the FY 2024 close-out adjustment based on the recalculation of FY 24 funding using corrected data; see the file "FY24 CC Funding Model_Close Out", available on the THECB CCF website linked below, for more information. This page contains a high-level overview of the formula structure, a table of contents, and a glossary of terms and acronyms. Please direct any questions to Emily Schmidt: emily.schmidt@highered.texas.gov
I8: Additional detail regarding these and other important concepts can be found in | J8: CBM Reporting Manuals
B9: and the | C9: THECB CCF website.
A11: Formula Overview
B13: Formula Funding= Base Tier Funding + Performance Tier Funding + Transition Funding
B15: Base Tier Funding= greater of [(Instruction & Operations - Local Share), 0]
D16: i.e., college districts with a Local Share lower than their I&O receive the difference, and others get zero
C17: Instruction & Operations (I&O)= Basic Allotment + Contact Hour Funding
C18: Basic Allotment= Weighted Full-Time Student Equivalents x Basic Allotment rate
C19: Contact Hour Funding= sum of all [(contact hours delivered in a discipline)x(statewide avg cost per contact hour in that discipline)]
F20: x Contact Hour Funding rate
C21: Local Share= Tuition/Fee Revenue Estimate + M&O Tax Revenue Estimate
D22: these estimates are measures of a college district's potential to raise revenue from these sources regardless of revenues actually raised
B23: Performance Tier Funding= sum of all [greater of(FY25 Estimated Weighted Outcome Completions or 3yr avg Weighted Outcome Completions)x(Outcome Funding rate)]
C24: Weighted Outcome Completions= for a given year, Outcome Completion Count + sum of all [Weighted Completion Counts x Completion Weights]
B26: Transition Funding= greater of [(FY23 Contact Hour+Success Point+Core Operations+BAT+Supplemental funds) - FY25 formula funds, 0]
A28: Table of Contents
A29: Sheet | B29: Description
A30: 1. Dash | B30: Dynamic inputs for rates and weights set by the Legislature or THECB and Outputs showing dollars flowing through various formula elements
A31: 2. Analysis-Statewide | B31: Financial analysis of Performance Tier funding from FY 2024 to FY 2025 by outcome
A32: 3. Analysis-School | B32: Historical and Projected Performance Tier data by community college for each outcome
A33: 4. Summary | B33: Funding amounts by college district for all funding tiers and in total
A34: 5. Three-Pay | B34: Schedule of amounts of funding that THECB will distribute to college districts by certain dates
A35: 6. Performance Summary | B35: Detailed breakdown of each college districts' Performance Tier funding, including amounts allocated per outcome and outcome counts
A36: 7. Base Tier Summary | B36: Lays out the components of Base Tier Funding to produce each college district's Base Tier Funding amount
A37: 8. Cost Study | B37: Provides average expenses and funding rates by discipline as a component of Contact Hour Funding
A38: 9. CIP Codes | B38: Shows the crosswalk from the CIP codes that describe academic courses and programs to the disciplines used for Contact Hour Funding
A39: 10. Hours | B39: Shows each college's contact hours and contact hour funding by discipline, which sums to the Base Tier Summary
A40: 11. Basic Allotment | B40: Calculates each college's Weighted FTSE and multiplies it by the Basic Allotment rate to calculate its Basic Allotment
... A49: 20. Non-Formula Support | B49: Shows all non-formula support items and their funding amounts for the current and prior fiscal years
A51: Glossary
A52: Term | B52: Description
A53: ATC | B53: Advanced Technology Certificate; a workforce credential of 16-50 SCH for students with an associated degree or at least junior standing in a baccalaureate program
A54: CARAT | B54: Community College Annual Reporting & Analysis Tool; THECB system for collecting and reporting financial data from public junior colleges
A55: CBM | B55: THECB's data reporting system for regularly collecting student-level data from institutions; "CBM" followed by numbers/letters refers to a specific report under the CBM system
A56: Certificate | B56: Certificate is inclusive of Certificate I or II and Continuing Education
A57: CH | B57: Contact hours; a common measurement of instructional hours used primarily for Contact Hour Funding
A58: CIP Codes | B58: Classification of Instructional Program; a system that applies a numeric code and label to each instructional course and program
A59: Co-Enrollment | B59: A structured program duly reported to the THECB in which a student is enrolled simultaneously at a community college and public university
A60: Current Taxes | B60: In the case of community colleges, the property tax revenue levied and collected in a given year (excludes delinquent collections) based on the M&O and debt service rates
A61: FADS | B61: Financial Aid Database; THECB system for collecting and reporting data on financial aid programs, including the Pell program used to define economic disadvantage
A62: FAST | B62: Financial Aid for Swift Transfer; a THECB program that funds educationally disadvantaged dual credit/enrollment students at a set level and caps dual credit tuition for others at the same rate
A63: FICE | B63: Administrative codes that are unique to every institution of higher education
... A75: Small Scale Adjustment | B75: A boost to Weighted FTSE under the Basic Allotment for college districts with an unweighted FTSE of less than 5,000

Sheet Dash
A1: =Summary!A1 -> FINAL Community College Formula Funding - Fiscal Year 2025 | C1: 45538
A2: THECB & Legislative Rate and Weight Inputs
A4: Forecasting Options | E4: Formula Expenses
A5: Element | B5: Value | E5: Formula Element | F5: Cost Total | G5: % of FF | H5: Colleges Receiving
A6: Maximum Year-over-Year Increase | B6: 0.1 | E6: Base Tier | F6: ='Base Tier Summary'!K55 -> 58740965 | G6: =F6/Summary!H$55 -> 0.049808952 | H6: =COUNTIF(Summary!I5:I54, ">0") -> 22
A7: Maximum Year-over-Year Decrease | B7: 0.05 | E7: 15 SCH Dual Credit | F7: ='Performance Summary'!C56 -> 1.9835652e+08 | G7: =F7/Summary!H$55 -> 0.16819489 | H7: =COUNTIF('Performance Summary'!C$6:C$55, ">0") -> 50
E8: GAI Transfer with 15 SCH | F8: ='Performance Summary'!F56 -> 2.5872403e+08 | G8: =F8/Summary!H$55 -> 0.21938306 | H8: =COUNTIF('Performance Summary'!G$6:G$55, ">0") -> 50
A9: Base Tier Inputs | B9: Value | E9: GAI Co-Enrollment with 15 SCH | F9: ='Performance Summary'!J56 -> 4625642 | G9: =F9/Summary!H$55 -> 0.0039222778 | H9: =COUNTIF('Performance Summary'!J$6:J$55, ">0") -> 14
A10: Basic Allotment per Weighted FTSE | B10: 1478.8665 | C10: ='Base Tier Summary'!C55 -> 8.6248584e+08 | E10: ICLC | F10: ='Performance Summary'!V56 -> 1957161.3 | G10: =F10/Summary!H$55 -> 0.00165956 | H10: =COUNTIF('Performance Summary'!V$6:V$55, ">0") -> 29
A11: Contact Hour Funding Rate | B11: 0.21414025 | C11: ='Base Tier Summary'!D55 -> 8.6248584e+08 | E11: High-Demand ICLC | F11: ='Performance Summary'!Y56 -> 17102238 | G11: =F11/Summary!H$55 -> 0.014501712 | H11: =COUNTIF('Performance Summary'!Y$6:Y$55, ">0") -> 46
A12: Economic Disadvantage weight | B12: 0.25 | E12: Occupational Skills Award (OSA) | F12: ='Performance Summary'!N56 -> 3828153.5 | G12: =F12/Summary!H$55 -> 0.0032460535 | H12: =COUNTIF('Performance Summary'!N$6:N$55, ">0") -> 37
A13: Academic Disadvantage weight | B13: 0.25 | E13: High-Demand OSA | F13: ='Performance Summary'!R56 -> 12762465 | G13: =F13/Summary!H$55 -> 0.010821835 | H13: =COUNTIF('Performance Summary'!R$6:R$55, ">0") -> 39
A14: Adult Learner weight | B14: 0.5 | E14: Certificate | F14: ='Performance Summary'!AB56 -> 47616386 | G14: =F14/Summary!H$55 -> 0.040375951 | H14: =COUNTIF('Performance Summary'!AB$6:AB$55, ">0") -> 50
A15: Small College weight | B15: 0.4 | E15: High-Demand Certificate | F15: ='Performance Summary'!AF56 -> 1.0680787e+08 | G15: =F15/Summary!H$55 -> 0.090566916 | H15: =COUNTIF('Performance Summary'!AF$6:AF$55, ">0") -> 50
A16: Small College FTSE threshold | B16: 5000 | E16: Advanced Technical Certificate | F16: ='Performance Summary'!AJ56 -> 159910.75 | G16: =F16/Summary!H$55 -> 0.0001355951 | H16: =COUNTIF('Performance Summary'!AJ$6:AJ$55, ">0") -> 9
A17: FY 23 Average Resident Tuition/Fees (non-dual credit FTSE) | B17: 3208.6155 | E17: High-Demand ATC | F17: ='Performance Summary'!AN56 -> 1932529.9 | G17: =F17/Summary!H$55 -> 0.0016386739 | H17: =COUNTIF('Performance Summary'!AN$6:AN$55, ">0") -> 15
A18: FY23 (uses FY24 rate) FAST Dual Credit Tuition per SCH | B18: 55 | E18: Associate Degree | F18: ='Performance Summary'!AR56 -> 3.288765e+08 | G18: =F18/Summary!H$55 -> 0.27886831 | H18: =COUNTIF('Performance Summary'!AR$6:AR$55, ">0") -> 50
A19: M&O Tax Rate for Estimate (per $100) | B19: 0.05 | E19: High-Demand Associate | F19: ='Performance Summary'!AV56 -> 1.1514587e+08 | G19: =F19/Summary!H$55 -> 0.097637064 | H19: =COUNTIF('Performance Summary'!AV$6:AV$55, ">0") -> 50
A20: Base Tier Percent of Total (less Transition) | B20: 0.05 | C20: ='Base Tier Summary'!C55-'Base Tier Summary'!D55 -> 0 | E20: Bachelor's Degree | F20: ='Performance Summary'!AZ56 -> 3744738.5 | G20: =F20/Summary!H$55 -> 0.0031753223 | H20: =COUNTIF('Performance Summary'!AZ6:AZ55, ">0") -> 7
B21: =(B20/(1-B20))*Summary!J4 -> 58727487 | C21: =B21-F6 -> -13477.236 | E21: High-Demand Bachelor's | F21: ='Performance Summary'!BD56 -> 7379817.5 | G21: =F21/Summary!H$55 -> 0.0062576598 | H21: =COUNTIF('Performance Summary'!BD$6:BD$55, ">0") -> 17
A22: Performance Tier Inputs | B22: Standard Value | C22: High-Demand Field Value | E22: CoV Premium: Certificate | F22: ='Performance Summary'!BH56 -> 720112.34 | G22: =F22/Summary!H$55 -> 0.00061061376 | H22: =COUNTIF(Performance!T6:T55, ">0") -> 50
A23: Dollars per Weighted Outcome Completion | E23: CoV Premium: Associate | F23: ='Performance Summary'!BK56 -> 6062274.2 | G23: =F23/Summary!H$55 -> 0.0051404591 | H23: =COUNTIF(Performance!S6:S55, ">0") -> 50
A24: 15 SCH Dual Credit | B24: 3500 | C24: N/A | E24: CoV Premium: Bachelor's | F24: ='Performance Summary'!BN56 -> 20047.767 | G24: =F24/Summary!H$55 -> 1.6999351e-05 | H24: =COUNTIF(Performance!U6:U55, ">0") -> 2
A25: GAI Transfer with 15 SCH | B25: 3500 | C25: N/A | E25: FY23 Transition Funding | F25: =Summary!K55 -> 1472335.5 | G25: =F25/Summary!H$55 -> 0.0012484556 | H25: =COUNTIFS(Summary!K5:K54, ">0") -> 1
A26: GAI Co-enrollment with 15 SCH | B26: 3500 | C26: N/A | E26: TOTAL | F26: =SUM(F6:F25) -> 1.1760356e+09 | G26: =SUM(G6:G25) -> 0.99721036
A27: Institutional Credential leading to Licensure or Certification (ICLC) | B27: 1000 | C27: 1250 | E27: not including FY24 close-out adjustment
A28: Occupational Skills Award | B28: 1000 | C28: 1250
A29: Certificate | B29: 1750 | C29: 3500
A30: Advanced Technical Certificate (ATC) | B30: 1750 | C30: 3500
A31: Certificate Credential of Value Premium | B31: 437 | C31: N/A
A32: Associate Degree | B32: 3500 | C32: 4500
A33: Associate Degree Credential of Value Premium | B33: 875 | C33: N/A
A34: Bachelor's Degree | B34: 3500 | C34: 4500
A35: Bachelor's Degree Credential of Value Premium | B35: 875 | C35: N/A
A36: Outcome Completion Weights
A37: Academic Disadvantage | B37: 0.25 | C37: 0.25
A38: Economic Disadvantage | B38: 0.25 | C38: 0.25
A39: Adult Learner | B39: 0.5 | C39: 0.5
A40: Dollars per Weighted Outcome Completion (Funded Beginning with FY25 Outcomes)
A41: Opportunity High School Diploma | B41: 3500 | C41: N/A
A42: Third Party Credentials | B42: 1000 | C42: 1250
XEZ1048550: {=ROW(INDEX(solver_adj,0,0,1))} -> #VALUE!
XEZ1048551: {=COLUMN(INDEX(solver_adj,0,0,1))} -> 2
XEZ1048552: =ROWS(INDEX(solver_adj,0,0,1)) -> 2
XEZ1048553: =COLUMNS(INDEX(solver_adj,0,0,1)) -> 1
XEZ1048554: =solver_eng -> 1
XEZ1048555: =solver_val -> 0

Sheet Analysis-Statewide
A1: Community College Formula Funding - Fiscal Year 2024 to 2025 Performance Tier Financial Analysis
B2: FY24 | E2: FY25 | H2: FY25 over FY24 | K2: Years | L2: 15 SCH Dual Credit | M2: GAI Transfer with 15 SCH | N2: GAI Co-enrollment with 15 SCH | O2: ICLC1 | P2: OSA1 | Q2: Certificate | R2: Advanced Technical Certificate | S2: Associate Degree | T2: Bachelor's Degree | U2: COV Premium - Certificate | V2: COV Premium - Associate | W2: COV Premium - Bachelor's
B3: Total | C3: % Share | D3: Community Colleges Rec. | E3: Total | F3: % Share | G3: Community Colleges Rec. | H3: $ Change | I3: % Change
A4: 15 SCH Dual Credit | B4: 90153267 | C4: 0.079553493 | D4: 50 | E4: =Dash!F7 -> 1.9835652e+08 | F4: =Dash!G7 -> 0.16819489 | G4: =Dash!H7 -> 50 | H4: =E4-B4 -> 1.0820325e+08 | I4: =H4/B4 -> 1.2002144 | K4: 2018 | L4: ='Analysis-School'!C55 -> 42329 | M4: ='Analysis-School'!N55 -> 61152 | N4: ='Analysis-School'!Y55 -> 1275 | Q4: ='Analysis-School'!C110 -> 36027 | R4: ='Analysis-School'!Y165 -> 424 | S4: ='Analysis-School'!N110 -> 82976 | T4: ='Analysis-School'!Y110 -> 450 | U4: ='Analysis-School'!C220 -> 1096 | V4: ='Analysis-School'!N220 -> 4360 | W4: ='Analysis-School'!Y220 -> 10
A5: GAI Transfer with 15 SCH | B5: 3.2698896e+08 | C5: 0.28854322 | D5: 50 | E5: =Dash!F8 -> 2.5872403e+08 | F5: =Dash!G8 -> 0.21938306 | G5: =Dash!H8 -> 50 | H5: =E5-B5 -> -68264931 | I5: =H5/B5 -> -0.20876831 | K5: 2019 | L5: ='Analysis-School'!D55 -> 50561 | M5: ='Analysis-School'!O55 -> 60694 | N5: ='Analysis-School'!Z55 -> 1267 | Q5: ='Analysis-School'!D110 -> 38543 | R5: ='Analysis-School'!Z165 -> 533 | S5: ='Analysis-School'!O110 -> 86157 | T5: ='Analysis-School'!Z110 -> 437 | U5: ='Analysis-School'!D220 -> 1100 | V5: ='Analysis-School'!O220 -> 4451 | W5: ='Analysis-School'!Z220 -> 16
A6: GAI Co-Enrollment with 15 SCH | B6: 4841958.3 | C6: 0.0042726649 | D6: 14 | E6: =Dash!F9 -> 4625642 | F6: =Dash!G9 -> 0.0039222778 | G6: =Dash!H9 -> 14 | H6: =E6-B6 -> -216316.3 | I6: =H6/B6 -> -0.044675373 | K6: 2020 | L6: ='Analysis-School'!E55 -> 53442 | M6: ='Analysis-School'!P55 -> 61746 | N6: ='Analysis-School'!AA55 -> 1560 | O6: ='Analysis-School'!P165 -> 9869 | P6: ='Analysis-School'!E165 -> 6840 | Q6: ='Analysis-School'!E110 -> 34425 | R6: ='Analysis-School'!AA165 -> 575 | S6: ='Analysis-School'!P110 -> 88309 | T6: ='Analysis-School'!AA110 -> 639 | U6: ='Analysis-School'!E220 -> 955 | V6: ='Analysis-School'!P220 -> 4405 | W6: ='Analysis-School'!AA220 -> 13
A7: Licensure/Certification (no credential)1 | B7: 284000 | C7: 0.00025060869 | D7: 10 | H7: =E7-B7 -> -284000 | I7: =H7/B7 -> -1 | K7: 2021 | L7: ='Analysis-School'!F55 -> 52702 | M7: ='Analysis-School'!Q55 -> 61593 | N7: ='Analysis-School'!AB55 -> 1125 | O7: ='Analysis-School'!Q165 -> 11314 | P7: ='Analysis-School'!F165 -> 6801 | Q7: ='Analysis-School'!F110 -> 34547 | R7: ='Analysis-School'!AB165 -> 525 | S7: ='Analysis-School'!Q110 -> 88674 | T7: ='Analysis-School'!AB110 -> 853 | U7: ='Analysis-School'!F220 -> 1286 | V7: ='Analysis-School'!Q220 -> 5268 | W7: ='Analysis-School'!AB220 -> 12
A8: High-Demand Licensure/Certification1 | B8: 3918750 | C8: 0.0034580028 | D8: 17 | H8: =E8-B8 -> -3918750 | I8: =H8/B8 -> -1 | K8: 2022 | L8: ='Analysis-School'!G55 -> 52130 | M8: ='Analysis-School'!R55 -> 59047 | N8: ='Analysis-School'!AC55 -> 1053 | O8: ='Analysis-School'!R165 -> 12806 | P8: ='Analysis-School'!G165 -> 9309 | Q8: ='Analysis-School'!G110 -> 35406 | R8: ='Analysis-School'!AC165 -> 484 | S8: ='Analysis-School'!R110 -> 85458 | T8: ='Analysis-School'!AC110 -> 1038 | U8: ='Analysis-School'!G220 -> 1563 | V8: ='Analysis-School'!R220 -> 6279 | W8: ='Analysis-School'!AC220 -> 14
A9: Institutional Credential leading to Licensure | B9: 2244000 | C9: 0.0019801616 | D9: 20 | E9: =Dash!F10 -> 1957161.3 | F9: =Dash!G10 -> 0.00165956 | G9: =Dash!H10 -> 29 | H9: =E9-B9 -> -286838.67 | I9: =H9/B9 -> -0.12782472 | K9: 2023 | L9: ='Analysis-School'!H55 -> 53099 | M9: ='Analysis-School'!S55 -> 55742 | N9: ='Analysis-School'!AD55 -> 1226 | O9: ='Analysis-School'!S165 -> 13346 | P9: ='Analysis-School'!H165 -> 8957 | Q9: ='Analysis-School'!H110 -> 38205 | R9: ='Analysis-School'!AD165 -> 419 | S9: ='Analysis-School'!S110 -> 84997 | T9: ='Analysis-School'!AD110 -> 1522 | U9: ='Analysis-School'!H220 -> 1454 | V9: ='Analysis-School'!S220 -> 6026 | W9: ='Analysis-School'!AD220 -> 24
A10: High-Demand Institutional Credential | B10: 10305833 | C10: 0.0090941246 | D10: 40 | E10: =Dash!F11 -> 17102238 | F10: =Dash!G11 -> 0.014501712 | G10: =Dash!H11 -> 46 | H10: =E10-B10 -> 6796404.9 | I10: =H10/B10 -> 0.65947165 | K10: 2024 | L10: ='Analysis-School'!I55 -> 54670.299 | M10: ='Analysis-School'!T55 -> 56118.768 | N10: ='Analysis-School'!AE55 -> 1202.029 | O10: ='Analysis-School'!T165 -> 14333.987 | P10: ='Analysis-School'!I165 -> 9571.6273 | Q10: ='Analysis-School'!I110 -> 37977.052 | R10: ='Analysis-School'!AE165 -> 419.62461 | S10: ='Analysis-School'!T110 -> 85444.534 | T10: ='Analysis-School'!AE110 -> 1618.6923 | U10: ='Analysis-School'!I220 -> 1549.5169 | V10: ='Analysis-School'!T220 -> 6487.2916 | W10: ='Analysis-School'!AE220 -> 22.8
A11: Occupational Skills Award (OSA) | B11: 1668750 | C11: 0.0014725467 | D11: 34 | E11: =Dash!F12 -> 3828153.5 | F11: =Dash!G12 -> 0.0032460535 | G11: =Dash!H12 -> 37 | H11: =E11-B11 -> 2159403.5 | I11: =H11/B11 -> 1.2940245 | K11: 2025 | L11: ='Analysis-School'!J55 -> 56046.735 | M11: ='Analysis-School'!U55 -> 55531.626 | N11: ='Analysis-School'!AF55 -> 1181.3356 | O11: ='Analysis-School'!U165 -> 15432.779 | P11: ='Analysis-School'!J165 -> 10132.222 | Q11: ='Analysis-School'!J110 -> 37983.141 | R11: ='Analysis-School'!AF165 -> 419.66075 | S11: ='Analysis-School'!U110 -> 85438.79 | T11: ='Analysis-School'!AF110 -> 1753.3462 | U11: ='Analysis-School'!J220 -> 1645.7821 | V11: ='Analysis-School'!U220 -> 6906.6982 | W11: ='Analysis-School'!AF220 -> 21.935201
A12: High-Demand OSA | B12: 7371000 | C12: 0.0065043544 | D12: 37 | E12: =Dash!F13 -> 12762465 | F12: =Dash!G13 -> 0.010821835 | G12: =Dash!H13 -> 39 | H12: =E12-B12 -> 5391465.3 | I12: =H12/B12 -> 0.73144286 | K12: FY25 Change over FY23 | L12: =(L11-L9)/L9 -> 0.055513954 | M12: =(M11-M9)/M9 -> -0.0037740625 | N12: =(N11-N9)/N9 -> -0.036430956 | O12: =(O11-O9)/O9 -> 0.15635987 | P12: =(P11-P9)/P9 -> 0.13120715 | Q12: =(Q11-Q9)/Q9 -> -0.0058070734 | R12: =(R11-R9)/R9 -> 0.0015769766 | S12: =(S11-S9)/S9 -> 0.0051977071 | ... W12: =(W11-W9)/W9 -> -0.086033279
A13: Certificate | B13: 46243750 | C13: 0.040806639 | D13: 50 | E13: =Dash!F14 -> 47616386 | F13: =Dash!G14 -> 0.040375951 | G13: =Dash!H14 -> 50 | H13: =E13-B13 -> 1372636.1 | I13: =H13/B13 -> 0.029682629 | K13: FY25 Change over FY24 | L13: =(L11-L10)/L10 -> 0.025177052 | M13: =(M11-M10)/M10 -> -0.010462493 | N13: =(N11-N10)/N10 -> -0.01721538 | O13: =(O11-O10)/O10 -> 0.076656422 | P13: =(P11-P10)/P10 -> 0.058568428 | Q13: =(Q11-Q10)/Q10 -> 0.00016033534 | R13: =(R11-R10)/R10 -> 8.6143168e-05 | S13: =(S11-S10)/S10 -> -6.7232313e-05 | ... W13: =(W11-W10)/W10 -> -0.037929767
A14: High-Demand Certificate | B14: 1.0034442e+08 | C14: 0.088546418 | D14: 50 | E14: =Dash!F15 -> 1.0680787e+08 | F14: =Dash!G15 -> 0.090566916 | G14: =Dash!H15 -> 50 | H14: =E14-B14 -> 6463452.5 | I14: =H14/B14 -> 0.064412677 | K14: 1. ICLC data is as submitted on ad hoc data collection for FY2020 - 2023. OSA data is as submitted on ad hoc data collection for FY2020 - 2022 and on the CBM00M for FY2023.
A15: Advanced Technical Certificate | B15: 75687.5 | C15: 6.6788539e-05 | D15: 6 | E15: =Dash!F16 -> 159910.75 | F15: =Dash!G16 -> 0.0001355951 | G15: =Dash!H16 -> 9 | H15: =E15-B15 -> 84223.255 | I15: =H15/B15 -> 1.1127763
A16: High-Demand ATC | B16: 2689166.7 | C16: 0.0023729878 | D16: 17 | E16: =Dash!F17 -> 1932529.9 | F16: =Dash!G17 -> 0.0016386739 | G16: =Dash!H17 -> 15 | H16: =E16-B16 -> -756636.82 | I16: =H16/B16 -> -0.28136479
A17: Associate Degree | B17: 331236500 | C17: 0.29229136 | D17: 50 | E17: =Dash!F18 -> 3.288765e+08 | F17: =Dash!G18 -> 0.27886831 | G17: =Dash!H18 -> 50 | H17: =E17-B17 -> -2360003.5 | I17: =H17/B17 -> -0.0071248292
A18: High-Demand Associate | B18: 141953625 | C18: 0.12526342 | D18: 50 | E18: =Dash!F19 -> 1.1514587e+08 | F18: =Dash!G19 -> 0.097637064 | G18: =Dash!H19 -> 50 | H18: =E18-B18 -> -26807751 | I18: =H18/B18 -> -0.18884865
A19: Bachelor's Degree | B19: 2537500 | C19: 0.0022391533 | D19: 5 | E19: =Dash!F20 -> 3744738.5 | F19: =Dash!G20 -> 0.0031753223 | G19: =Dash!H20 -> 7 | H19: =E19-B19 -> 1207238.5 | I19: =H19/B19 -> 0.475759
A20: High-Demand Bachelor's | B20: 4221375 | C20: 0.0037250467 | D20: 16 | E20: =Dash!F21 -> 7379817.5 | F20: =Dash!G21 -> 0.0062576598 | G20: =Dash!H21 -> 17 | H20: =E20-B20 -> 3158442.5 | I20: =H20/B20 -> 0.7482023
A21: CoV Premium: Certificate2 | E21: =Dash!F22 -> 720112.34 | F21: =Dash!G22 -> 0.00061061376 | G21: =Dash!H22 -> 50 | H21: =E21-B21 -> 720112.34 | I21: N/A
A22: CoV Premium: Associate2 | E22: =Dash!F23 -> 6062274.2 | F22: =Dash!G23 -> 0.0051404591 | G22: =Dash!H23 -> 50 | H22: =E22-B22 -> 6062274.2 | I22: N/A
A23: CoV Premium: Bachelor's2 | E23: =Dash!F24 -> 20047.767 | F23: =Dash!G24 -> 1.6999351e-05 | G23: =Dash!H24 -> 2 | H23: =E23-B23 -> 20047.767 | I23: N/A
A24: Transition Funding | B24: 317765.8 | C24: 0.00028040447 | D24: 1 | E24: =Dash!F25 -> 1472335.5 | F24: =Dash!G25 -> 0.0012484556 | G24: =Dash!H25 -> 1 | H24: =E24-B24 -> 1154569.7 | I24: =H24/B24 -> 3.6333983
A25: Total | B25: =SUM(B4:B24) -> 1.0773963e+09 | E25: =SUM(E4:E24) -> 1.1172946e+09 | H25: =E25-B25 -> 39898293 | I25: =H25/B25 -> 0.037032142
A26: 1. Licensure/Certification (no credential) was funded in FY2024, but is no longer a fundable credential beginning in FY2025
A27: 2. Credential of Value Premiums are a new fundable credential beginning in FY2025

Sheet Analysis-School
B1: Community College Formula Funding: Performance Tier Historical and Projected Data 2018-2025
C2: Historical | D2: Historical | E2: Historical | F2: Historical | G2: Historical | H2: Historical | I2: Bound project | J2: Bound project | N2: Historical | O2: Historical | P2: Historical | Q2: Historical | R2: Historical | S2: Historical | T2: Bound project | U2: Bound project | Y2: Historical | Z2: Historical | AA2: Historical | AB2: Historical | AC2: Historical | AD2: Historical | AE2: Bound project | AF2: Bound project
B3: 15 SCH Dual Credit | K3: % Inc over FY23 | M3: Transfer to GAI with 15 SCH | V3: % Inc over FY23 | X3: GAI Co-Enrollment after 15 SCH | AG3: % Inc over FY23
B4: Community College | C4: 2018 | D4: 2019 | E4: 2020 | F4: 2021 | G4: 2022 | H4: 2023 | I4: 2024 | J4: 2025 | M4: Community College | N4: 2018 | O4: 2019 | P4: 2020 | Q4: 2021 | R4: 2022 | S4: 2023 | T4: 2024 | U4: 2025 | X4: Community College | Y4: 2018 | Z4: 2019 | AA4: 2020 | AB4: 2021 | AC4: 2022 | AD4: 2023 | AE4: 2024 | AF4: 2025
A5: 003607 | B5: Alamo Community College District | C5: =SUMIFS(Forecast!$E:$E, Forecast!$A:$A, 'Analysis-School'!$A5, Forecast!$C:$C, 'Analysis-School'!C$4, Forecast!$D:$D, 'Analysis-School'!C$2) -> 4233 | D5: =SUMIFS(Forecast!$E:$E, Forecast!$A:$A, 'Analysis-School'!$A5, Forecast!$C:$C, 'Analysis-School'!D$4, Forecast!$D:$D, 'Analysis-School'!D$2) -> 4035 | E5: =SUMIFS(Forecast!$E:$E, Forecast!$A:$A, 'Analysis-School'!$A5, Forecast!$C:$C, 'Analysis-School'!E$4, Forecast!$D:$D, 'Analysis-School'!E$2) -> 3664 | F5: =SUMIFS(Forecast!$E:$E, Forecast!$A:$A, 'Analysis-School'!$A5, Forecast!$C:$C, 'Analysis-School'!F$4, Forecast!$D:$D, 'Analysis-School'!F$2) -> 3722 | G5: =SUMIFS(Forecast!$E:$E, Forecast!$A:$A, 'Analysis-School'!$A5, Forecast!$C:$C, 'Analysis-School'!G$4, Forecast!$D:$D, 'Analysis-School'!G$2) -> 3563 | H5: =SUMIFS(Forecast!$E:$E, Forecast!$A:$A, 'Analysis-School'!$A5, Forecast!$C:$C, 'Analysis-School'!H$4, Forecast!$D:$D, 'Analysis-School'!H$2) -> 3249 | I5: =SUMIFS(Forecast!$E:$E, Forecast!$A:$A, 'Analysis-School'!$A5, Forecast!$C:$C, 'Analysis-School'!I$4, Forecast!$D:$D, 'Analysis-School'!I$2) -> 3157.4466 | J5: =SUMIFS(Forecast!$E:$E, Forecast!$A:$A, 'Analysis-School'!$A5, Forecast!$C:$C, 'Analysis-School'!J$4, Forecast!$D:$D, 'Analysis-School'!J$2) -> 2999.5743 | K5: =(J5/H5-1) -> -0.076769995 | M5: Alamo Community College District | N5: =SUMIFS(Forecast!$F:$F, Forecast!$A:$A, 'Analysis-School'!$A5, Forecast!$C:$C, 'Analysis-School'!N$4, Forecast!$D:$D, 'Analysis-School'!N$2) -> 4832 | O5: =SUMIFS(Forecast!$F:$F, Forecast!$A:$A, 'Analysis-School'!$A5, Forecast!$C:$C, 'Analysis-School'!O$4, Forecast!$D:$D, 'Analysis-School'!O$2) -> 4893 | P5: =SUMIFS(Forecast!$F:$F, Forecast!$A:$A, 'Analysis-School'!$A5, Forecast!$C:$C, 'Analysis-School'!P$4, Forecast!$D:$D, 'Analysis-School'!P$2) -> 5018 | Q5: =SUMIFS(Forecast!$F:$F, Forecast!$A:$A, 'Analysis-School'!$A5, Forecast!$C:$C, 'Analysis-School'!Q$4, Forecast!$D:$D, 'Analysis-School'!Q$2) -> 5143 | R5: =SUMIFS(Forecast!$F:$F, Forecast!$A:$A, 'Analysis-School'!$A5, Forecast!$C:$C, 'Analysis-School'!R$4, Forecast!$D:$D, 'Analysis-School'!R$2) -> 4547 | S5: =SUMIFS(Forecast!$F:$F, Forecast!$A:$A, 'Analysis-School'!$A5, Forecast!$C:$C, 'Analysis-School'!S$4, Forecast!$D:$D, 'Analysis-School'!S$2) -> 4462 | T5: =SUMIFS(Forecast!$F:$F, Forecast!$A:$A, 'Analysis-School'!$A5, Forecast!$C:$C, 'Analysis-School'!T$4, Forecast!$D:$D, 'Analysis-School'!T$2) -> 4367.199 | U5: =SUMIFS(Forecast!$F:$F, Forecast!$A:$A, 'Analysis-School'!$A5, Forecast!$C:$C, 'Analysis-School'!U$4, Forecast!$D:$D, 'Analysis-School'!U$2) -> 4268.9805 | V5: =(U5/S5-1) -> -0.043258516 | X5: Alamo Community College District | Y5: =SUMIFS(Forecast!$J:$J, Forecast!$A:$A, 'Analysis-School'!$A5, Forecast!$C:$C, 'Analysis-School'!Y$4, Forecast!$D:$D, 'Analysis-School'!Y$2) -> 10 | Z5: =SUMIFS(Forecast!$J:$J, Forecast!$A:$A, 'Analysis-School'!$A5, Forecast!$C:$C, 'Analysis-School'!Z$4, Forecast!$D:$D, 'Analysis-School'!Z$2) -> 9 | AA5: =SUMIFS(Forecast!$J:$J, Forecast!$A:$A, 'Analysis-School'!$A5, Forecast!$C:$C, 'Analysis-School'!AA$4, Forecast!$D:$D, 'Analysis-School'!AA$2) -> 12 | AB5: =SUMIFS(Forecast!$J:$J, Forecast!$A:$A, 'Analysis-School'!$A5, Forecast!$C:$C, 'Analysis-School'!AB$4, Forecast!$D:$D, 'Analysis-School'!AB$2) -> 10 | AC5: =SUMIFS(Forecast!$J:$J, Forecast!$A:$A, 'Analysis-School'!$A5, Forecast!$C:$C, 'Analysis-School'!AC$4, Forecast!$D:$D, 'Analysis-School'!AC$2) -> 17 | AD5: =SUMIFS(Forecast!$J:$J, Forecast!$A:$A, 'Analysis-School'!$A5, Forecast!$C:$C, 'Analysis-School'!AD$4, Forecast!$D:$D, 'Analysis-School'!AD$2) -> 20 | AE5: =SUMIFS(Forecast!$J:$J, Forecast!$A:$A, 'Analysis-School'!$A5, Forecast!$C:$C, 'Analysis-School'!AE$4, Forecast!$D:$D, 'Analysis-School'!AE$2) -> 21.334766 | AF5: =SUMIFS(Forecast!$J:$J, Forecast!$A:$A, 'Analysis-School'!$A5, Forecast!$C:$C, 'Analysis-School'!AF$4, Forecast!$D:$D, 'Analysis-School'!AF$2) -> 23.468243 | AG5: =IFERROR(AF5/AD5-1, "NA") -> 0.17341214
A6: 003539 | B6: Alvin Community College | C6: =SUMIFS(Forecast!$E:$E, Forecast!$A:$A, 'Analysis-School'!$A6, Forecast!$C:$C, 'Analysis-School'!C$4, Forecast!$D:$D, 'Analysis-School'!C$2) -> 545 | D6: =SUMIFS(Forecast!$E:$E, Forecast!$A:$A, 'Analysis-School'!$A6, Forecast!$C:$C, 'Analysis-School'!D$4, Forecast!$D:$D, 'Analysis-School'!D$2) -> 605 | E6: =SUMIFS(Forecast!$E:$E, Forecast!$A:$A, 'Analysis-School'!$A6, Forecast!$C:$C, 'Analysis-School'!E$4, Forecast!$D:$D, 'Analysis-School'!E$2) -> 633 | F6: =SUMIFS(Forecast!$E:$E, Forecast!$A:$A, 'Analysis-School'!$A6, Forecast!$C:$C, 'Analysis-School'!F$4, Forecast!$D:$D, 'Analysis-School'!F$2) -> 607 | G6: =SUMIFS(Forecast!$E:$E, Forecast!$A:$A, 'Analysis-School'!$A6, Forecast!$C:$C, 'Analysis-School'!G$4, Forecast!$D:$D, 'Analysis-School'!G$2) -> 533 | H6: =SUMIFS(Forecast!$E:$E, Forecast!$A:$A, 'Analysis-School'!$A6, Forecast!$C:$C, 'Analysis-School'!H$4, Forecast!$D:$D, 'Analysis-School'!H$2) -> 601 | I6: =SUMIFS(Forecast!$E:$E, Forecast!$A:$A, 'Analysis-School'!$A6, Forecast!$C:$C, 'Analysis-School'!I$4, Forecast!$D:$D, 'Analysis-School'!I$2) -> 579.09741 | J6: =SUMIFS(Forecast!$E:$E, Forecast!$A:$A, 'Analysis-School'!$A6, Forecast!$C:$C, 'Analysis-School'!J$4, Forecast!$D:$D, 'Analysis-School'!J$2) -> 576.04334 | K6: =(J6/H6-1) -> -0.041525229 | M6: Alvin Community College | N6: =SUMIFS(Forecast!$F:$F, Forecast!$A:$A, 'Analysis-School'!$A6, Forecast!$C:$C, 'Analysis-School'!N$4, Forecast!$D:$D, 'Analysis-School'!N$2) -> 477 | O6: =SUMIFS(Forecast!$F:$F, Forecast!$A:$A, 'Analysis-School'!$A6, Forecast!$C:$C, 'Analysis-School'!O$4, Forecast!$D:$D, 'Analysis-School'!O$2) -> 484 | P6: =SUMIFS(Forecast!$F:$F, Forecast!$A:$A, 'Analysis-School'!$A6, Forecast!$C:$C, 'Analysis-School'!P$4, Forecast!$D:$D, 'Analysis-School'!P$2) -> 486 | Q6: =SUMIFS(Forecast!$F:$F, Forecast!$A:$A, 'Analysis-School'!$A6, Forecast!$C:$C, 'Analysis-School'!Q$4, Forecast!$D:$D, 'Analysis-School'!Q$2) -> 449 | R6: =SUMIFS(Forecast!$F:$F, Forecast!$A:$A, 'Analysis-School'!$A6, Forecast!$C:$C, 'Analysis-School'!R$4, Forecast!$D:$D, 'Analysis-School'!R$2) -> 478 | S6: =SUMIFS(Forecast!$F:$F, Forecast!$A:$A, 'Analysis-School'!$A6, Forecast!$C:$C, 'Analysis-School'!S$4, Forecast!$D:$D, 'Analysis-School'!S$2) -> 449 | T6: =SUMIFS(Forecast!$F:$F, Forecast!$A:$A, 'Analysis-School'!$A6, Forecast!$C:$C, 'Analysis-School'!T$4, Forecast!$D:$D, 'Analysis-School'!T$2) -> 444.27537 | U6: =SUMIFS(Forecast!$F:$F, Forecast!$A:$A, 'Analysis-School'!$A6, Forecast!$C:$C, 'Analysis-School'!U$4, Forecast!$D:$D, 'Analysis-School'!U$2) -> 437.95029 | V6: =(U6/S6-1) -> -0.024609589 | X6: Alvin Community College | Y6: =SUMIFS(Forecast!$J:$J, Forecast!$A:$A, 'Analysis-School'!$A6, Forecast!$C:$C, 'Analysis-School'!Y$4, Forecast!$D:$D, 'Analysis-School'!Y$2) -> 0 | Z6: =SUMIFS(Forecast!$J:$J, Forecast!$A:$A, 'Analysis-School'!$A6, Forecast!$C:$C, 'Analysis-School'!Z$4, Forecast!$D:$D, 'Analysis-School'!Z$2) -> 0 | AA6: =SUMIFS(Forecast!$J:$J, Forecast!$A:$A, 'Analysis-School'!$A6, Forecast!$C:$C, 'Analysis-School'!AA$4, Forecast!$D:$D, 'Analysis-School'!AA$2) -> 0 | AB6: =SUMIFS(Forecast!$J:$J, Forecast!$A:$A, 'Analysis-School'!$A6, Forecast!$C:$C, 'Analysis-School'!AB$4, Forecast!$D:$D, 'Analysis-School'!AB$2) -> 0 | AC6: =SUMIFS(Forecast!$J:$J, Forecast!$A:$A, 'Analysis-School'!$A6, Forecast!$C:$C, 'Analysis-School'!AC$4, Forecast!$D:$D, 'Analysis-School'!AC$2) -> 0 | AD6: =SUMIFS(Forecast!$J:$J, Forecast!$A:$A, 'Analysis-School'!$A6, Forecast!$C:$C, 'Analysis-School'!AD$4, Forecast!$D:$D, 'Analysis-School'!AD$2) -> 0 | AE6: =SUMIFS(Forecast!$J:$J, Forecast!$A:$A, 'Analysis-School'!$A6, Forecast!$C:$C, 'Analysis-School'!AE$4, Forecast!$D:$D, 'Analysis-School'!AE$2) -> 0 | AF6: =SUMIFS(Forecast!$J:$J, Forecast!$A:$A, 'Analysis-School'!$A6, Forecast!$C:$C, 'Analysis-School'!AF$4, Forecast!$D:$D, 'Analysis-School'!AF$2) -> 0 | AG6: =IFERROR(AF6/AD6-1, "NA") -> NA
A7: 003540 | B7: Amarillo College | C7: =SUMIFS(Forecast!$E:$E, Forecast!$A:$A, 'Analysis-School'!$A7, Forecast!$C:$C, 'Analysis-School'!C$4, Forecast!$D:$D, 'Analysis-School'!C$2) -> 766 | D7: =SUMIFS(Forecast!$E:$E, Forecast!$A:$A, 'Analysis-School'!$A7, Forecast!$C:$C, 'Analysis-School'!D$4, Forecast!$D:$D, 'Analysis-School'!D$2) -> 718 | E7: =SUMIFS(Forecast!$E:$E, Forecast!$A:$A, 'Analysis-School'!$A7, Forecast!$C:$C, 'Analysis-School'!E$4, Forecast!$D:$D, 'Analysis-School'!E$2) -> 685 | F7: =SUMIFS(Forecast!$E:$E, Forecast!$A:$A, 'Analysis-School'!$A7, Forecast!$C:$C, 'Analysis-School'!F$4, Forecast!$D:$D, 'Analysis-School'!F$2) -> 640 | G7: =SUMIFS(Forecast!$E:$E, Forecast!$A:$A, 'Analysis-School'!$A7, Forecast!$C:$C, 'Analysis-School'!G$4, Forecast!$D:$D, 'Analysis-School'!G$2) -> 651 | H7: =SUMIFS(Forecast!$E:$E, Forecast!$A:$A, 'Analysis-School'!$A7, Forecast!$C:$C, 'Analysis-School'!H$4, Forecast!$D:$D, 'Analysis-School'!H$2) -> 664 | I7: =SUMIFS(Forecast!$E:$E, Forecast!$A:$A, 'Analysis-School'!$A7, Forecast!$C:$C, 'Analysis-School'!I$4, Forecast!$D:$D, 'Analysis-School'!I$2) -> 641.55823 | J7: =SUMIFS(Forecast!$E:$E, Forecast!$A:$A, 'Analysis-School'!$A7, Forecast!$C:$C, 'Analysis-School'!J$4, Forecast!$D:$D, 'Analysis-School'!J$2) -> 622.58943 | K7: =(J7/H7-1) -> -0.062365322 | M7: Amarillo College | N7: =SUMIFS(Forecast!$F:$F, Forecast!$A:$A, 'Analysis-School'!$A7, Forecast!$C:$C, 'Analysis-School'!N$4, Forecast!$D:$D, 'Analysis-School'!N$2) -> 836 | O7: =SUMIFS(Forecast!$F:$F, Forecast!$A:$A, 'Analysis-School'!$A7, Forecast!$C:$C, 'Analysis-School'!O$4, Forecast!$D:$D, 'Analysis-School'!O$2) -> 824 | P7: =SUMIFS(Forecast!$F:$F, Forecast!$A:$A, 'Analysis-School'!$A7, Forecast!$C:$C, 'Analysis-School'!P$4, Forecast!$D:$D, 'Analysis-School'!P$2) -> 841 | Q7: =SUMIFS(Forecast!$F:$F, Forecast!$A:$A, 'Analysis-School'!$A7, Forecast!$C:$C, 'Analysis-School'!Q$4, Forecast!$D:$D, 'Analysis-School'!Q$2) -> 794 | R7: =SUMIFS(Forecast!$F:$F, Forecast!$A:$A, 'Analysis-School'!$A7, Forecast!$C:$C, 'Analysis-School'!R$4, Forecast!$D:$D, 'Analysis-School'!R$2) -> 820 | S7: =SUMIFS(Forecast!$F:$F, Forecast!$A:$A, 'Analysis-School'!$A7, Forecast!$C:$C, 'Analysis-School'!S$4, Forecast!$D:$D, 'Analysis-School'!S$2) -> 732 | T7: =SUMIFS(Forecast!$F:$F, Forecast!$A:$A, 'Analysis-School'!$A7, Forecast!$C:$C, 'Analysis-School'!T$4, Forecast!$D:$D, 'Analysis-School'!T$2) -> 737.87771 | U7: =SUMIFS(Forecast!$F:$F, Forecast!$A:$A, 'Analysis-School'!$A7, Forecast!$C:$C, 'Analysis-School'!U$4, Forecast!$D:$D, 'Analysis-School'!U$2) -> 719.99567 | V7: =(U7/S7-1) -> -0.016399356 | X7: Amarillo College | Y7: =SUMIFS(Forecast!$J:$J, Forecast!$A:$A, 'Analysis-School'!$A7, Forecast!$C:$C, 'Analysis-School'!Y$4, Forecast!$D:$D, 'Analysis-School'!Y$2) -> 0 | Z7: =SUMIFS(Forecast!$J:$J, Forecast!$A:$A, 'Analysis-School'!$A7, Forecast!$C:$C, 'Analysis-School'!Z$4, Forecast!$D:$D, 'Analysis-School'!Z$2) -> 0 | AA7: =SUMIFS(Forecast!$J:$J, Forecast!$A:$A, 'Analysis-School'!$A7, Forecast!$C:$C, 'Analysis-School'!AA$4, Forecast!$D:$D, 'Analysis-School'!AA$2) -> 0 | AB7: =SUMIFS(Forecast!$J:$J, Forecast!$A:$A, 'Analysis-School'!$A7, Forecast!$C:$C, 'Analysis-School'!AB$4, Forecast!$D:$D, 'Analysis-School'!AB$2) -> 0 | AC7: =SUMIFS(Forecast!$J:$J, Forecast!$A:$A, 'Analysis-School'!$A7, Forecast!$C:$C, 'Analysis-School'!AC$4, Forecast!$D:$D, 'Analysis-School'!AC$2) -> 0 | AD7: =SUMIFS(Forecast!$J:$J, Forecast!$A:$A, 'Analysis-School'!$A7, Forecast!$C:$C, 'Analysis-School'!AD$4, Forecast!$D:$D, 'Analysis-School'!AD$2) -> 0 | AE7: =SUMIFS(Forecast!$J:$J, Forecast!$A:$A, 'Analysis-School'!$A7, Forecast!$C:$C, 'Analysis-School'!AE$4, Forecast!$D:$D, 'Analysis-School'!AE$2) -> 0 | AF7: =SUMIFS(Forecast!$J:$J, Forecast!$A:$A, 'Analysis-School'!$A7, Forecast!$C:$C, 'Analysis-School'!AF$4, Forecast!$D:$D, 'Analysis-School'!AF$2) -> 0 | AG7: =IFERROR(AF7/AD7-1, "NA") -> NA
A8: 006661 | B8: Angelina College | C8: =SUMIFS(Forecast!$E:$E, Forecast!$A:$A, 'Analysis-School'!$A8, Forecast!$C:$C, 'Analysis-School'!C$4, Forecast!$D:$D, 'Analysis-School'!C$2) -> 466 | D8: =SUMIFS(Forecast!$E:$E, Forecast!$A:$A, 'Analysis-School'!$A8, Forecast!$C:$C, 'Analysis-School'!D$4, Forecast!$D:$D, 'Analysis-School'!D$2) -> 447 | E8: =SUMIFS(Forecast!$E:$E, Forecast!$A:$A, 'Analysis-School'!$A8, Forecast!$C:$C, 'Analysis-School'!E$4, Forecast!$D:$D, 'Analysis-School'!E$2) -> 474 | F8: =SUMIFS(Forecast!$E:$E, Forecast!$A:$A, 'Analysis-School'!$A8, Forecast!$C:$C, 'Analysis-School'!F$4, Forecast!$D:$D, 'Analysis-School'!F$2) -> 549 | G8: =SUMIFS(Forecast!$E:$E, Forecast!$A:$A, 'Analysis-School'!$A8, Forecast!$C:$C, 'Analysis-School'!G$4, Forecast!$D:$D, 'Analysis-School'!G$2) -> 503 | H8: =SUMIFS(Forecast!$E:$E, Forecast!$A:$A, 'Analysis-School'!$A8, Forecast!$C:$C, 'Analysis-School'!H$4, Forecast!$D:$D, 'Analysis-School'!H$2) -> 512 | I8: =SUMIFS(Forecast!$E:$E, Forecast!$A:$A, 'Analysis-School'!$A8, Forecast!$C:$C, 'Analysis-School'!I$4, Forecast!$D:$D, 'Analysis-School'!I$2) -> 551.88285 | J8: =SUMIFS(Forecast!$E:$E, Forecast!$A:$A, 'Analysis-School'!$A8, Forecast!$C:$C, 'Analysis-School'!J$4, Forecast!$D:$D, 'Analysis-School'!J$2) -> 566.18931 | K8: =(J8/H8-1) -> 0.1058385 | M8: Angelina College | N8: =SUMIFS(Forecast!$F:$F, Forecast!$A:$A, 'Analysis-School'!$A8, Forecast!$C:$C, 'Analysis-School'!N$4, Forecast!$D:$D, 'Analysis-School'!N$2) -> 401 | O8: =SUMIFS(Forecast!$F:$F, Forecast!$A:$A, 'Analysis-School'!$A8, Forecast!$C:$C, 'Analysis-School'!O$4, Forecast!$D:$D, 'Analysis-School'!O$2) -> 362 | P8: =SUMIFS(Forecast!$F:$F, Forecast!$A:$A, 'Analysis-School'!$A8, Forecast!$C:$C, 'Analysis-School'!P$4, Forecast!$D:$D, 'Analysis-School'!P$2) -> 361 | Q8: =SUMIFS(Forecast!$F:$F, Forecast!$A:$A, 'Analysis-School'!$A8, Forecast!$C:$C, 'Analysis-School'!Q$4, Forecast!$D:$D, 'Analysis-School'!Q$2) -> 358 | R8: =SUMIFS(Forecast!$F:$F, Forecast!$A:$A, 'Analysis-School'!$A8, Forecast!$C:$C, 'Analysis-School'!R$4, Forecast!$D:$D, 'Analysis-School'!R$2) -> 337 | S8: =SUMIFS(Forecast!$F:$F, Forecast!$A:$A, 'Analysis-School'!$A8, Forecast!$C:$C, 'Analysis-School'!S$4, Forecast!$D:$D, 'Analysis-School'!S$2) -> 366 | T8: =SUMIFS(Forecast!$F:$F, Forecast!$A:$A, 'Analysis-School'!$A8, Forecast!$C:$C, 'Analysis-School'!T$4, Forecast!$D:$D, 'Analysis-School'!T$2) -> 353.15737 | U8: =SUMIFS(Forecast!$F:$F, Forecast!$A:$A, 'Analysis-School'!$A8, Forecast!$C:$C, 'Analysis-School'!U$4, Forecast!$D:$D, 'Analysis-School'!U$2) -> 347.9172 | V8: =(U8/S8-1) -> -0.049406557 | X8: Angelina College | Y8: =SUMIFS(Forecast!$J:$J, Forecast!$A:$A, 'Analysis-School'!$A8, Forecast!$C:$C, 'Analysis-School'!Y$4, Forecast!$D:$D, 'Analysis-School'!Y$2) -> 0 | Z8: =SUMIFS(Forecast!$J:$J, Forecast!$A:$A, 'Analysis-School'!$A8, Forecast!$C:$C, 'Analysis-School'!Z$4, Forecast!$D:$D, 'Analysis-School'!Z$2) -> 0 | AA8: =SUMIFS(Forecast!$J:$J, Forecast!$A:$A, 'Analysis-School'!$A8, Forecast!$C:$C, 'Analysis-School'!AA$4, Forecast!$D:$D, 'Analysis-School'!AA$2) -> 0 | AB8: =SUMIFS(Forecast!$J:$J, Forecast!$A:$A, 'Analysis-School'!$A8, Forecast!$C:$C, 'Analysis-School'!AB$4, Forecast!$D:$D, 'Analysis-School'!AB$2) -> 0 | AC8: =SUMIFS(Forecast!$J:$J, Forecast!$A:$A, 'Analysis-School'!$A8, Forecast!$C:$C, 'Analysis-School'!AC$4, Forecast!$D:$D, 'Analysis-School'!AC$2) -> 0 | AD8: =SUMIFS(Forecast!$J:$J, Forecast!$A:$A, 'Analysis-School'!$A8, Forecast!$C:$C, 'Analysis-School'!AD$4, Forecast!$D:$D, 'Analysis-School'!AD$2) -> 0 | AE8: =SUMIFS(Forecast!$J:$J, Forecast!$A:$A, 'Analysis-School'!$A8, Forecast!$C:$C, 'Analysis-School'!AE$4, Forecast!$D:$D, 'Analysis-School'!AE$2) -> 0 | AF8: =SUMIFS(Forecast!$J:$J, Forecast!$A:$A, 'Analysis-School'!$A8, Forecast!$C:$C, 'Analysis-School'!AF$4, Forecast!$D:$D, 'Analysis-School'!AF$2) -> 0 | AG8: =IFERROR(AF8/AD8-1, "NA") -> NA
A9: 012015 | B9: Austin Community College | C9: =SUMIFS(Forecast!$E:$E, Forecast!$A:$A, 'Analysis-School'!$A9, Forecast!$C:$C, 'Analysis-School'!C$4, Forecast!$D:$D, 'Analysis-School'!C$2) -> 2197 | D9: =SUMIFS(Forecast!$E:$E, Forecast!$A:$A, 'Analysis-School'!$A9, Forecast!$C:$C, 'Analysis-School'!D$4, Forecast!$D:$D, 'Analysis-School'!D$2) -> 2274 | E9: =SUMIFS(Forecast!$E:$E, Forecast!$A:$A, 'Analysis-School'!$A9, Forecast!$C:$C, 'Analysis-School'!E$4, Forecast!$D:$D, 'Analysis-School'!E$2) -> 2543 | F9: =SUMIFS(Forecast!$E:$E, Forecast!$A:$A, 'Analysis-School'!$A9, Forecast!$C:$C, 'Analysis-School'!F$4, Forecast!$D:$D, 'Analysis-School'!F$2) -> 2211 | G9: =SUMIFS(Forecast!$E:$E, Forecast!$A:$A, 'Analysis-School'!$A9, Forecast!$C:$C, 'Analysis-School'!G$4, Forecast!$D:$D, 'Analysis-School'!G$2) -> 2345 | H9: =SUMIFS(Forecast!$E:$E, Forecast!$A:$A, 'Analysis-School'!$A9, Forecast!$C:$C, 'Analysis-School'!H$4, Forecast!$D:$D, 'Analysis-School'!H$2) -> 2034 | I9: =SUMIFS(Forecast!$E:$E, Forecast!$A:$A, 'Analysis-School'!$A9, Forecast!$C:$C, 'Analysis-School'!I$4, Forecast!$D:$D, 'Analysis-School'!I$2) -> 2097.5445 | J9: =SUMIFS(Forecast!$E:$E, Forecast!$A:$A, 'Analysis-School'!$A9, Forecast!$C:$C, 'Analysis-School'!J$4, Forecast!$D:$D, 'Analysis-School'!J$2) -> 2056.4691 | K9: =(J9/H9-1) -> 0.011046758 | M9: Austin Community College | N9: =SUMIFS(Forecast!$F:$F, Forecast!$A:$A, 'Analysis-School'!$A9, Forecast!$C:$C, 'Analysis-School'!N$4, Forecast!$D:$D, 'Analysis-School'!N$2) -> 3295 | O9: =SUMIFS(Forecast!$F:$F, Forecast!$A:$A, 'Analysis-School'!$A9, Forecast!$C:$C, 'Analysis-School'!O$4, Forecast!$D:$D, 'Analysis-School'!O$2) -> 3133 | P9: =SUMIFS(Forecast!$F:$F, Forecast!$A:$A, 'Analysis-School'!$A9, Forecast!$C:$C, 'Analysis-School'!P$4, Forecast!$D:$D, 'Analysis-School'!P$2) -> 3283 | Q9: =SUMIFS(Forecast!$F:$F, Forecast!$A:$A, 'Analysis-School'!$A9, Forecast!$C:$C, 'Analysis-School'!Q$4, Forecast!$D:$D, 'Analysis-School'!Q$2) -> 3345 | R9: =SUMIFS(Forecast!$F:$F, Forecast!$A:$A, 'Analysis-School'!$A9, Forecast!$C:$C, 'Analysis-School'!R$4, Forecast!$D:$D, 'Analysis-School'!R$2) -> 3108 | S9: =SUMIFS(Forecast!$F:$F, Forecast!$A:$A, 'Analysis-School'!$A9, Forecast!$C:$C, 'Analysis-School'!S$4, Forecast!$D:$D, 'Analysis-School'!S$2) -> 2641 | T9: =SUMIFS(Forecast!$F:$F, Forecast!$A:$A, 'Analysis-School'!$A9, Forecast!$C:$C, 'Analysis-School'!T$4, Forecast!$D:$D, 'Analysis-School'!T$2) -> 2730.2963 | U9: =SUMIFS(Forecast!$F:$F, Forecast!$A:$A, 'Analysis-School'!$A9, Forecast!$C:$C, 'Analysis-School'!U$4, Forecast!$D:$D, 'Analysis-School'!U$2) -> 2629.0415 | V9: =(U9/S9-1) -> -0.0045280154 | X9: Austin Community College | Y9: =SUMIFS(Forecast!$J:$J, Forecast!$A:$A, 'Analysis-School'!$A9, Forecast!$C:$C, 'Analysis-School'!Y$4, Forecast!$D:$D, 'Analysis-School'!Y$2) -> 99 | Z9: =SUMIFS(Forecast!$J:$J, Forecast!$A:$A, 'Analysis-School'!$A9, Forecast!$C:$C, 'Analysis-School'!Z$4, Forecast!$D:$D, 'Analysis-School'!Z$2) -> 111 | AA9: =SUMIFS(Forecast!$J:$J, Forecast!$A:$A, 'Analysis-School'!$A9, Forecast!$C:$C, 'Analysis-School'!AA$4, Forecast!$D:$D, 'Analysis-School'!AA$2) -> 130 | AB9: =SUMIFS(Forecast!$J:$J, Forecast!$A:$A, 'Analysis-School'!$A9, Forecast!$C:$C, 'Analysis-School'!AB$4, Forecast!$D:$D, 'Analysis-School'!AB$2) -> 129 | AC9: =SUMIFS(Forecast!$J:$J, Forecast!$A:$A, 'Analysis-School'!$A9, Forecast!$C:$C, 'Analysis-School'!AC$4, Forecast!$D:$D, 'Analysis-School'!AC$2) -> 189 | AD9: =SUMIFS(Forecast!$J:$J, Forecast!$A:$A, 'Analysis-School'!$A9, Forecast!$C:$C, 'Analysis-School'!AD$4, Forecast!$D:$D, 'Analysis-School'!AD$2) -> 186 | AE9: =SUMIFS(Forecast!$J:$J, Forecast!$A:$A, 'Analysis-School'!$A9, Forecast!$C:$C, 'Analysis-School'!AE$4, Forecast!$D:$D, 'Analysis-School'!AE$2) -> 204.6 | AF9: =SUMIFS(Forecast!$J:$J, Forecast!$A:$A, 'Analysis-School'!$A9, Forecast!$C:$C, 'Analysis-School'!AF$4, Forecast!$D:$D, 'Analysis-School'!AF$2) -> 225.06 | AG9: =IFERROR(AF9/AD9-1, "NA") -> 0.21
A10: 003549 | B10: Blinn College District | C10: =SUMIFS(Forecast!$E:$E, Forecast!$A:$A, 'Analysis-School'!$A10, Forecast!$C:$C, 'Analysis-School'!C$4, Forecast!$D:$D, 'Analysis-School'!C$2) -> 430 | D10: =SUMIFS(Forecast!$E:$E, Forecast!$A:$A, 'Analysis-School'!$A10, Forecast!$C:$C, 'Analysis-School'!D$4, Forecast!$D:$D, 'Analysis-School'!D$2) -> 434 | E10: =SUMIFS(Forecast!$E:$E, Forecast!$A:$A, 'Analysis-School'!$A10, Forecast!$C:$C, 'Analysis-School'!E$4, Forecast!$D:$D, 'Analysis-School'!E$2) -> 460 | F10: =SUMIFS(Forecast!$E:$E, Forecast!$A:$A, 'Analysis-School'!$A10, Forecast!$C:$C, 'Analysis-School'!F$4, Forecast!$D:$D, 'Analysis-School'!F$2) -> 444 | G10: =SUMIFS(Forecast!$E:$E, Forecast!$A:$A, 'Analysis-School'!$A10, Forecast!$C:$C, 'Analysis-School'!G$4, Forecast!$D:$D, 'Analysis-School'!G$2) -> 396 | H10: =SUMIFS(Forecast!$E:$E, Forecast!$A:$A, 'Analysis-School'!$A10, Forecast!$C:$C, 'Analysis-School'!H$4, Forecast!$D:$D, 'Analysis-School'!H$2) -> 466 | I10: =SUMIFS(Forecast!$E:$E, Forecast!$A:$A, 'Analysis-School'!$A10, Forecast!$C:$C, 'Analysis-School'!I$4, Forecast!$D:$D, 'Analysis-School'!I$2) -> 442.7 | J10: =SUMIFS(Forecast!$E:$E, Forecast!$A:$A, 'Analysis-School'!$A10, Forecast!$C:$C, 'Analysis-School'!J$4, Forecast!$D:$D, 'Analysis-School'!J$2) -> 436.65329 | K10: =(J10/H10-1) -> -0.062975777 | M10: Blinn College District | N10: =SUMIFS(Forecast!$F:$F, Forecast!$A:$A, 'Analysis-School'!$A10, Forecast!$C:$C, 'Analysis-School'!N$4, Forecast!$D:$D, 'Analysis-School'!N$2) -> 4080 | O10: =SUMIFS(Forecast!$F:$F, Forecast!$A:$A, 'Analysis-School'!$A10, Forecast!$C:$C, 'Analysis-School'!O$4, Forecast!$D:$D, 'Analysis-School'!O$2) -> 3528 | P10: =SUMIFS(Forecast!$F:$F, Forecast!$A:$A, 'Analysis-School'!$A10, Forecast!$C:$C, 'Analysis-School'!P$4, Forecast!$D:$D, 'Analysis-School'!P$2) -> 3700 | Q10: =SUMIFS(Forecast!$F:$F, Forecast!$A:$A, 'Analysis-School'!$A10, Forecast!$C:$C, 'Analysis-School'!Q$4, Forecast!$D:$D, 'Analysis-School'!Q$2) -> 3758 | R10: =SUMIFS(Forecast!$F:$F, Forecast!$A:$A, 'Analysis-School'!$A10, Forecast!$C:$C, 'Analysis-School'!R$4, Forecast!$D:$D, 'Analysis-School'!R$2) -> 3537 | S10: =SUMIFS(Forecast!$F:$F, Forecast!$A:$A, 'Analysis-School'!$A10, Forecast!$C:$C, 'Analysis-School'!S$4, Forecast!$D:$D, 'Analysis-School'!S$2) -> 3292 | T10: =SUMIFS(Forecast!$F:$F, Forecast!$A:$A, 'Analysis-School'!$A10, Forecast!$C:$C, 'Analysis-School'!T$4, Forecast!$D:$D, 'Analysis-School'!T$2) -> 3343.0895 | U10: =SUMIFS(Forecast!$F:$F, Forecast!$A:$A, 'Analysis-School'!$A10, Forecast!$C:$C, 'Analysis-School'!U$4, Forecast!$D:$D, 'Analysis-School'!U$2) -> 3248.9113 | V10: =(U10/S10-1) -> -0.013088906 | X10: Blinn College District | Y10: =SUMIFS(Forecast!$J:$J, Forecast!$A:$A, 'Analysis-School'!$A10, Forecast!$C:$C, 'Analysis-School'!Y$4, Forecast!$D:$D, 'Analysis-School'!Y$2) -> 1102 | Z10: =SUMIFS(Forecast!$J:$J, Forecast!$A:$A, 'Analysis-School'!$A10, Forecast!$C:$C, 'Analysis-School'!Z$4, Forecast!$D:$D, 'Analysis-School'!Z$2) -> 1077 | AA10: =SUMIFS(Forecast!$J:$J, Forecast!$A:$A, 'Analysis-School'!$A10, Forecast!$C:$C, 'Analysis-School'!AA$4, Forecast!$D:$D, 'Analysis-School'!AA$2) -> 1384 | AB10: =SUMIFS(Forecast!$J:$J, Forecast!$A:$A, 'Analysis-School'!$A10, Forecast!$C:$C, 'Analysis-School'!AB$4, Forecast!$D:$D, 'Analysis-School'!AB$2) -> 972 | AC10: =SUMIFS(Forecast!$J:$J, Forecast!$A:$A, 'Analysis-School'!$A10, Forecast!$C:$C, 'Analysis-School'!AC$4, Forecast!$D:$D, 'Analysis-School'!AC$2) -> 817 | AD10: =SUMIFS(Forecast!$J:$J, Forecast!$A:$A, 'Analysis-School'!$A10, Forecast!$C:$C, 'Analysis-School'!AD$4, Forecast!$D:$D, 'Analysis-School'!AD$2) -> 922 | AE10: =SUMIFS(Forecast!$J:$J, Forecast!$A:$A, 'Analysis-School'!$A10, Forecast!$C:$C, 'Analysis-School'!AE$4, Forecast!$D:$D, 'Analysis-School'!AE$2) -> 875.9 | AF10: =SUMIFS(Forecast!$J:$J, Forecast!$A:$A, 'Analysis-School'!$A10, Forecast!$C:$C, 'Analysis-School'!AF$4, Forecast!$D:$D, 'Analysis-School'!AF$2) -> 832.105 | AG10: =IFERROR(AF10/AD10-1, "NA") -> -0.0975
A11: 007857 | B11: Brazosport College | C11: =SUMIFS(Forecast!$E:$E, Forecast!$A:$A, 'Analysis-School'!$A11, Forecast!$C:$C, 'Analysis-School'!C$4, Forecast!$D:$D, 'Analysis-School'!C$2) -> 377 | D11: =SUMIFS(Forecast!$E:$E, Forecast!$A:$A, 'Analysis-School'!$A11, Forecast!$C:$C, 'Analysis-School'!D$4, Forecast!$D:$D, 'Analysis-School'!D$2) -> 300 | E11: =SUMIFS(Forecast!$E:$E, Forecast!$A:$A, 'Analysis-School'!$A11, Forecast!$C:$C, 'Analysis-School'!E$4, Forecast!$D:$D, 'Analysis-School'!E$2) -> 378 | F11: =SUMIFS(Forecast!$E:$E, Forecast!$A:$A, 'Analysis-School'!$A11, Forecast!$C:$C, 'Analysis-School'!F$4, Forecast!$D:$D, 'Analysis-School'!F$2) -> 280 | G11: =SUMIFS(Forecast!$E:$E, Forecast!$A:$A, 'Analysis-School'!$A11, Forecast!$C:$C, 'Analysis-School'!G$4, Forecast!$D:$D, 'Analysis-School'!G$2) -> 275 | H11: =SUMIFS(Forecast!$E:$E, Forecast!$A:$A, 'Analysis-School'!$A11, Forecast!$C:$C, 'Analysis-School'!H$4, Forecast!$D:$D, 'Analysis-School'!H$2) -> 315 | I11: =SUMIFS(Forecast!$E:$E, Forecast!$A:$A, 'Analysis-School'!$A11, Forecast!$C:$C, 'Analysis-School'!I$4, Forecast!$D:$D, 'Analysis-School'!I$2) -> 299.25 | J11: =SUMIFS(Forecast!$E:$E, Forecast!$A:$A, 'Analysis-School'!$A11, Forecast!$C:$C, 'Analysis-School'!J$4, Forecast!$D:$D, 'Analysis-School'!J$2) -> 284.2875 | K11: =(J11/H11-1) -> -0.0975 | M11: Brazosport College | N11: =SUMIFS(Forecast!$F:$F, Forecast!$A:$A, 'Analysis-School'!$A11, Forecast!$C:$C, 'Analysis-School'!N$4, Forecast!$D:$D, 'Analysis-School'!N$2) -> 302 | O11: =SUMIFS(Forecast!$F:$F, Forecast!$A:$A, 'Analysis-School'!$A11, Forecast!$C:$C, 'Analysis-School'!O$4, Forecast!$D:$D, 'Analysis-School'!O$2) -> 278 | P11: =SUMIFS(Forecast!$F:$F, Forecast!$A:$A, 'Analysis-School'!$A11, Forecast!$C:$C, 'Analysis-School'!P$4, Forecast!$D:$D, 'Analysis-School'!P$2) -> 293 | Q11: =SUMIFS(Forecast!$F:$F, Forecast!$A:$A, 'Analysis-School'!$A11, Forecast!$C:$C, 'Analysis-School'!Q$4, Forecast!$D:$D, 'Analysis-School'!Q$2) -> 230 | R11: =SUMIFS(Forecast!$F:$F, Forecast!$A:$A, 'Analysis-School'!$A11, Forecast!$C:$C, 'Analysis-School'!R$4, Forecast!$D:$D, 'Analysis-School'!R$2) -> 246 | S11: =SUMIFS(Forecast!$F:$F, Forecast!$A:$A, 'Analysis-School'!$A11, Forecast!$C:$C, 'Analysis-School'!S$4, Forecast!$D:$D, 'Analysis-School'!S$2) -> 210 | T11: =SUMIFS(Forecast!$F:$F, Forecast!$A:$A, 'Analysis-School'!$A11, Forecast!$C:$C, 'Analysis-School'!T$4, Forecast!$D:$D, 'Analysis-School'!T$2) -> 199.5 | U11: =SUMIFS(Forecast!$F:$F, Forecast!$A:$A, 'Analysis-School'!$A11, Forecast!$C:$C, 'Analysis-School'!U$4, Forecast!$D:$D, 'Analysis-School'!U$2) -> 189.525 | V11: =(U11/S11-1) -> -0.0975 | X11: Brazosport College | Y11: =SUMIFS(Forecast!$J:$J, Forecast!$A:$A, 'Analysis-School'!$A11, Forecast!$C:$C, 'Analysis-School'!Y$4, Forecast!$D:$D, 'Analysis-School'!Y$2) -> 0 | Z11: =SUMIFS(Forecast!$J:$J, Forecast!$A:$A, 'Analysis-School'!$A11, Forecast!$C:$C, 'Analysis-School'!Z$4, Forecast!$D:$D, 'Analysis-School'!Z$2) -> 0 | AA11: =SUMIFS(Forecast!$J:$J, Forecast!$A:$A, 'Analysis-School'!$A11, Forecast!$C:$C, 'Analysis-School'!AA$4, Forecast!$D:$D, 'Analysis-School'!AA$2) -> 0 | AB11: =SUMIFS(Forecast!$J:$J, Forecast!$A:$A, 'Analysis-School'!$A11, Forecast!$C:$C, 'Analysis-School'!AB$4, Forecast!$D:$D, 'Analysis-School'!AB$2) -> 0 | AC11: =SUMIFS(Forecast!$J:$J, Forecast!$A:$A, 'Analysis-School'!$A11, Forecast!$C:$C, 'Analysis-School'!AC$4, Forecast!$D:$D, 'Analysis-School'!AC$2) -> 0 | AD11: =SUMIFS(Forecast!$J:$J, Forecast!$A:$A, 'Analysis-School'!$A11, Forecast!$C:$C, 'Analysis-School'!AD$4, Forecast!$D:$D, 'Analysis-School'!AD$2) -> 0 | AE11: =SUMIFS(Forecast!$J:$J, Forecast!$A:$A, 'Analysis-School'!$A11, Forecast!$C:$C, 'Analysis-School'!AE$4, Forecast!$D:$D, 'Analysis-School'!AE$2) -> 0 | AF11: =SUMIFS(Forecast!$J:$J, Forecast!$A:$A, 'Analysis-School'!$A11, Forecast!$C:$C, 'Analysis-School'!AF$4, Forecast!$D:$D, 'Analysis-School'!AF$2) -> 0 | AG11: =IFERROR(AF11/AD11-1, "NA") -> NA
A12: 004003 | B12: Central Texas College | C12: =SUMIFS(Forecast!$E:$E, Forecast!$A:$A, 'Analysis-School'!$A12, Forecast!$C:$C, 'Analysis-School'!C$4, Forecast!$D:$D, 'Analysis-School'!C$2) -> 314 | D12: =SUMIFS(Forecast!$E:$E, Forecast!$A:$A, 'Analysis-School'!$A12, Forecast!$C:$C, 'Analysis-School'!D$4, Forecast!$D:$D, 'Analysis-School'!D$2) -> 798 | E12: =SUMIFS(Forecast!$E:$E, Forecast!$A:$A, 'Analysis-School'!$A12, Forecast!$C:$C, 'Analysis-School'!E$4, Forecast!$D:$D, 'Analysis-School'!E$2) -> 653 | F12: =SUMIFS(Forecast!$E:$E, Forecast!$A:$A, 'Analysis-School'!$A12, Forecast!$C:$C, 'Analysis-School'!F$4, Forecast!$D:$D, 'Analysis-School'!F$2) -> 606 | G12: =SUMIFS(Forecast!$E:$E, Forecast!$A:$A, 'Analysis-School'!$A12, Forecast!$C:$C, 'Analysis-School'!G$4, Forecast!$D:$D, 'Analysis-School'!G$2) -> 534 | H12: =SUMIFS(Forecast!$E:$E, Forecast!$A:$A, 'Analysis-School'!$A12, Forecast!$C:$C, 'Analysis-School'!H$4, Forecast!$D:$D, 'Analysis-School'!H$2) -> 523 | I12: =SUMIFS(Forecast!$E:$E, Forecast!$A:$A, 'Analysis-School'!$A12, Forecast!$C:$C, 'Analysis-School'!I$4, Forecast!$D:$D, 'Analysis-School'!I$2) -> 504.82893 | J12: =SUMIFS(Forecast!$E:$E, Forecast!$A:$A, 'Analysis-School'!$A12, Forecast!$C:$C, 'Analysis-School'!J$4, Forecast!$D:$D, 'Analysis-School'!J$2) -> 485.13197 | K12: =(J12/H12-1) -> -0.072405412 | M12: Central Texas College | N12: =SUMIFS(Forecast!$F:$F, Forecast!$A:$A, 'Analysis-School'!$A12, Forecast!$C:$C, 'Analysis-School'!N$4, Forecast!$D:$D, 'Analysis-School'!N$2) -> 981 | O12: =SUMIFS(Forecast!$F:$F, Forecast!$A:$A, 'Analysis-School'!$A12, Forecast!$C:$C, 'Analysis-School'!O$4, Forecast!$D:$D, 'Analysis-School'!O$2) -> 949 | P12: =SUMIFS(Forecast!$F:$F, Forecast!$A:$A, 'Analysis-School'!$A12, Forecast!$C:$C, 'Analysis-School'!P$4, Forecast!$D:$D, 'Analysis-School'!P$2) -> 862 | Q12: =SUMIFS(Forecast!$F:$F, Forecast!$A:$A, 'Analysis-School'!$A12, Forecast!$C:$C, 'Analysis-School'!Q$4, Forecast!$D:$D, 'Analysis-School'!Q$2) -> 781 | R12: =SUMIFS(Forecast!$F:$F, Forecast!$A:$A, 'Analysis-School'!$A12, Forecast!$C:$C, 'Analysis-School'!R$4, Forecast!$D:$D, 'Analysis-School'!R$2) -> 699 | S12: =SUMIFS(Forecast!$F:$F, Forecast!$A:$A, 'Analysis-School'!$A12, Forecast!$C:$C, 'Analysis-School'!S$4, Forecast!$D:$D, 'Analysis-School'!S$2) -> 667 | T12: =SUMIFS(Forecast!$F:$F, Forecast!$A:$A, 'Analysis-School'!$A12, Forecast!$C:$C, 'Analysis-School'!T$4, Forecast!$D:$D, 'Analysis-School'!T$2) -> 633.65 | U12: =SUMIFS(Forecast!$F:$F, Forecast!$A:$A, 'Analysis-School'!$A12, Forecast!$C:$C, 'Analysis-School'!U$4, Forecast!$D:$D, 'Analysis-School'!U$2) -> 601.9675 | V12: =(U12/S12-1) -> -0.0975 | X12: Central Texas College | Y12: =SUMIFS(Forecast!$J:$J, Forecast!$A:$A, 'Analysis-School'!$A12, Forecast!$C:$C, 'Analysis-School'!Y$4, Forecast!$D:$D, 'Analysis-School'!Y$2) -> 0 | Z12: =SUMIFS(Forecast!$J:$J, Forecast!$A:$A, 'Analysis-School'!$A12, Forecast!$C:$C, 'Analysis-School'!Z$4, Forecast!$D:$D, 'Analysis-School'!Z$2) -> 0 | AA12: =SUMIFS(Forecast!$J:$J, Forecast!$A:$A, 'Analysis-School'!$A12, Forecast!$C:$C, 'Analysis-School'!AA$4, Forecast!$D:$D, 'Analysis-School'!AA$2) -> 0 | AB12: =SUMIFS(Forecast!$J:$J, Forecast!$A:$A, 'Analysis-School'!$A12, Forecast!$C:$C, 'Analysis-School'!AB$4, Forecast!$D:$D, 'Analysis-School'!AB$2) -> 0 | AC12: =SUMIFS(Forecast!$J:$J, Forecast!$A:$A, 'Analysis-School'!$A12, Forecast!$C:$C, 'Analysis-School'!AC$4, Forecast!$D:$D, 'Analysis-School'!AC$2) -> 0 | AD12: =SUMIFS(Forecast!$J:$J, Forecast!$A:$A, 'Analysis-School'!$A12, Forecast!$C:$C, 'Analysis-School'!AD$4, Forecast!$D:$D, 'Analysis-School'!AD$2) -> 0 | AE12: =SUMIFS(Forecast!$J:$J, Forecast!$A:$A, 'Analysis-School'!$A12, Forecast!$C:$C, 'Analysis-School'!AE$4, Forecast!$D:$D, 'Analysis-School'!AE$2) -> 0 | AF12: =SUMIFS(Forecast!$J:$J, Forecast!$A:$A, 'Analysis-School'!$A12, Forecast!$C:$C, 'Analysis-School'!AF$4, Forecast!$D:$D, 'Analysis-School'!AF$2) -> 0 | AG12: =IFERROR(AF12/AD12-1, "NA") -> NA
A13: 003553 | B13: Cisco College | C13: =SUMIFS(Forecast!$E:$E, Forecast!$A:$A, 'Analysis-School'!$A13, Forecast!$C:$C, 'Analysis-School'!C$4, Forecast!$D:$D, 'Analysis-School'!C$2) -> 266 | D13: =SUMIFS(Forecast!$E:$E, Forecast!$A:$A, 'Analysis-School'!$A13, Forecast!$C:$C, 'Analysis-School'!D$4, Forecast!$D:$D, 'Analysis-School'!D$2) -> 331 | E13: =SUMIFS(Forecast!$E:$E, Forecast!$A:$A, 'Analysis-School'!$A13, Forecast!$C:$C, 'Analysis-School'!E$4, Forecast!$D:$D, 'Analysis-School'!E$2) -> 405 | F13: =SUMIFS(Forecast!$E:$E, Forecast!$A:$A, 'Analysis-School'!$A13, Forecast!$C:$C, 'Analysis-School'!F$4, Forecast!$D:$D, 'Analysis-School'!F$2) -> 451 | G13: =SUMIFS(Forecast!$E:$E, Forecast!$A:$A, 'Analysis-School'!$A13, Forecast!$C:$C, 'Analysis-School'!G$4, Forecast!$D:$D, 'Analysis-School'!G$2) -> 397 | H13: =SUMIFS(Forecast!$E:$E, Forecast!$A:$A, 'Analysis-School'!$A13, Forecast!$C:$C, 'Analysis-School'!H$4, Forecast!$D:$D, 'Analysis-School'!H$2) -> 390 | I13: =SUMIFS(Forecast!$E:$E, Forecast!$A:$A, 'Analysis-School'!$A13, Forecast!$C:$C, 'Analysis-School'!I$4, Forecast!$D:$D, 'Analysis-School'!I$2) -> 413.22281 | J13: =SUMIFS(Forecast!$E:$E, Forecast!$A:$A, 'Analysis-School'!$A13, Forecast!$C:$C, 'Analysis-School'!J$4, Forecast!$D:$D, 'Analysis-School'!J$2) -> 433.05194 | K13: =(J13/H13-1) -> 0.11038959 | M13: Cisco College | N13: =SUMIFS(Forecast!$F:$F, Forecast!$A:$A, 'Analysis-School'!$A13, Forecast!$C:$C, 'Analysis-School'!N$4, Forecast!$D:$D, 'Analysis-School'!N$2) -> 211 | O13: =SUMIFS(Forecast!$F:$F, Forecast!$A:$A, 'Analysis-School'!$A13, Forecast!$C:$C, 'Analysis-School'!O$4, Forecast!$D:$D, 'Analysis-School'!O$2) -> 196 | P13: =SUMIFS(Forecast!$F:$F, Forecast!$A:$A, 'Analysis-School'!$A13, Forecast!$C:$C, 'Analysis-School'!P$4, Forecast!$D:$D, 'Analysis-School'!P$2) -> 256 | Q13: =SUMIFS(Forecast!$F:$F, Forecast!$A:$A, 'Analysis-School'!$A13, Forecast!$C:$C, 'Analysis-School'!Q$4, Forecast!$D:$D, 'Analysis-School'!Q$2) -> 225 | R13: =SUMIFS(Forecast!$F:$F, Forecast!$A:$A, 'Analysis-School'!$A13, Forecast!$C:$C, 'Analysis-School'!R$4, Forecast!$D:$D, 'Analysis-School'!R$2) -> 246 | S13: =SUMIFS(Forecast!$F:$F, Forecast!$A:$A, 'Analysis-School'!$A13, Forecast!$C:$C, 'Analysis-School'!S$4, Forecast!$D:$D, 'Analysis-School'!S$2) -> 244 | T13: =SUMIFS(Forecast!$F:$F, Forecast!$A:$A, 'Analysis-School'!$A13, Forecast!$C:$C, 'Analysis-School'!T$4, Forecast!$D:$D, 'Analysis-School'!T$2) -> 260.66253 | U13: =SUMIFS(Forecast!$F:$F, Forecast!$A:$A, 'Analysis-School'!$A13, Forecast!$C:$C, 'Analysis-School'!U$4, Forecast!$D:$D, 'Analysis-School'!U$2) -> 268.93812 | V13: =(U13/S13-1) -> 0.10220539 | X13: Cisco College | Y13: =SUMIFS(Forecast!$J:$J, Forecast!$A:$A, 'Analysis-School'!$A13, Forecast!$C:$C, 'Analysis-School'!Y$4, Forecast!$D:$D, 'Analysis-School'!Y$2) -> 0 | Z13: =SUMIFS(Forecast!$J:$J, Forecast!$A:$A, 'Analysis-School'!$A13, Forecast!$C:$C, 'Analysis-School'!Z$4, Forecast!$D:$D, 'Analysis-School'!Z$2) -> 0 | AA13: =SUMIFS(Forecast!$J:$J, Forecast!$A:$A, 'Analysis-School'!$A13, Forecast!$C:$C, 'Analysis-School'!AA$4, Forecast!$D:$D, 'Analysis-School'!AA$2) -> 0 | AB13: =SUMIFS(Forecast!$J:$J, Forecast!$A:$A, 'Analysis-School'!$A13, Forecast!$C:$C, 'Analysis-School'!AB$4, Forecast!$D:$D, 'Analysis-School'!AB$2) -> 0 | AC13: =SUMIFS(Forecast!$J:$J, Forecast!$A:$A, 'Analysis-School'!$A13, Forecast!$C:$C, 'Analysis-School'!AC$4, Forecast!$D:$D, 'Analysis-School'!AC$2) -> 0 | AD13: =SUMIFS(Forecast!$J:$J, Forecast!$A:$A, 'Analysis-School'!$A13, Forecast!$C:$C, 'Analysis-School'!AD$4, Forecast!$D:$D, 'Analysis-School'!AD$2) -> 0 | AE13: =SUMIFS(Forecast!$J:$J, Forecast!$A:$A, 'Analysis-School'!$A13, Forecast!$C:$C, 'Analysis-School'!AE$4, Forecast!$D:$D, 'Analysis-School'!AE$2) -> 0 | AF13: =SUMIFS(Forecast!$J:$J, Forecast!$A:$A, 'Analysis-School'!$A13, Forecast!$C:$C, 'Analysis-School'!AF$4, Forecast!$D:$D, 'Analysis-School'!AF$2) -> 0 | AG13: =IFERROR(AF13/AD13-1, "NA") -> NA
A14: 003554 | B14: Clarendon College | C14: =SUMIFS(Forecast!$E:$E, Forecast!$A:$A, 'Analysis-School'!$A14, Forecast!$C:$C, 'Analysis-School'!C$4, Forecast!$D:$D, 'Analysis-School'!C$2) -> 204 | D14: =SUMIFS(Forecast!$E:$E, Forecast!$A:$A, 'Analysis-School'!$A14, Forecast!$C:$C, 'Analysis-School'!D$4, Forecast!$D:$D, 'Analysis-School'!D$2) -> 186 | E14: =SUMIFS(Forecast!$E:$E, Forecast!$A:$A, 'Analysis-School'!$A14, Forecast!$C:$C, 'Analysis-School'!E$4, Forecast!$D:$D, 'Analysis-School'!E$2) -> 224 | F14: =SUMIFS(Forecast!$E:$E, Forecast!$A:$A, 'Analysis-School'!$A14, Forecast!$C:$C, 'Analysis-School'!F$4, Forecast!$D:$D, 'Analysis-School'!F$2) -> 242 | G14: =SUMIFS(Forecast!$E:$E, Forecast!$A:$A, 'Analysis-School'!$A14, Forecast!$C:$C, 'Analysis-School'!G$4, Forecast!$D:$D, 'Analysis-School'!G$2) -> 204 | H14: =SUMIFS(Forecast!$E:$E, Forecast!$A:$A, 'Analysis-School'!$A14, Forecast!$C:$C, 'Analysis-School'!H$4, Forecast!$D:$D, 'Analysis-School'!H$2) -> 217 | I14: =SUMIFS(Forecast!$E:$E, Forecast!$A:$A, 'Analysis-School'!$A14, Forecast!$C:$C, 'Analysis-School'!I$4, Forecast!$D:$D, 'Analysis-School'!I$2) -> 228.06054 | J14: =SUMIFS(Forecast!$E:$E, Forecast!$A:$A, 'Analysis-School'!$A14, Forecast!$C:$C, 'Analysis-School'!J$4, Forecast!$D:$D, 'Analysis-School'!J$2) -> 232.06974 | K14: =(J14/H14-1) -> 0.069445798 | M14: Clarendon College | N14: =SUMIFS(Forecast!$F:$F, Forecast!$A:$A, 'Analysis-School'!$A14, Forecast!$C:$C, 'Analysis-School'!N$4, Forecast!$D:$D, 'Analysis-School'!N$2) -> 132 | O14: =SUMIFS(Forecast!$F:$F, Forecast!$A:$A, 'Analysis-School'!$A14, Forecast!$C:$C, 'Analysis-School'!O$4, Forecast!$D:$D, 'Analysis-School'!O$2) -> 115 | P14: =SUMIFS(Forecast!$F:$F, Forecast!$A:$A, 'Analysis-School'!$A14, Forecast!$C:$C, 'Analysis-School'!P$4, Forecast!$D:$D, 'Analysis-School'!P$2) -> 132 | Q14: =SUMIFS(Forecast!$F:$F, Forecast!$A:$A, 'Analysis-School'!$A14, Forecast!$C:$C, 'Analysis-School'!Q$4, Forecast!$D:$D, 'Analysis-School'!Q$2) -> 143 | R14: =SUMIFS(Forecast!$F:$F, Forecast!$A:$A, 'Analysis-School'!$A14, Forecast!$C:$C, 'Analysis-School'!R$4, Forecast!$D:$D, 'Analysis-School'!R$2) -> 131 | S14: =SUMIFS(Forecast!$F:$F, Forecast!$A:$A, 'Analysis-School'!$A14, Forecast!$C:$C, 'Analysis-School'!S$4, Forecast!$D:$D, 'Analysis-School'!S$2) -> 112 | T14: =SUMIFS(Forecast!$F:$F, Forecast!$A:$A, 'Analysis-School'!$A14, Forecast!$C:$C, 'Analysis-School'!T$4, Forecast!$D:$D, 'Analysis-School'!T$2) -> 123.2 | U14: =SUMIFS(Forecast!$F:$F, Forecast!$A:$A, 'Analysis-School'!$A14, Forecast!$C:$C, 'Analysis-School'!U$4, Forecast!$D:$D, 'Analysis-School'!U$2) -> 124.90473 | V14: =(U14/S14-1) -> 0.11522079 | X14: Clarendon College | Y14: =SUMIFS(Forecast!$J:$J, Forecast!$A:$A, 'Analysis-School'!$A14, Forecast!$C:$C, 'Analysis-School'!Y$4, Forecast!$D:$D, 'Analysis-School'!Y$2) -> 0 | Z14: =SUMIFS(Forecast!$J:$J, Forecast!$A:$A, 'Analysis-School'!$A14, Forecast!$C:$C, 'Analysis-School'!Z$4, Forecast!$D:$D, 'Analysis-School'!Z$2) -> 0 | AA14: =SUMIFS(Forecast!$J:$J, Forecast!$A:$A, 'Analysis-School'!$A14, Forecast!$C:$C, 'Analysis-School'!AA$4, Forecast!$D:$D, 'Analysis-School'!AA$2) -> 0 | AB14: =SUMIFS(Forecast!$J:$J, Forecast!$A:$A, 'Analysis-School'!$A14, Forecast!$C:$C, 'Analysis-School'!AB$4, Forecast!$D:$D, 'Analysis-School'!AB$2) -> 0 | AC14: =SUMIFS(Forecast!$J:$J, Forecast!$A:$A, 'Analysis-School'!$A14, Forecast!$C:$C, 'Analysis-School'!AC$4, Forecast!$D:$D, 'Analysis-School'!AC$2) -> 0 | AD14: =SUMIFS(Forecast!$J:$J, Forecast!$A:$A, 'Analysis-School'!$A14, Forecast!$C:$C, 'Analysis-School'!AD$4, Forecast!$D:$D, 'Analysis-School'!AD$2) -> 0 | AE14: =SUMIFS(Forecast!$J:$J, Forecast!$A:$A, 'Analysis-School'!$A14, Forecast!$C:$C, 'Analysis-School'!AE$4, Forecast!$D:$D, 'Analysis-School'!AE$2) -> 0 | AF14: =SUMIFS(Forecast!$J:$J, Forecast!$A:$A, 'Analysis-School'!$A14, Forecast!$C:$C, 'Analysis-School'!AF$4, Forecast!$D:$D, 'Analysis-School'!AF$2) -> 0 | AG14: =IFERROR(AF14/AD14-1, "NA") -> NA
A15: 003546 | B15: Coastal Bend College | C15: =SUMIFS(Forecast!$E:$E, Forecast!$A:$A, 'Analysis-School'!$A15, Forecast!$C:$C, 'Analysis-School'!C$4, Forecast!$D:$D, 'Analysis-School'!C$2) -> 538 | D15: =SUMIFS(Forecast!$E:$E, Forecast!$A:$A, 'Analysis-School'!$A15, Forecast!$C:$C, 'Analysis-School'!D$4, Forecast!$D:$D, 'Analysis-School'!D$2) -> 494 | E15: =SUMIFS(Forecast!$E:$E, Forecast!$A:$A, 'Analysis-School'!$A15, Forecast!$C:$C, 'Analysis-School'!E$4, Forecast!$D:$D, 'Analysis-School'!E$2) -> 707 | F15: =SUMIFS(Forecast!$E:$E, Forecast!$A:$A, 'Analysis-School'!$A15, Forecast!$C:$C, 'Analysis-School'!F$4, Forecast!$D:$D, 'Analysis-School'!F$2) -> 437 | G15: =SUMIFS(Forecast!$E:$E, Forecast!$A:$A, 'Analysis-School'!$A15, Forecast!$C:$C, 'Analysis-School'!G$4, Forecast!$D:$D, 'Analysis-School'!G$2) -> 432 | H15: =SUMIFS(Forecast!$E:$E, Forecast!$A:$A, 'Analysis-School'!$A15, Forecast!$C:$C, 'Analysis-School'!H$4, Forecast!$D:$D, 'Analysis-School'!H$2) -> 508 | I15: =SUMIFS(Forecast!$E:$E, Forecast!$A:$A, 'Analysis-School'!$A15, Forecast!$C:$C, 'Analysis-School'!I$4, Forecast!$D:$D, 'Analysis-School'!I$2) -> 482.6 | J15: =SUMIFS(Forecast!$E:$E, Forecast!$A:$A, 'Analysis-School'!$A15, Forecast!$C:$C, 'Analysis-School'!J$4, Forecast!$D:$D, 'Analysis-School'!J$2) -> 458.47 | K15: =(J15/H15-1) -> -0.0975 | M15: Coastal Bend College | N15: =SUMIFS(Forecast!$F:$F, Forecast!$A:$A, 'Analysis-School'!$A15, Forecast!$C:$C, 'Analysis-School'!N$4, Forecast!$D:$D, 'Analysis-School'!N$2) -> 384 | O15: =SUMIFS(Forecast!$F:$F, Forecast!$A:$A, 'Analysis-School'!$A15, Forecast!$C:$C, 'Analysis-School'!O$4, Forecast!$D:$D, 'Analysis-School'!O$2) -> 370 | P15: =SUMIFS(Forecast!$F:$F, Forecast!$A:$A, 'Analysis-School'!$A15, Forecast!$C:$C, 'Analysis-School'!P$4, Forecast!$D:$D, 'Analysis-School'!P$2) -> 354 | Q15: =SUMIFS(Forecast!$F:$F, Forecast!$A:$A, 'Analysis-School'!$A15, Forecast!$C:$C, 'Analysis-School'!Q$4, Forecast!$D:$D, 'Analysis-School'!Q$2) -> 378 | R15: =SUMIFS(Forecast!$F:$F, Forecast!$A:$A, 'Analysis-School'!$A15, Forecast!$C:$C, 'Analysis-School'!R$4, Forecast!$D:$D, 'Analysis-School'!R$2) -> 332 | S15: =SUMIFS(Forecast!$F:$F, Forecast!$A:$A, 'Analysis-School'!$A15, Forecast!$C:$C, 'Analysis-School'!S$4, Forecast!$D:$D, 'Analysis-School'!S$2) -> 328 | T15: =SUMIFS(Forecast!$F:$F, Forecast!$A:$A, 'Analysis-School'!$A15, Forecast!$C:$C, 'Analysis-School'!T$4, Forecast!$D:$D, 'Analysis-School'!T$2) -> 320.51414 | U15: =SUMIFS(Forecast!$F:$F, Forecast!$A:$A, 'Analysis-School'!$A15, Forecast!$C:$C, 'Analysis-School'!U$4, Forecast!$D:$D, 'Analysis-School'!U$2) -> 309.93325 | V15: =(U15/S15-1) -> -0.055081548 | X15: Coastal Bend College | Y15: =SUMIFS(Forecast!$J:$J, Forecast!$A:$A, 'Analysis-School'!$A15, Forecast!$C:$C, 'Analysis-School'!Y$4, Forecast!$D:$D, 'Analysis-School'!Y$2) -> 0 | Z15: =SUMIFS(Forecast!$J:$J, Forecast!$A:$A, 'Analysis-School'!$A15, Forecast!$C:$C, 'Analysis-School'!Z$4, Forecast!$D:$D, 'Analysis-School'!Z$2) -> 0 | AA15: =SUMIFS(Forecast!$J:$J, Forecast!$A:$A, 'Analysis-School'!$A15, Forecast!$C:$C, 'Analysis-School'!AA$4, Forecast!$D:$D, 'Analysis-School'!AA$2) -> 0 | AB15: =SUMIFS(Forecast!$J:$J, Forecast!$A:$A, 'Analysis-School'!$A15, Forecast!$C:$C, 'Analysis-School'!AB$4, Forecast!$D:$D, 'Analysis-School'!AB$2) -> 0 | AC15: =SUMIFS(Forecast!$J:$J, Forecast!$A:$A, 'Analysis-School'!$A15, Forecast!$C:$C, 'Analysis-School'!AC$4, Forecast!$D:$D, 'Analysis-School'!AC$2) -> 0 | AD15: =SUMIFS(Forecast!$J:$J, Forecast!$A:$A, 'Analysis-School'!$A15, Forecast!$C:$C, 'Analysis-School'!AD$4, Forecast!$D:$D, 'Analysis-School'!AD$2) -> 0 | AE15: =SUMIFS(Forecast!$J:$J, Forecast!$A:$A, 'Analysis-School'!$A15, Forecast!$C:$C, 'Analysis-School'!AE$4, Forecast!$D:$D, 'Analysis-School'!AE$2) -> 0 | AF15: =SUMIFS(Forecast!$J:$J, Forecast!$A:$A, 'Analysis-School'!$A15, Forecast!$C:$C, 'Analysis-School'!AF$4, Forecast!$D:$D, 'Analysis-School'!AF$2) -> 0 | AG15: =IFERROR(AF15/AD15-1, "NA") -> NA
A16: 007096 | B16: College of the Mainland Community College District | C16: =SUMIFS(Forecast!$E:$E, Forecast!$A:$A, 'Analysis-School'!$A16, Forecast!$C:$C, 'Analysis-School'!C$4, Forecast!$D:$D, 'Analysis-School'!C$2) -> 416 | D16: =SUMIFS(Forecast!$E:$E, Forecast!$A:$A, 'Analysis-School'!$A16, Forecast!$C:$C, 'Analysis-School'!D$4, Forecast!$D:$D, 'Analysis-School'!D$2) -> 472 | E16: =SUMIFS(Forecast!$E:$E, Forecast!$A:$A, 'Analysis-School'!$A16, Forecast!$C:$C, 'Analysis-School'!E$4, Forecast!$D:$D, 'Analysis-School'!E$2) -> 559 | F16: =SUMIFS(Forecast!$E:$E, Forecast!$A:$A, 'Analysis-School'!$A16, Forecast!$C:$C, 'Analysis-School'!F$4, Forecast!$D:$D, 'Analysis-School'!F$2) -> 530 | G16: =SUMIFS(Forecast!$E:$E, Forecast!$A:$A, 'Analysis-School'!$A16, Forecast!$C:$C, 'Analysis-School'!G$4, Forecast!$D:$D, 'Analysis-School'!G$2) -> 450 | H16: =SUMIFS(Forecast!$E:$E, Forecast!$A:$A, 'Analysis-School'!$A16, Forecast!$C:$C, 'Analysis-School'!H$4, Forecast!$D:$D, 'Analysis-School'!H$2) -> 466 | I16: =SUMIFS(Forecast!$E:$E, Forecast!$A:$A, 'Analysis-School'!$A16, Forecast!$C:$C, 'Analysis-School'!I$4, Forecast!$D:$D, 'Analysis-School'!I$2) -> 463.65047 | J16: =SUMIFS(Forecast!$E:$E, Forecast!$A:$A, 'Analysis-School'!$A16, Forecast!$C:$C, 'Analysis-School'!J$4, Forecast!$D:$D, 'Analysis-School'!J$2) -> 462.23824 | K16: =(J16/H16-1) -> -0.0080724396 | M16: College of the Mainland Community College District | N16: =SUMIFS(Forecast!$F:$F, Forecast!$A:$A, 'Analysis-School'!$A16, Forecast!$C:$C, 'Analysis-School'!N$4, Forecast!$D:$D, 'Analysis-School'!N$2) -> 266 | O16: =SUMIFS(Forecast!$F:$F, Forecast!$A:$A, 'Analysis-School'!$A16, Forecast!$C:$C, 'Analysis-School'!O$4, Forecast!$D:$D, 'Analysis-School'!O$2) -> 311 | P16: =SUMIFS(Forecast!$F:$F, Forecast!$A:$A, 'Analysis-School'!$A16, Forecast!$C:$C, 'Analysis-School'!P$4, Forecast!$D:$D, 'Analysis-School'!P$2) -> 308 | Q16: =SUMIFS(Forecast!$F:$F, Forecast!$A:$A, 'Analysis-School'!$A16, Forecast!$C:$C, 'Analysis-School'!Q$4, Forecast!$D:$D, 'Analysis-School'!Q$2) -> 322 | R16: =SUMIFS(Forecast!$F:$F, Forecast!$A:$A, 'Analysis-School'!$A16, Forecast!$C:$C, 'Analysis-School'!R$4, Forecast!$D:$D, 'Analysis-School'!R$2) -> 322 | S16: =SUMIFS(Forecast!$F:$F, Forecast!$A:$A, 'Analysis-School'!$A16, Forecast!$C:$C, 'Analysis-School'!S$4, Forecast!$D:$D, 'Analysis-School'!S$2) -> 287 | T16: =SUMIFS(Forecast!$F:$F, Forecast!$A:$A, 'Analysis-School'!$A16, Forecast!$C:$C, 'Analysis-School'!T$4, Forecast!$D:$D, 'Analysis-School'!T$2) -> 292.26322 | U16: =SUMIFS(Forecast!$F:$F, Forecast!$A:$A, 'Analysis-School'!$A16, Forecast!$C:$C, 'Analysis-School'!U$4, Forecast!$D:$D, 'Analysis-School'!U$2) -> 293.8592 | V16: =(U16/S16-1) -> 0.023899636 | X16: College of the Mainland Community College District | Y16: =SUMIFS(Forecast!$J:$J, Forecast!$A:$A, 'Analysis-School'!$A16, Forecast!$C:$C, 'Analysis-School'!Y$4, Forecast!$D:$D, 'Analysis-School'!Y$2) -> 0 | Z16: =SUMIFS(Forecast!$J:$J, Forecast!$A:$A, 'Analysis-School'!$A16, Forecast!$C:$C, 'Analysis-School'!Z$4, Forecast!$D:$D, 'Analysis-School'!Z$2) -> 0 | AA16: =SUMIFS(Forecast!$J:$J, Forecast!$A:$A, 'Analysis-School'!$A16, Forecast!$C:$C, 'Analysis-School'!AA$4, Forecast!$D:$D, 'Analysis-School'!AA$2) -> 0 | AB16: =SUMIFS(Forecast!$J:$J, Forecast!$A:$A, 'Analysis-School'!$A16, Forecast!$C:$C, 'Analysis-School'!AB$4, Forecast!$D:$D, 'Analysis-School'!AB$2) -> 0 | AC16: =SUMIFS(Forecast!$J:$J, Forecast!$A:$A, 'Analysis-School'!$A16, Forecast!$C:$C, 'Analysis-School'!AC$4, Forecast!$D:$D, 'Analysis-School'!AC$2) -> 0 | AD16: =SUMIFS(Forecast!$J:$J, Forecast!$A:$A, 'Analysis-School'!$A16, Forecast!$C:$C, 'Analysis-School'!AD$4, Forecast!$D:$D, 'Analysis-School'!AD$2) -> 0 | AE16: =SUMIFS(Forecast!$J:$J, Forecast!$A:$A, 'Analysis-School'!$A16, Forecast!$C:$C, 'Analysis-School'!AE$4, Forecast!$D:$D, 'Analysis-School'!AE$2) -> 0 | AF16: =SUMIFS(Forecast!$J:$J, Forecast!$A:$A, 'Analysis-School'!$A16, Forecast!$C:$C, 'Analysis-School'!AF$4, Forecast!$D:$D, 'Analysis-School'!AF$2) -> 0 | AG16: =IFERROR(AF16/AD16-1, "NA") -> NA
... A19: 003563 | B19: Del Mar College | C19: =SUMIFS(Forecast!$E:$E, Forecast!$A:$A, 'Analysis-School'!$A19, Forecast!$C:$C, 'Analysis-School'!C$4, Forecast!$D:$D, 'Analysis-School'!C$2) -> 766 | D19: =SUMIFS(Forecast!$E:$E, Forecast!$A:$A, 'Analysis-School'!$A19, Forecast!$C:$C, 'Analysis-School'!D$4, Forecast!$D:$D, 'Analysis-School'!D$2) -> 787 | E19: =SUMIFS(Forecast!$E:$E, Forecast!$A:$A, 'Analysis-School'!$A19, Forecast!$C:$C, 'Analysis-School'!E$4, Forecast!$D:$D, 'Analysis-School'!E$2) -> 750 | F19: =SUMIFS(Forecast!$E:$E, Forecast!$A:$A, 'Analysis-School'!$A19, Forecast!$C:$C, 'Analysis-School'!F$4, Forecast!$D:$D, 'Analysis-School'!F$2) -> 797 | G19: =SUMIFS(Forecast!$E:$E, Forecast!$A:$A, 'Analysis-School'!$A19, Forecast!$C:$C, 'Analysis-School'!G$4, Forecast!$D:$D, 'Analysis-School'!G$2) -> 875 | H19: =SUMIFS(Forecast!$E:$E, Forecast!$A:$A, 'Analysis-School'!$A19, Forecast!$C:$C, 'Analysis-School'!H$4, Forecast!$D:$D, 'Analysis-School'!H$2) -> 841 | I19: =SUMIFS(Forecast!$E:$E, Forecast!$A:$A, 'Analysis-School'!$A19, Forecast!$C:$C, 'Analysis-School'!I$4, Forecast!$D:$D, 'Analysis-School'!I$2) -> 883.83259 | J19: =SUMIFS(Forecast!$E:$E, Forecast!$A:$A, 'Analysis-School'!$A19, Forecast!$C:$C, 'Analysis-School'!J$4, Forecast!$D:$D, 'Analysis-School'!J$2) -> 904.67972 | K19: =(J19/H19-1) -> 0.075719044 | M19: Del Mar College | N19: =SUMIFS(Forecast!$F:$F, Forecast!$A:$A, 'Analysis-School'!$A19, Forecast!$C:$C, 'Analysis-School'!N$4, Forecast!$D:$D, 'Analysis-School'!N$2) -> 702 | O19: =SUMIFS(Forecast!$F:$F, Forecast!$A:$A, 'Analysis-School'!$A19, Forecast!$C:$C, 'Analysis-School'!O$4, Forecast!$D:$D, 'Analysis-School'!O$2) -> 737 | P19: =SUMIFS(Forecast!$F:$F, Forecast!$A:$A, 'Analysis-School'!$A19, Forecast!$C:$C, 'Analysis-School'!P$4, Forecast!$D:$D, 'Analysis-School'!P$2) -> 757 | Q19: =SUMIFS(Forecast!$F:$F, Forecast!$A:$A, 'Analysis-School'!$A19, Forecast!$C:$C, 'Analysis-School'!Q$4, Forecast!$D:$D, 'Analysis-School'!Q$2) -> 753 | R19: =SUMIFS(Forecast!$F:$F, Forecast!$A:$A, 'Analysis-School'!$A19, Forecast!$C:$C, 'Analysis-School'!R$4, Forecast!$D:$D, 'Analysis-School'!R$2) -> 680 | S19: =SUMIFS(Forecast!$F:$F, Forecast!$A:$A, 'Analysis-School'!$A19, Forecast!$C:$C, 'Analysis-School'!S$4, Forecast!$D:$D, 'Analysis-School'!S$2) -> 669 | T19: =SUMIFS(Forecast!$F:$F, Forecast!$A:$A, 'Analysis-School'!$A19, Forecast!$C:$C, 'Analysis-School'!T$4, Forecast!$D:$D, 'Analysis-School'!T$2) -> 655.48625 | U19: =SUMIFS(Forecast!$F:$F, Forecast!$A:$A, 'Analysis-School'!$A19, Forecast!$C:$C, 'Analysis-School'!U$4, Forecast!$D:$D, 'Analysis-School'!U$2) -> 641.67452 | V19: =(U19/S19-1) -> -0.040845266 | X19: Del Mar College | Y19: =SUMIFS(Forecast!$J:$J, Forecast!$A:$A, 'Analysis-School'!$A19, Forecast!$C:$C, 'Analysis-School'!Y$4, Forecast!$D:$D, 'Analysis-School'!Y$2) -> 3 | Z19: =SUMIFS(Forecast!$J:$J, Forecast!$A:$A, 'Analysis-School'!$A19, Forecast!$C:$C, 'Analysis-School'!Z$4, Forecast!$D:$D, 'Analysis-School'!Z$2) -> 1 | AA19: =SUMIFS(Forecast!$J:$J, Forecast!$A:$A, 'Analysis-School'!$A19, Forecast!$C:$C, 'Analysis-School'!AA$4, Forecast!$D:$D, 'Analysis-School'!AA$2) -> 0 | AB19: =SUMIFS(Forecast!$J:$J, Forecast!$A:$A, 'Analysis-School'!$A19, Forecast!$C:$C, 'Analysis-School'!AB$4, Forecast!$D:$D, 'Analysis-School'!AB$2) -> 0 | AC19: =SUMIFS(Forecast!$J:$J, Forecast!$A:$A, 'Analysis-School'!$A19, Forecast!$C:$C, 'Analysis-School'!AC$4, Forecast!$D:$D, 'Analysis-School'!AC$2) -> 5 | AD19: =SUMIFS(Forecast!$J:$J, Forecast!$A:$A, 'Analysis-School'!$A19, Forecast!$C:$C, 'Analysis-School'!AD$4, Forecast!$D:$D, 'Analysis-School'!AD$2) -> 1 | AE19: =SUMIFS(Forecast!$J:$J, Forecast!$A:$A, 'Analysis-School'!$A19, Forecast!$C:$C, 'Analysis-School'!AE$4, Forecast!$D:$D, 'Analysis-School'!AE$2) -> 1.1 | AF19: =SUMIFS(Forecast!$J:$J, Forecast!$A:$A, 'Analysis-School'!$A19, Forecast!$C:$C, 'Analysis-School'!AF$4, Forecast!$D:$D, 'Analysis-School'!AF$2) -> 1.21 | AG19: =IFERROR(AF19/AD19-1, "NA") -> 0.21
A20: 010387 | B20: El Paso Community College District | C20: =SUMIFS(Forecast!$E:$E, Forecast!$A:$A, 'Analysis-School'!$A20, Forecast!$C:$C, 'Analysis-School'!C$4, Forecast!$D:$D, 'Analysis-School'!C$2) -> 2185 | D20: =SUMIFS(Forecast!$E:$E, Forecast!$A:$A, 'Analysis-School'!$A20, Forecast!$C:$C, 'Analysis-School'!D$4, Forecast!$D:$D, 'Analysis-School'!D$2) -> 2328 | E20: =SUMIFS(Forecast!$E:$E, Forecast!$A:$A, 'Analysis-School'!$A20, Forecast!$C:$C, 'Analysis-School'!E$4, Forecast!$D:$D, 'Analysis-School'!E$2) -> 2469 | F20: =SUMIFS(Forecast!$E:$E, Forecast!$A:$A, 'Analysis-School'!$A20, Forecast!$C:$C, 'Analysis-School'!F$4, Forecast!$D:$D, 'Analysis-School'!F$2) -> 2442 | G20: =SUMIFS(Forecast!$E:$E, Forecast!$A:$A, 'Analysis-School'!$A20, Forecast!$C:$C, 'Analysis-School'!G$4, Forecast!$D:$D, 'Analysis-School'!G$2) -> 2418 | H20: =SUMIFS(Forecast!$E:$E, Forecast!$A:$A, 'Analysis-School'!$A20, Forecast!$C:$C, 'Analysis-School'!H$4, Forecast!$D:$D, 'Analysis-School'!H$2) -> 2534 | I20: =SUMIFS(Forecast!$E:$E, Forecast!$A:$A, 'Analysis-School'!$A20, Forecast!$C:$C, 'Analysis-School'!I$4, Forecast!$D:$D, 'Analysis-School'!I$2) -> 2572.2442 | J20: =SUMIFS(Forecast!$E:$E, Forecast!$A:$A, 'Analysis-School'!$A20, Forecast!$C:$C, 'Analysis-School'!J$4, Forecast!$D:$D, 'Analysis-School'!J$2) -> 2621.7715 | K20: =(J20/H20-1) -> 0.034637531 | M20: El Paso Community College District | N20: =SUMIFS(Forecast!$F:$F, Forecast!$A:$A, 'Analysis-School'!$A20, Forecast!$C:$C, 'Analysis-School'!N$4, Forecast!$D:$D, 'Analysis-School'!N$2) -> 2558 | O20: =SUMIFS(Forecast!$F:$F, Forecast!$A:$A, 'Analysis-School'!$A20, Forecast!$C:$C, 'Analysis-School'!O$4, Forecast!$D:$D, 'Analysis-School'!O$2) -> 2530 | P20: =SUMIFS(Forecast!$F:$F, Forecast!$A:$A, 'Analysis-School'!$A20, Forecast!$C:$C, 'Analysis-School'!P$4, Forecast!$D:$D, 'Analysis-School'!P$2) -> 2346 | Q20: =SUMIFS(Forecast!$F:$F, Forecast!$A:$A, 'Analysis-School'!$A20, Forecast!$C:$C, 'Analysis-School'!Q$4, Forecast!$D:$D, 'Analysis-School'!Q$2) -> 1909 | R20: =SUMIFS(Forecast!$F:$F, Forecast!$A:$A, 'Analysis-School'!$A20, Forecast!$C:$C, 'Analysis-School'!R$4, Forecast!$D:$D, 'Analysis-School'!R$2) -> 1906 | S20: =SUMIFS(Forecast!$F:$F, Forecast!$A:$A, 'Analysis-School'!$A20, Forecast!$C:$C, 'Analysis-School'!S$4, Forecast!$D:$D, 'Analysis-School'!S$2) -> 1896 | T20: =SUMIFS(Forecast!$F:$F, Forecast!$A:$A, 'Analysis-School'!$A20, Forecast!$C:$C, 'Analysis-School'!T$4, Forecast!$D:$D, 'Analysis-School'!T$2) -> 1801.2 | U20: =SUMIFS(Forecast!$F:$F, Forecast!$A:$A, 'Analysis-School'!$A20, Forecast!$C:$C, 'Analysis-School'!U$4, Forecast!$D:$D, 'Analysis-School'!U$2) -> 1711.14 | V20: =(U20/S20-1) -> -0.0975 | X20: El Paso Community College District | Y20: =SUMIFS(Forecast!$J:$J, Forecast!$A:$A, 'Analysis-School'!$A20, Forecast!$C:$C, 'Analysis-School'!Y$4, Forecast!$D:$D, 'Analysis-School'!Y$2) -> 22 | Z20: =SUMIFS(Forecast!$J:$J, Forecast!$A:$A, 'Analysis-School'!$A20, Forecast!$C:$C, 'Analysis-School'!Z$4, Forecast!$D:$D, 'Analysis-School'!Z$2) -> 28 | AA20: =SUMIFS(Forecast!$J:$J, Forecast!$A:$A, 'Analysis-School'!$A20, Forecast!$C:$C, 'Analysis-School'!AA$4, Forecast!$D:$D, 'Analysis-School'!AA$2) -> 21 | AB20: =SUMIFS(Forecast!$J:$J, Forecast!$A:$A, 'Analysis-School'!$A20, Forecast!$C:$C, 'Analysis-School'!AB$4, Forecast!$D:$D, 'Analysis-School'!AB$2) -> 0 | AC20: =SUMIFS(Forecast!$J:$J, Forecast!$A:$A, 'Analysis-School'!$A20, Forecast!$C:$C, 'Analysis-School'!AC$4, Forecast!$D:$D, 'Analysis-School'!AC$2) -> 0 | AD20: =SUMIFS(Forecast!$J:$J, Forecast!$A:$A, 'Analysis-School'!$A20, Forecast!$C:$C, 'Analysis-School'!AD$4, Forecast!$D:$D, 'Analysis-School'!AD$2) -> 0 | AE20: =MAX(SUMIFS(Forecast!$J:$J, Forecast!$A:$A, 'Analysis-School'!$A20, Forecast!$C:$C, 'Analysis-School'!AE$4, Forecast!$D:$D, 'Analysis-School'!AE$2),0) -> 0 | AF20: =MAX(SUMIFS(Forecast!$J:$J, Forecast!$A:$A, 'Analysis-School'!$A20, Forecast!$C:$C, 'Analysis-School'!AF$4, Forecast!$D:$D, 'Analysis-School'!AF$2),0) -> 0 | AG20: =IFERROR(AF20/AD20-1, "NA") -> NA
A21: 003568 | B21: Frank Phillips College | C21: =SUMIFS(Forecast!$E:$E, Forecast!$A:$A, 'Analysis-School'!$A21, Forecast!$C:$C, 'Analysis-School'!C$4, Forecast!$D:$D, 'Analysis-School'!C$2) -> 300 | D21: =SUMIFS(Forecast!$E:$E, Forecast!$A:$A, 'Analysis-School'!$A21, Forecast!$C:$C, 'Analysis-School'!D$4, Forecast!$D:$D, 'Analysis-School'!D$2) -> 267 | E21: =SUMIFS(Forecast!$E:$E, Forecast!$A:$A, 'Analysis-School'!$A21, Forecast!$C:$C, 'Analysis-School'!E$4, Forecast!$D:$D, 'Analysis-School'!E$2) -> 295 | F21: =SUMIFS(Forecast!$E:$E, Forecast!$A:$A, 'Analysis-School'!$A21, Forecast!$C:$C, 'Analysis-School'!F$4, Forecast!$D:$D, 'Analysis-School'!F$2) -> 272 | G21: =SUMIFS(Forecast!$E:$E, Forecast!$A:$A, 'Analysis-School'!$A21, Forecast!$C:$C, 'Analysis-School'!G$4, Forecast!$D:$D, 'Analysis-School'!G$2) -> 291 | H21: =SUMIFS(Forecast!$E:$E, Forecast!$A:$A, 'Analysis-School'!$A21, Forecast!$C:$C, 'Analysis-School'!H$4, Forecast!$D:$D, 'Analysis-School'!H$2) -> 358 | I21: =SUMIFS(Forecast!$E:$E, Forecast!$A:$A, 'Analysis-School'!$A21, Forecast!$C:$C, 'Analysis-School'!I$4, Forecast!$D:$D, 'Analysis-School'!I$2) -> 357.06951 | J21: =SUMIFS(Forecast!$E:$E, Forecast!$A:$A, 'Analysis-School'!$A21, Forecast!$C:$C, 'Analysis-School'!J$4, Forecast!$D:$D, 'Analysis-School'!J$2) -> 369.62896 | K21: =(J21/H21-1) -> 0.032483142 | M21: Frank Phillips College | N21: =SUMIFS(Forecast!$F:$F, Forecast!$A:$A, 'Analysis-School'!$A21, Forecast!$C:$C, 'Analysis-School'!N$4, Forecast!$D:$D, 'Analysis-School'!N$2) -> 106 | O21: =SUMIFS(Forecast!$F:$F, Forecast!$A:$A, 'Analysis-School'!$A21, Forecast!$C:$C, 'Analysis-School'!O$4, Forecast!$D:$D, 'Analysis-School'!O$2) -> 118 | P21: =SUMIFS(Forecast!$F:$F, Forecast!$A:$A, 'Analysis-School'!$A21, Forecast!$C:$C, 'Analysis-School'!P$4, Forecast!$D:$D, 'Analysis-School'!P$2) -> 108 | Q21: =SUMIFS(Forecast!$F:$F, Forecast!$A:$A, 'Analysis-School'!$A21, Forecast!$C:$C, 'Analysis-School'!Q$4, Forecast!$D:$D, 'Analysis-School'!Q$2) -> 83 | R21: =SUMIFS(Forecast!$F:$F, Forecast!$A:$A, 'Analysis-School'!$A21, Forecast!$C:$C, 'Analysis-School'!R$4, Forecast!$D:$D, 'Analysis-School'!R$2) -> 112 | S21: =SUMIFS(Forecast!$F:$F, Forecast!$A:$A, 'Analysis-School'!$A21, Forecast!$C:$C, 'Analysis-School'!S$4, Forecast!$D:$D, 'Analysis-School'!S$2) -> 110 | T21: =SUMIFS(Forecast!$F:$F, Forecast!$A:$A, 'Analysis-School'!$A21, Forecast!$C:$C, 'Analysis-School'!T$4, Forecast!$D:$D, 'Analysis-School'!T$2) -> 104.5 | U21: =SUMIFS(Forecast!$F:$F, Forecast!$A:$A, 'Analysis-School'!$A21, Forecast!$C:$C, 'Analysis-School'!U$4, Forecast!$D:$D, 'Analysis-School'!U$2) -> 100.12804 | V21: =(U21/S21-1) -> -0.089745078 | X21: Frank Phillips College | Y21: =SUMIFS(Forecast!$J:$J, Forecast!$A:$A, 'Analysis-School'!$A21, Forecast!$C:$C, 'Analysis-School'!Y$4, Forecast!$D:$D, 'Analysis-School'!Y$2) -> 0 | Z21: =SUMIFS(Forecast!$J:$J, Forecast!$A:$A, 'Analysis-School'!$A21, Forecast!$C:$C, 'Analysis-School'!Z$4, Forecast!$D:$D, 'Analysis-School'!Z$2) -> 0 | AA21: =SUMIFS(Forecast!$J:$J, Forecast!$A:$A, 'Analysis-School'!$A21, Forecast!$C:$C, 'Analysis-School'!AA$4, Forecast!$D:$D, 'Analysis-School'!AA$2) -> 0 | AB21: =SUMIFS(Forecast!$J:$J, Forecast!$A:$A, 'Analysis-School'!$A21, Forecast!$C:$C, 'Analysis-School'!AB$4, Forecast!$D:$D, 'Analysis-School'!AB$2) -> 0 | AC21: =SUMIFS(Forecast!$J:$J, Forecast!$A:$A, 'Analysis-School'!$A21, Forecast!$C:$C, 'Analysis-School'!AC$4, Forecast!$D:$D, 'Analysis-School'!AC$2) -> 0 | AD21: =SUMIFS(Forecast!$J:$J, Forecast!$A:$A, 'Analysis-School'!$A21, Forecast!$C:$C, 'Analysis-School'!AD$4, Forecast!$D:$D, 'Analysis-School'!AD$2) -> 0 | AE21: =SUMIFS(Forecast!$J:$J, Forecast!$A:$A, 'Analysis-School'!$A21, Forecast!$C:$C, 'Analysis-School'!AE$4, Forecast!$D:$D, 'Analysis-School'!AE$2) -> 0 | AF21: =SUMIFS(Forecast!$J:$J, Forecast!$A:$A, 'Analysis-School'!$A21, Forecast!$C:$C, 'Analysis-School'!AF$4, Forecast!$D:$D, 'Analysis-School'!AF$2) -> 0 | AG21: =IFERROR(AF21/AD21-1, "NA") -> NA
A22: 006662 | B22: Galveston College | C22: =SUMIFS(Forecast!$E:$E, Forecast!$A:$A, 'Analysis-School'!$A22, Forecast!$C:$C, 'Analysis-School'!C$4, Forecast!$D:$D, 'Analysis-School'!C$2) -> 112 | D22: =SUMIFS(Forecast!$E:$E, Forecast!$A:$A, 'Analysis-School'!$A22, Forecast!$C:$C, 'Analysis-School'!D$4, Forecast!$D:$D, 'Analysis-School'!D$2) -> 237 | E22: =SUMIFS(Forecast!$E:$E, Forecast!$A:$A, 'Analysis-School'!$A22, Forecast!$C:$C, 'Analysis-School'!E$4, Forecast!$D:$D, 'Analysis-School'!E$2) -> 165 | F22: =SUMIFS(Forecast!$E:$E, Forecast!$A:$A, 'Analysis-School'!$A22, Forecast!$C:$C, 'Analysis-School'!F$4, Forecast!$D:$D, 'Analysis-School'!F$2) -> 147 | G22: =SUMIFS(Forecast!$E:$E, Forecast!$A:$A, 'Analysis-School'!$A22, Forecast!$C:$C, 'Analysis-School'!G$4, Forecast!$D:$D, 'Analysis-School'!G$2) -> 130 | H22: =SUMIFS(Forecast!$E:$E, Forecast!$A:$A, 'Analysis-School'!$A22, Forecast!$C:$C, 'Analysis-School'!H$4, Forecast!$D:$D, 'Analysis-School'!H$2) -> 145 | I22: =SUMIFS(Forecast!$E:$E, Forecast!$A:$A, 'Analysis-School'!$A22, Forecast!$C:$C, 'Analysis-School'!I$4, Forecast!$D:$D, 'Analysis-School'!I$2) -> 137.75 | J22: =SUMIFS(Forecast!$E:$E, Forecast!$A:$A, 'Analysis-School'!$A22, Forecast!$C:$C, 'Analysis-School'!J$4, Forecast!$D:$D, 'Analysis-School'!J$2) -> 130.8625 | K22: =(J22/H22-1) -> -0.0975 | M22: Galveston College | N22: =SUMIFS(Forecast!$F:$F, Forecast!$A:$A, 'Analysis-School'!$A22, Forecast!$C:$C, 'Analysis-School'!N$4, Forecast!$D:$D, 'Analysis-School'!N$2) -> 223 | O22: =SUMIFS(Forecast!$F:$F, Forecast!$A:$A, 'Analysis-School'!$A22, Forecast!$C:$C, 'Analysis-School'!O$4, Forecast!$D:$D, 'Analysis-School'!O$2) -> 182 | P22: =SUMIFS(Forecast!$F:$F, Forecast!$A:$A, 'Analysis-School'!$A22, Forecast!$C:$C, 'Analysis-School'!P$4, Forecast!$D:$D, 'Analysis-School'!P$2) -> 144 | Q22: =SUMIFS(Forecast!$F:$F, Forecast!$A:$A, 'Analysis-School'!$A22, Forecast!$C:$C, 'Analysis-School'!Q$4, Forecast!$D:$D, 'Analysis-School'!Q$2) -> 170 | R22: =SUMIFS(Forecast!$F:$F, Forecast!$A:$A, 'Analysis-School'!$A22, Forecast!$C:$C, 'Analysis-School'!R$4, Forecast!$D:$D, 'Analysis-School'!R$2) -> 149 | S22: =SUMIFS(Forecast!$F:$F, Forecast!$A:$A, 'Analysis-School'!$A22, Forecast!$C:$C, 'Analysis-School'!S$4, Forecast!$D:$D, 'Analysis-School'!S$2) -> 133 | T22: =SUMIFS(Forecast!$F:$F, Forecast!$A:$A, 'Analysis-School'!$A22, Forecast!$C:$C, 'Analysis-School'!T$4, Forecast!$D:$D, 'Analysis-School'!T$2) -> 126.35 | U22: =SUMIFS(Forecast!$F:$F, Forecast!$A:$A, 'Analysis-School'!$A22, Forecast!$C:$C, 'Analysis-School'!U$4, Forecast!$D:$D, 'Analysis-School'!U$2) -> 120.0325 | V22: =(U22/S22-1) -> -0.0975 | X22: Galveston College | Y22: =SUMIFS(Forecast!$J:$J, Forecast!$A:$A, 'Analysis-School'!$A22, Forecast!$C:$C, 'Analysis-School'!Y$4, Forecast!$D:$D, 'Analysis-School'!Y$2) -> 0 | Z22: =SUMIFS(Forecast!$J:$J, Forecast!$A:$A, 'Analysis-School'!$A22, Forecast!$C:$C, 'Analysis-School'!Z$4, Forecast!$D:$D, 'Analysis-School'!Z$2) -> 0 | AA22: =SUMIFS(Forecast!$J:$J, Forecast!$A:$A, 'Analysis-School'!$A22, Forecast!$C:$C, 'Analysis-School'!AA$4, Forecast!$D:$D, 'Analysis-School'!AA$2) -> 0 | AB22: =SUMIFS(Forecast!$J:$J, Forecast!$A:$A, 'Analysis-School'!$A22, Forecast!$C:$C, 'Analysis-School'!AB$4, Forecast!$D:$D, 'Analysis-School'!AB$2) -> 0 | AC22: =SUMIFS(Forecast!$J:$J, Forecast!$A:$A, 'Analysis-School'!$A22, Forecast!$C:$C, 'Analysis-School'!AC$4, Forecast!$D:$D, 'Analysis-School'!AC$2) -> 0 | AD22: =SUMIFS(Forecast!$J:$J, Forecast!$A:$A, 'Analysis-School'!$A22, Forecast!$C:$C, 'Analysis-School'!AD$4, Forecast!$D:$D, 'Analysis-School'!AD$2) -> 0 | AE22: =SUMIFS(Forecast!$J:$J, Forecast!$A:$A, 'Analysis-School'!$A22, Forecast!$C:$C, 'Analysis-School'!AE$4, Forecast!$D:$D, 'Analysis-School'!AE$2) -> 0 | AF22: =SUMIFS(Forecast!$J:$J, Forecast!$A:$A, 'Analysis-School'!$A22, Forecast!$C:$C, 'Analysis-School'!AF$4, Forecast!$D:$D, 'Analysis-School'!AF$2) -> 0 | AG22: =IFERROR(AF22/AD22-1, "NA") -> NA
A23: 003570 | B23: Grayson College | C23: =SUMIFS(Forecast!$E:$E, Forecast!$A:$A, 'Analysis-School'!$A23, Forecast!$C:$C, 'Analysis-School'!C$4, Forecast!$D:$D, 'Analysis-School'!C$2) -> 339 | D23: =SUMIFS(Forecast!$E:$E, Forecast!$A:$A, 'Analysis-School'!$A23, Forecast!$C:$C, 'Analysis-School'!D$4, Forecast!$D:$D, 'Analysis-School'!D$2) -> 382 | E23: =SUMIFS(Forecast!$E:$E, Forecast!$A:$A, 'Analysis-School'!$A23, Forecast!$C:$C, 'Analysis-School'!E$4, Forecast!$D:$D, 'Analysis-School'!E$2) -> 314 | F23: =SUMIFS(Forecast!$E:$E, Forecast!$A:$A, 'Analysis-School'!$A23, Forecast!$C:$C, 'Analysis-School'!F$4, Forecast!$D:$D, 'Analysis-School'!F$2) -> 396 | G23: =SUMIFS(Forecast!$E:$E, Forecast!$A:$A, 'Analysis-School'!$A23, Forecast!$C:$C, 'Analysis-School'!G$4, Forecast!$D:$D, 'Analysis-School'!G$2) -> 382 | H23: =SUMIFS(Forecast!$E:$E, Forecast!$A:$A, 'Analysis-School'!$A23, Forecast!$C:$C, 'Analysis-School'!H$4, Forecast!$D:$D, 'Analysis-School'!H$2) -> 351 | I23: =SUMIFS(Forecast!$E:$E, Forecast!$A:$A, 'Analysis-School'!$A23, Forecast!$C:$C, 'Analysis-School'!I$4, Forecast!$D:$D, 'Analysis-School'!I$2) -> 363.12533 | J23: =SUMIFS(Forecast!$E:$E, Forecast!$A:$A, 'Analysis-School'!$A23, Forecast!$C:$C, 'Analysis-School'!J$4, Forecast!$D:$D, 'Analysis-School'!J$2) -> 366.0172 | K23: =(J23/H23-1) -> 0.042784044 | M23: Grayson College | N23: =SUMIFS(Forecast!$F:$F, Forecast!$A:$A, 'Analysis-School'!$A23, Forecast!$C:$C, 'Analysis-School'!N$4, Forecast!$D:$D, 'Analysis-School'!N$2) -> 349 | O23: =SUMIFS(Forecast!$F:$F, Forecast!$A:$A, 'Analysis-School'!$A23, Forecast!$C:$C, 'Analysis-School'!O$4, Forecast!$D:$D, 'Analysis-School'!O$2) -> 264 | P23: =SUMIFS(Forecast!$F:$F, Forecast!$A:$A, 'Analysis-School'!$A23, Forecast!$C:$C, 'Analysis-School'!P$4, Forecast!$D:$D, 'Analysis-School'!P$2) -> 241 | Q23: =SUMIFS(Forecast!$F:$F, Forecast!$A:$A, 'Analysis-School'!$A23, Forecast!$C:$C, 'Analysis-School'!Q$4, Forecast!$D:$D, 'Analysis-School'!Q$2) -> 203 | R23: =SUMIFS(Forecast!$F:$F, Forecast!$A:$A, 'Analysis-School'!$A23, Forecast!$C:$C, 'Analysis-School'!R$4, Forecast!$D:$D, 'Analysis-School'!R$2) -> 180 | S23: =SUMIFS(Forecast!$F:$F, Forecast!$A:$A, 'Analysis-School'!$A23, Forecast!$C:$C, 'Analysis-School'!S$4, Forecast!$D:$D, 'Analysis-School'!S$2) -> 189 | T23: =SUMIFS(Forecast!$F:$F, Forecast!$A:$A, 'Analysis-School'!$A23, Forecast!$C:$C, 'Analysis-School'!T$4, Forecast!$D:$D, 'Analysis-School'!T$2) -> 179.55 | U23: =SUMIFS(Forecast!$F:$F, Forecast!$A:$A, 'Analysis-School'!$A23, Forecast!$C:$C, 'Analysis-School'!U$4, Forecast!$D:$D, 'Analysis-School'!U$2) -> 170.5725 | V23: =(U23/S23-1) -> -0.0975 | X23: Grayson College | Y23: =SUMIFS(Forecast!$J:$J, Forecast!$A:$A, 'Analysis-School'!$A23, Forecast!$C:$C, 'Analysis-School'!Y$4, Forecast!$D:$D, 'Analysis-School'!Y$2) -> 0 | Z23: =SUMIFS(Forecast!$J:$J, Forecast!$A:$A, 'Analysis-School'!$A23, Forecast!$C:$C, 'Analysis-School'!Z$4, Forecast!$D:$D, 'Analysis-School'!Z$2) -> 0 | AA23: =SUMIFS(Forecast!$J:$J, Forecast!$A:$A, 'Analysis-School'!$A23, Forecast!$C:$C, 'Analysis-School'!AA$4, Forecast!$D:$D, 'Analysis-School'!AA$2) -> 0 | AB23: =SUMIFS(Forecast!$J:$J, Forecast!$A:$A, 'Analysis-School'!$A23, Forecast!$C:$C, 'Analysis-School'!AB$4, Forecast!$D:$D, 'Analysis-School'!AB$2) -> 0 | AC23: =SUMIFS(Forecast!$J:$J, Forecast!$A:$A, 'Analysis-School'!$A23, Forecast!$C:$C, 'Analysis-School'!AC$4, Forecast!$D:$D, 'Analysis-School'!AC$2) -> 0 | AD23: =SUMIFS(Forecast!$J:$J, Forecast!$A:$A, 'Analysis-School'!$A23, Forecast!$C:$C, 'Analysis-School'!AD$4, Forecast!$D:$D, 'Analysis-School'!AD$2) -> 0 | AE23: =SUMIFS(Forecast!$J:$J, Forecast!$A:$A, 'Analysis-School'!$A23, Forecast!$C:$C, 'Analysis-School'!AE$4, Forecast!$D:$D, 'Analysis-School'!AE$2) -> 0 | AF23: =SUMIFS(Forecast!$J:$J, Forecast!$A:$A, 'Analysis-School'!$A23, Forecast!$C:$C, 'Analysis-School'!AF$4, Forecast!$D:$D, 'Analysis-School'!AF$2) -> 0 | AG23: =IFERROR(AF23/AD23-1, "NA") -> NA
A24: 003573 | B24: Hill College | C24: =SUMIFS(Forecast!$E:$E, Forecast!$A:$A, 'Analysis-School'!$A24, Forecast!$C:$C, 'Analysis-School'!C$4, Forecast!$D:$D, 'Analysis-School'!C$2) -> 544 | D24: =SUMIFS(Forecast!$E:$E, Forecast!$A:$A, 'Analysis-School'!$A24, Forecast!$C:$C, 'Analysis-School'!D$4, Forecast!$D:$D, 'Analysis-School'!D$2) -> 662 | E24: =SUMIFS(Forecast!$E:$E, Forecast!$A:$A, 'Analysis-School'!$A24, Forecast!$C:$C, 'Analysis-School'!E$4, Forecast!$D:$D, 'Analysis-School'!E$2) -> 644 | F24: =SUMIFS(Forecast!$E:$E, Forecast!$A:$A, 'Analysis-School'!$A24, Forecast!$C:$C, 'Analysis-School'!F$4, Forecast!$D:$D, 'Analysis-School'!F$2) -> 595 | G24: =SUMIFS(Forecast!$E:$E, Forecast!$A:$A, 'Analysis-School'!$A24, Forecast!$C:$C, 'Analysis-School'!G$4, Forecast!$D:$D, 'Analysis-School'!G$2) -> 575 | H24: =SUMIFS(Forecast!$E:$E, Forecast!$A:$A, 'Analysis-School'!$A24, Forecast!$C:$C, 'Analysis-School'!H$4, Forecast!$D:$D, 'Analysis-School'!H$2) -> 418 | I24: =SUMIFS(Forecast!$E:$E, Forecast!$A:$A, 'Analysis-School'!$A24, Forecast!$C:$C, 'Analysis-School'!I$4, Forecast!$D:$D, 'Analysis-School'!I$2) -> 397.1 | J24: =SUMIFS(Forecast!$E:$E, Forecast!$A:$A, 'Analysis-School'!$A24, Forecast!$C:$C, 'Analysis-School'!J$4, Forecast!$D:$D, 'Analysis-School'!J$2) -> 377.245 | K24: =(J24/H24-1) -> -0.0975 | M24: Hill College | N24: =SUMIFS(Forecast!$F:$F, Forecast!$A:$A, 'Analysis-School'!$A24, Forecast!$C:$C, 'Analysis-School'!N$4, Forecast!$D:$D, 'Analysis-School'!N$2) -> 359 | O24: =SUMIFS(Forecast!$F:$F, Forecast!$A:$A, 'Analysis-School'!$A24, Forecast!$C:$C, 'Analysis-School'!O$4, Forecast!$D:$D, 'Analysis-School'!O$2) -> 361 | P24: =SUMIFS(Forecast!$F:$F, Forecast!$A:$A, 'Analysis-School'!$A24, Forecast!$C:$C, 'Analysis-School'!P$4, Forecast!$D:$D, 'Analysis-School'!P$2) -> 376 | Q24: =SUMIFS(Forecast!$F:$F, Forecast!$A:$A, 'Analysis-School'!$A24, Forecast!$C:$C, 'Analysis-School'!Q$4, Forecast!$D:$D, 'Analysis-School'!Q$2) -> 373 | R24: =SUMIFS(Forecast!$F:$F, Forecast!$A:$A, 'Analysis-School'!$A24, Forecast!$C:$C, 'Analysis-School'!R$4, Forecast!$D:$D, 'Analysis-School'!R$2) -> 386 | S24: =SUMIFS(Forecast!$F:$F, Forecast!$A:$A, 'Analysis-School'!$A24, Forecast!$C:$C, 'Analysis-School'!S$4, Forecast!$D:$D, 'Analysis-School'!S$2) -> 340 | T24: =SUMIFS(Forecast!$F:$F, Forecast!$A:$A, 'Analysis-School'!$A24, Forecast!$C:$C, 'Analysis-School'!T$4, Forecast!$D:$D, 'Analysis-School'!T$2) -> 355.77181 | U24: =SUMIFS(Forecast!$F:$F, Forecast!$A:$A, 'Analysis-School'!$A24, Forecast!$C:$C, 'Analysis-School'!U$4, Forecast!$D:$D, 'Analysis-School'!U$2) -> 354.25399 | V24: =(U24/S24-1) -> 0.041923487 | X24: Hill College | Y24: =SUMIFS(Forecast!$J:$J, Forecast!$A:$A, 'Analysis-School'!$A24, Forecast!$C:$C, 'Analysis-School'!Y$4, Forecast!$D:$D, 'Analysis-School'!Y$2) -> 0 | Z24: =SUMIFS(Forecast!$J:$J, Forecast!$A:$A, 'Analysis-School'!$A24, Forecast!$C:$C, 'Analysis-School'!Z$4, Forecast!$D:$D, 'Analysis-School'!Z$2) -> 0 | AA24: =SUMIFS(Forecast!$J:$J, Forecast!$A:$A, 'Analysis-School'!$A24, Forecast!$C:$C, 'Analysis-School'!AA$4, Forecast!$D:$D, 'Analysis-School'!AA$2) -> 0 | AB24: =SUMIFS(Forecast!$J:$J, Forecast!$A:$A, 'Analysis-School'!$A24, Forecast!$C:$C, 'Analysis-School'!AB$4, Forecast!$D:$D, 'Analysis-School'!AB$2) -> 0 | AC24: =SUMIFS(Forecast!$J:$J, Forecast!$A:$A, 'Analysis-School'!$A24, Forecast!$C:$C, 'Analysis-School'!AC$4, Forecast!$D:$D, 'Analysis-School'!AC$2) -> 0 | AD24: =SUMIFS(Forecast!$J:$J, Forecast!$A:$A, 'Analysis-School'!$A24, Forecast!$C:$C, 'Analysis-School'!AD$4, Forecast!$D:$D, 'Analysis-School'!AD$2) -> 0 | AE24: =SUMIFS(Forecast!$J:$J, Forecast!$A:$A, 'Analysis-School'!$A24, Forecast!$C:$C, 'Analysis-School'!AE$4, Forecast!$D:$D, 'Analysis-School'!AE$2) -> 0 | AF24: =SUMIFS(Forecast!$J:$J, Forecast!$A:$A, 'Analysis-School'!$A24, Forecast!$C:$C, 'Analysis-School'!AF$4, Forecast!$D:$D, 'Analysis-School'!AF$2) -> 0 | AG24: =IFERROR(AF24/AD24-1, "NA") -> NA
A25: 010633 | B25: Houston Community College | C25: =SUMIFS(Forecast!$E:$E, Forecast!$A:$A, 'Analysis-School'!$A25, Forecast!$C:$C, 'Analysis-School'!C$4, Forecast!$D:$D, 'Analysis-School'!C$2) -> 1603 | D25: =SUMIFS(Forecast!$E:$E, Forecast!$A:$A, 'Analysis-School'!$A25, Forecast!$C:$C, 'Analysis-School'!D$4, Forecast!$D:$D, 'Analysis-School'!D$2) -> 1703 | E25: =SUMIFS(Forecast!$E:$E, Forecast!$A:$A, 'Analysis-School'!$A25, Forecast!$C:$C, 'Analysis-School'!E$4, Forecast!$D:$D, 'Analysis-School'!E$2) -> 1923 | F25: =SUMIFS(Forecast!$E:$E, Forecast!$A:$A, 'Analysis-School'!$A25, Forecast!$C:$C, 'Analysis-School'!F$4, Forecast!$D:$D, 'Analysis-School'!F$2) -> 1798 | G25: =SUMIFS(Forecast!$E:$E, Forecast!$A:$A, 'Analysis-School'!$A25, Forecast!$C:$C, 'Analysis-School'!G$4, Forecast!$D:$D, 'Analysis-School'!G$2) -> 1988 | H25: =SUMIFS(Forecast!$E:$E, Forecast!$A:$A, 'Analysis-School'!$A25, Forecast!$C:$C, 'Analysis-School'!H$4, Forecast!$D:$D, 'Analysis-School'!H$2) -> 2357 | I25: =SUMIFS(Forecast!$E:$E, Forecast!$A:$A, 'Analysis-School'!$A25, Forecast!$C:$C, 'Analysis-School'!I$4, Forecast!$D:$D, 'Analysis-School'!I$2) -> 2391.9758 | J25: =SUMIFS(Forecast!$E:$E, Forecast!$A:$A, 'Analysis-School'!$A25, Forecast!$C:$C, 'Analysis-School'!J$4, Forecast!$D:$D, 'Analysis-School'!J$2) -> 2523.4449 | K25: =(J25/H25-1) -> 0.070617274 | M25: Houston Community College | N25: =SUMIFS(Forecast!$F:$F, Forecast!$A:$A, 'Analysis-School'!$A25, Forecast!$C:$C, 'Analysis-School'!N$4, Forecast!$D:$D, 'Analysis-School'!N$2) -> 4043 | O25: =SUMIFS(Forecast!$F:$F, Forecast!$A:$A, 'Analysis-School'!$A25, Forecast!$C:$C, 'Analysis-School'!O$4, Forecast!$D:$D, 'Analysis-School'!O$2) -> 3901 | P25: =SUMIFS(Forecast!$F:$F, Forecast!$A:$A, 'Analysis-School'!$A25, Forecast!$C:$C, 'Analysis-School'!P$4, Forecast!$D:$D, 'Analysis-School'!P$2) -> 3826 | Q25: =SUMIFS(Forecast!$F:$F, Forecast!$A:$A, 'Analysis-School'!$A25, Forecast!$C:$C, 'Analysis-School'!Q$4, Forecast!$D:$D, 'Analysis-School'!Q$2) -> 3889 | R25: =SUMIFS(Forecast!$F:$F, Forecast!$A:$A, 'Analysis-School'!$A25, Forecast!$C:$C, 'Analysis-School'!R$4, Forecast!$D:$D, 'Analysis-School'!R$2) -> 3652 | S25: =SUMIFS(Forecast!$F:$F, Forecast!$A:$A, 'Analysis-School'!$A25, Forecast!$C:$C, 'Analysis-School'!S$4, Forecast!$D:$D, 'Analysis-School'!S$2) -> 3524 | T25: =SUMIFS(Forecast!$F:$F, Forecast!$A:$A, 'Analysis-School'!$A25, Forecast!$C:$C, 'Analysis-School'!T$4, Forecast!$D:$D, 'Analysis-School'!T$2) -> 3482.6679 | U25: =SUMIFS(Forecast!$F:$F, Forecast!$A:$A, 'Analysis-School'!$A25, Forecast!$C:$C, 'Analysis-School'!U$4, Forecast!$D:$D, 'Analysis-School'!U$2) -> 3389.2764 | V25: =(U25/S25-1) -> -0.038230293 | X25: Houston Community College | Y25: =SUMIFS(Forecast!$J:$J, Forecast!$A:$A, 'Analysis-School'!$A25, Forecast!$C:$C, 'Analysis-School'!Y$4, Forecast!$D:$D, 'Analysis-School'!Y$2) -> 0 | Z25: =SUMIFS(Forecast!$J:$J, Forecast!$A:$A, 'Analysis-School'!$A25, Forecast!$C:$C, 'Analysis-School'!Z$4, Forecast!$D:$D, 'Analysis-School'!Z$2) -> 0 | AA25: =SUMIFS(Forecast!$J:$J, Forecast!$A:$A, 'Analysis-School'!$A25, Forecast!$C:$C, 'Analysis-School'!AA$4, Forecast!$D:$D, 'Analysis-School'!AA$2) -> 0 | AB25: =SUMIFS(Forecast!$J:$J, Forecast!$A:$A, 'Analysis-School'!$A25, Forecast!$C:$C, 'Analysis-School'!AB$4, Forecast!$D:$D, 'Analysis-School'!AB$2) -> 0 | AC25: =SUMIFS(Forecast!$J:$J, Forecast!$A:$A, 'Analysis-School'!$A25, Forecast!$C:$C, 'Analysis-School'!AC$4, Forecast!$D:$D, 'Analysis-School'!AC$2) -> 0 | AD25: =SUMIFS(Forecast!$J:$J, Forecast!$A:$A, 'Analysis-School'!$A25, Forecast!$C:$C, 'Analysis-School'!AD$4, Forecast!$D:$D, 'Analysis-School'!AD$2) -> 63 | AE25: =SUMIFS(Forecast!$J:$J, Forecast!$A:$A, 'Analysis-School'!$A25, Forecast!$C:$C, 'Analysis-School'!AE$4, Forecast!$D:$D, 'Analysis-School'!AE$2) -> 59.85 | AF25: =SUMIFS(Forecast!$J:$J, Forecast!$A:$A, 'Analysis-School'!$A25, Forecast!$C:$C, 'Analysis-School'!AF$4, Forecast!$D:$D, 'Analysis-School'!AF$2) -> 59.654904 | AG25: =IFERROR(AF25/AD25-1, "NA") -> -0.053096768
A26: 003574 | B26: Howard College | C26: =SUMIFS(Forecast!$E:$E, Forecast!$A:$A, 'Analysis-School'!$A26, Forecast!$C:$C, 'Analysis-School'!C$4, Forecast!$D:$D, 'Analysis-School'!C$2) -> 393 | D26: =SUMIFS(Forecast!$E:$E, Forecast!$A:$A, 'Analysis-School'!$A26, Forecast!$C:$C, 'Analysis-School'!D$4, Forecast!$D:$D, 'Analysis-School'!D$2) -> 434 | E26: =SUMIFS(Forecast!$E:$E, Forecast!$A:$A, 'Analysis-School'!$A26, Forecast!$C:$C, 'Analysis-School'!E$4, Forecast!$D:$D, 'Analysis-School'!E$2) -> 418 | F26: =SUMIFS(Forecast!$E:$E, Forecast!$A:$A, 'Analysis-School'!$A26, Forecast!$C:$C, 'Analysis-School'!F$4, Forecast!$D:$D, 'Analysis-School'!F$2) -> 314 | G26: =SUMIFS(Forecast!$E:$E, Forecast!$A:$A, 'Analysis-School'!$A26, Forecast!$C:$C, 'Analysis-School'!G$4, Forecast!$D:$D, 'Analysis-School'!G$2) -> 365 | H26: =SUMIFS(Forecast!$E:$E, Forecast!$A:$A, 'Analysis-School'!$A26, Forecast!$C:$C, 'Analysis-School'!H$4, Forecast!$D:$D, 'Analysis-School'!H$2) -> 484 | I26: =SUMIFS(Forecast!$E:$E, Forecast!$A:$A, 'Analysis-School'!$A26, Forecast!$C:$C, 'Analysis-School'!I$4, Forecast!$D:$D, 'Analysis-School'!I$2) -> 459.8 | J26: =SUMIFS(Forecast!$E:$E, Forecast!$A:$A, 'Analysis-School'!$A26, Forecast!$C:$C, 'Analysis-School'!J$4, Forecast!$D:$D, 'Analysis-School'!J$2) -> 436.81 | K26: =(J26/H26-1) -> -0.0975 | M26: Howard College | N26: =SUMIFS(Forecast!$F:$F, Forecast!$A:$A, 'Analysis-School'!$A26, Forecast!$C:$C, 'Analysis-School'!N$4, Forecast!$D:$D, 'Analysis-School'!N$2) -> 276 | O26: =SUMIFS(Forecast!$F:$F, Forecast!$A:$A, 'Analysis-School'!$A26, Forecast!$C:$C, 'Analysis-School'!O$4, Forecast!$D:$D, 'Analysis-School'!O$2) -> 263 | P26: =SUMIFS(Forecast!$F:$F, Forecast!$A:$A, 'Analysis-School'!$A26, Forecast!$C:$C, 'Analysis-School'!P$4, Forecast!$D:$D, 'Analysis-School'!P$2) -> 247 | Q26: =SUMIFS(Forecast!$F:$F, Forecast!$A:$A, 'Analysis-School'!$A26, Forecast!$C:$C, 'Analysis-School'!Q$4, Forecast!$D:$D, 'Analysis-School'!Q$2) -> 260 | R26: =SUMIFS(Forecast!$F:$F, Forecast!$A:$A, 'Analysis-School'!$A26, Forecast!$C:$C, 'Analysis-School'!R$4, Forecast!$D:$D, 'Analysis-School'!R$2) -> 244 | S26: =SUMIFS(Forecast!$F:$F, Forecast!$A:$A, 'Analysis-School'!$A26, Forecast!$C:$C, 'Analysis-School'!S$4, Forecast!$D:$D, 'Analysis-School'!S$2) -> 237 | T26: =SUMIFS(Forecast!$F:$F, Forecast!$A:$A, 'Analysis-School'!$A26, Forecast!$C:$C, 'Analysis-School'!T$4, Forecast!$D:$D, 'Analysis-School'!T$2) -> 232.97055 | U26: =SUMIFS(Forecast!$F:$F, Forecast!$A:$A, 'Analysis-School'!$A26, Forecast!$C:$C, 'Analysis-School'!U$4, Forecast!$D:$D, 'Analysis-School'!U$2) -> 226.59716 | V26: =(U26/S26-1) -> -0.043893859 | X26: Howard College | Y26: =SUMIFS(Forecast!$J:$J, Forecast!$A:$A, 'Analysis-School'!$A26, Forecast!$C:$C, 'Analysis-School'!Y$4, Forecast!$D:$D, 'Analysis-School'!Y$2) -> 0 | Z26: =SUMIFS(Forecast!$J:$J, Forecast!$A:$A, 'Analysis-School'!$A26, Forecast!$C:$C, 'Analysis-School'!Z$4, Forecast!$D:$D, 'Analysis-School'!Z$2) -> 0 | AA26: =SUMIFS(Forecast!$J:$J, Forecast!$A:$A, 'Analysis-School'!$A26, Forecast!$C:$C, 'Analysis-School'!AA$4, Forecast!$D:$D, 'Analysis-School'!AA$2) -> 0 | AB26: =SUMIFS(Forecast!$J:$J, Forecast!$A:$A, 'Analysis-School'!$A26, Forecast!$C:$C, 'Analysis-School'!AB$4, Forecast!$D:$D, 'Analysis-School'!AB$2) -> 0 | AC26: =SUMIFS(Forecast!$J:$J, Forecast!$A:$A, 'Analysis-School'!$A26, Forecast!$C:$C, 'Analysis-School'!AC$4, Forecast!$D:$D, 'Analysis-School'!AC$2) -> 0 | AD26: =SUMIFS(Forecast!$J:$J, Forecast!$A:$A, 'Analysis-School'!$A26, Forecast!$C:$C, 'Analysis-School'!AD$4, Forecast!$D:$D, 'Analysis-School'!AD$2) -> 0 | AE26: =SUMIFS(Forecast!$J:$J, Forecast!$A:$A, 'Analysis-School'!$A26, Forecast!$C:$C, 'Analysis-School'!AE$4, Forecast!$D:$D, 'Analysis-School'!AE$2) -> 0 | AF26: =SUMIFS(Forecast!$J:$J, Forecast!$A:$A, 'Analysis-School'!$A26, Forecast!$C:$C, 'Analysis-School'!AF$4, Forecast!$D:$D, 'Analysis-School'!AF$2) -> 0 | AG26: =IFERROR(AF26/AD26-1, "NA") -> NA
A27: 003580 | B27: Kilgore College | C27: =SUMIFS(Forecast!$E:$E, Forecast!$A:$A, 'Analysis-School'!$A27, Forecast!$C:$C, 'Analysis-School'!C$4, Forecast!$D:$D, 'Analysis-School'!C$2) -> 422 | D27: =SUMIFS(Forecast!$E:$E, Forecast!$A:$A, 'Analysis-School'!$A27, Forecast!$C:$C, 'Analysis-School'!D$4, Forecast!$D:$D, 'Analysis-School'!D$2) -> 381 | E27: =SUMIFS(Forecast!$E:$E, Forecast!$A:$A, 'Analysis-School'!$A27, Forecast!$C:$C, 'Analysis-School'!E$4, Forecast!$D:$D, 'Analysis-School'!E$2) -> 391 | F27: =SUMIFS(Forecast!$E:$E, Forecast!$A:$A, 'Analysis-School'!$A27, Forecast!$C:$C, 'Analysis-School'!F$4, Forecast!$D:$D, 'Analysis-School'!F$2) -> 445 | G27: =SUMIFS(Forecast!$E:$E, Forecast!$A:$A, 'Analysis-School'!$A27, Forecast!$C:$C, 'Analysis-School'!G$4, Forecast!$D:$D, 'Analysis-School'!G$2) -> 510 | H27: =SUMIFS(Forecast!$E:$E, Forecast!$A:$A, 'Analysis-School'!$A27, Forecast!$C:$C, 'Analysis-School'!H$4, Forecast!$D:$D, 'Analysis-School'!H$2) -> 549 | I27: =SUMIFS(Forecast!$E:$E, Forecast!$A:$A, 'Analysis-School'!$A27, Forecast!$C:$C, 'Analysis-School'!I$4, Forecast!$D:$D, 'Analysis-School'!I$2) -> 584.34324 | J27: =SUMIFS(Forecast!$E:$E, Forecast!$A:$A, 'Analysis-School'!$A27, Forecast!$C:$C, 'Analysis-School'!J$4, Forecast!$D:$D, 'Analysis-School'!J$2) -> 620.29725 | K27: =(J27/H27-1) -> 0.12986749 | M27: Kilgore College | N27: =SUMIFS(Forecast!$F:$F, Forecast!$A:$A, 'Analysis-School'!$A27, Forecast!$C:$C, 'Analysis-School'!N$4, Forecast!$D:$D, 'Analysis-School'!N$2) -> 392 | O27: =SUMIFS(Forecast!$F:$F, Forecast!$A:$A, 'Analysis-School'!$A27, Forecast!$C:$C, 'Analysis-School'!O$4, Forecast!$D:$D, 'Analysis-School'!O$2) -> 403 | P27: =SUMIFS(Forecast!$F:$F, Forecast!$A:$A, 'Analysis-School'!$A27, Forecast!$C:$C, 'Analysis-School'!P$4, Forecast!$D:$D, 'Analysis-School'!P$2) -> 419 | Q27: =SUMIFS(Forecast!$F:$F, Forecast!$A:$A, 'Analysis-School'!$A27, Forecast!$C:$C, 'Analysis-School'!Q$4, Forecast!$D:$D, 'Analysis-School'!Q$2) -> 424 | R27: =SUMIFS(Forecast!$F:$F, Forecast!$A:$A, 'Analysis-School'!$A27, Forecast!$C:$C, 'Analysis-School'!R$4, Forecast!$D:$D, 'Analysis-School'!R$2) -> 395 | S27: =SUMIFS(Forecast!$F:$F, Forecast!$A:$A, 'Analysis-School'!$A27, Forecast!$C:$C, 'Analysis-School'!S$4, Forecast!$D:$D, 'Analysis-School'!S$2) -> 370 | T27: =SUMIFS(Forecast!$F:$F, Forecast!$A:$A, 'Analysis-School'!$A27, Forecast!$C:$C, 'Analysis-School'!T$4, Forecast!$D:$D, 'Analysis-School'!T$2) -> 366.59166 | U27: =SUMIFS(Forecast!$F:$F, Forecast!$A:$A, 'Analysis-School'!$A27, Forecast!$C:$C, 'Analysis-School'!U$4, Forecast!$D:$D, 'Analysis-School'!U$2) -> 361.01681 | V27: =(U27/S27-1) -> -0.024278879 | X27: Kilgore College | Y27: =SUMIFS(Forecast!$J:$J, Forecast!$A:$A, 'Analysis-School'!$A27, Forecast!$C:$C, 'Analysis-School'!Y$4, Forecast!$D:$D, 'Analysis-School'!Y$2) -> 0 | Z27: =SUMIFS(Forecast!$J:$J, Forecast!$A:$A, 'Analysis-School'!$A27, Forecast!$C:$C, 'Analysis-School'!Z$4, Forecast!$D:$D, 'Analysis-School'!Z$2) -> 0 | AA27: =SUMIFS(Forecast!$J:$J, Forecast!$A:$A, 'Analysis-School'!$A27, Forecast!$C:$C, 'Analysis-School'!AA$4, Forecast!$D:$D, 'Analysis-School'!AA$2) -> 0 | AB27: =SUMIFS(Forecast!$J:$J, Forecast!$A:$A, 'Analysis-School'!$A27, Forecast!$C:$C, 'Analysis-School'!AB$4, Forecast!$D:$D, 'Analysis-School'!AB$2) -> 0 | AC27: =SUMIFS(Forecast!$J:$J, Forecast!$A:$A, 'Analysis-School'!$A27, Forecast!$C:$C, 'Analysis-School'!AC$4, Forecast!$D:$D, 'Analysis-School'!AC$2) -> 0 | AD27: =SUMIFS(Forecast!$J:$J, Forecast!$A:$A, 'Analysis-School'!$A27, Forecast!$C:$C, 'Analysis-School'!AD$4, Forecast!$D:$D, 'Analysis-School'!AD$2) -> 0 | AE27: =SUMIFS(Forecast!$J:$J, Forecast!$A:$A, 'Analysis-School'!$A27, Forecast!$C:$C, 'Analysis-School'!AE$4, Forecast!$D:$D, 'Analysis-School'!AE$2) -> 0 | AF27: =SUMIFS(Forecast!$J:$J, Forecast!$A:$A, 'Analysis-School'!$A27, Forecast!$C:$C, 'Analysis-School'!AF$4, Forecast!$D:$D, 'Analysis-School'!AF$2) -> 0 | AG27: =IFERROR(AF27/AD27-1, "NA") -> NA
A28: 003582 | B28: Laredo College | C28: =SUMIFS(Forecast!$E:$E, Forecast!$A:$A, 'Analysis-School'!$A28, Forecast!$C:$C, 'Analysis-School'!C$4, Forecast!$D:$D, 'Analysis-School'!C$2) -> 561 | D28: =SUMIFS(Forecast!$E:$E, Forecast!$A:$A, 'Analysis-School'!$A28, Forecast!$C:$C, 'Analysis-School'!D$4, Forecast!$D:$D, 'Analysis-School'!D$2) -> 1093 | E28: =SUMIFS(Forecast!$E:$E, Forecast!$A:$A, 'Analysis-School'!$A28, Forecast!$C:$C, 'Analysis-School'!E$4, Forecast!$D:$D, 'Analysis-School'!E$2) -> 1626 | F28: =SUMIFS(Forecast!$E:$E, Forecast!$A:$A, 'Analysis-School'!$A28, Forecast!$C:$C, 'Analysis-School'!F$4, Forecast!$D:$D, 'Analysis-School'!F$2) -> 1286 | G28: =SUMIFS(Forecast!$E:$E, Forecast!$A:$A, 'Analysis-School'!$A28, Forecast!$C:$C, 'Analysis-School'!G$4, Forecast!$D:$D, 'Analysis-School'!G$2) -> 1431 | H28: =SUMIFS(Forecast!$E:$E, Forecast!$A:$A, 'Analysis-School'!$A28, Forecast!$C:$C, 'Analysis-School'!H$4, Forecast!$D:$D, 'Analysis-School'!H$2) -> 1392 | I28: =SUMIFS(Forecast!$E:$E, Forecast!$A:$A, 'Analysis-School'!$A28, Forecast!$C:$C, 'Analysis-School'!I$4, Forecast!$D:$D, 'Analysis-School'!I$2) -> 1509.6948 | J28: =SUMIFS(Forecast!$E:$E, Forecast!$A:$A, 'Analysis-School'!$A28, Forecast!$C:$C, 'Analysis-School'!J$4, Forecast!$D:$D, 'Analysis-School'!J$2) -> 1613.1474 | K28: =(J28/H28-1) -> 0.15887028 | M28: Laredo College | N28: =SUMIFS(Forecast!$F:$F, Forecast!$A:$A, 'Analysis-School'!$A28, Forecast!$C:$C, 'Analysis-School'!N$4, Forecast!$D:$D, 'Analysis-School'!N$2) -> 772 | O28: =SUMIFS(Forecast!$F:$F, Forecast!$A:$A, 'Analysis-School'!$A28, Forecast!$C:$C, 'Analysis-School'!O$4, Forecast!$D:$D, 'Analysis-School'!O$2) -> 810 | P28: =SUMIFS(Forecast!$F:$F, Forecast!$A:$A, 'Analysis-School'!$A28, Forecast!$C:$C, 'Analysis-School'!P$4, Forecast!$D:$D, 'Analysis-School'!P$2) -> 844 | Q28: =SUMIFS(Forecast!$F:$F, Forecast!$A:$A, 'Analysis-School'!$A28, Forecast!$C:$C, 'Analysis-School'!Q$4, Forecast!$D:$D, 'Analysis-School'!Q$2) -> 897 | R28: =SUMIFS(Forecast!$F:$F, Forecast!$A:$A, 'Analysis-School'!$A28, Forecast!$C:$C, 'Analysis-School'!R$4, Forecast!$D:$D, 'Analysis-School'!R$2) -> 1083 | S28: =SUMIFS(Forecast!$F:$F, Forecast!$A:$A, 'Analysis-School'!$A28, Forecast!$C:$C, 'Analysis-School'!S$4, Forecast!$D:$D, 'Analysis-School'!S$2) -> 1074 | T28: =SUMIFS(Forecast!$F:$F, Forecast!$A:$A, 'Analysis-School'!$A28, Forecast!$C:$C, 'Analysis-School'!T$4, Forecast!$D:$D, 'Analysis-School'!T$2) -> 1167.5841 | U28: =SUMIFS(Forecast!$F:$F, Forecast!$A:$A, 'Analysis-School'!$A28, Forecast!$C:$C, 'Analysis-School'!U$4, Forecast!$D:$D, 'Analysis-School'!U$2) -> 1238.6049 | V28: =(U28/S28-1) -> 0.15326343 | X28: Laredo College | Y28: =SUMIFS(Forecast!$J:$J, Forecast!$A:$A, 'Analysis-School'!$A28, Forecast!$C:$C, 'Analysis-School'!Y$4, Forecast!$D:$D, 'Analysis-School'!Y$2) -> 0 | Z28: =SUMIFS(Forecast!$J:$J, Forecast!$A:$A, 'Analysis-School'!$A28, Forecast!$C:$C, 'Analysis-School'!Z$4, Forecast!$D:$D, 'Analysis-School'!Z$2) -> 0 | AA28: =SUMIFS(Forecast!$J:$J, Forecast!$A:$A, 'Analysis-School'!$A28, Forecast!$C:$C, 'Analysis-School'!AA$4, Forecast!$D:$D, 'Analysis-School'!AA$2) -> 0 | AB28: =SUMIFS(Forecast!$J:$J, Forecast!$A:$A, 'Analysis-School'!$A28, Forecast!$C:$C, 'Analysis-School'!AB$4, Forecast!$D:$D, 'Analysis-School'!AB$2) -> 0 | AC28: =SUMIFS(Forecast!$J:$J, Forecast!$A:$A, 'Analysis-School'!$A28, Forecast!$C:$C, 'Analysis-School'!AC$4, Forecast!$D:$D, 'Analysis-School'!AC$2) -> 0 | AD28: =SUMIFS(Forecast!$J:$J, Forecast!$A:$A, 'Analysis-School'!$A28, Forecast!$C:$C, 'Analysis-School'!AD$4, Forecast!$D:$D, 'Analysis-School'!AD$2) -> 0 | AE28: =SUMIFS(Forecast!$J:$J, Forecast!$A:$A, 'Analysis-School'!$A28, Forecast!$C:$C, 'Analysis-School'!AE$4, Forecast!$D:$D, 'Analysis-School'!AE$2) -> 0 | AF28: =SUMIFS(Forecast!$J:$J, Forecast!$A:$A, 'Analysis-School'!$A28, Forecast!$C:$C, 'Analysis-School'!AF$4, Forecast!$D:$D, 'Analysis-School'!AF$2) -> 0 | AG28: =IFERROR(AF28/AD28-1, "NA") -> NA
A29: 003583 | B29: Lee College | C29: =SUMIFS(Forecast!$E:$E, Forecast!$A:$A, 'Analysis-School'!$A29, Forecast!$C:$C, 'Analysis-School'!C$4, Forecast!$D:$D, 'Analysis-School'!C$2) -> 466 | D29: =SUMIFS(Forecast!$E:$E, Forecast!$A:$A, 'Analysis-School'!$A29, Forecast!$C:$C, 'Analysis-School'!D$4, Forecast!$D:$D, 'Analysis-School'!D$2) -> 575 | E29: =SUMIFS(Forecast!$E:$E, Forecast!$A:$A, 'Analysis-School'!$A29, Forecast!$C:$C, 'Analysis-School'!E$4, Forecast!$D:$D, 'Analysis-School'!E$2) -> 659 | F29: =SUMIFS(Forecast!$E:$E, Forecast!$A:$A, 'Analysis-School'!$A29, Forecast!$C:$C, 'Analysis-School'!F$4, Forecast!$D:$D, 'Analysis-School'!F$2) -> 592 | G29: =SUMIFS(Forecast!$E:$E, Forecast!$A:$A, 'Analysis-School'!$A29, Forecast!$C:$C, 'Analysis-School'!G$4, Forecast!$D:$D, 'Analysis-School'!G$2) -> 702 | H29: =SUMIFS(Forecast!$E:$E, Forecast!$A:$A, 'Analysis-School'!$A29, Forecast!$C:$C, 'Analysis-School'!H$4, Forecast!$D:$D, 'Analysis-School'!H$2) -> 809 | I29: =SUMIFS(Forecast!$E:$E, Forecast!$A:$A, 'Analysis-School'!$A29, Forecast!$C:$C, 'Analysis-School'!I$4, Forecast!$D:$D, 'Analysis-School'!I$2) -> 816.17476 | J29: =SUMIFS(Forecast!$E:$E, Forecast!$A:$A, 'Analysis-School'!$A29, Forecast!$C:$C, 'Analysis-School'!J$4, Forecast!$D:$D, 'Analysis-School'!J$2) -> 871.82392 | K29: =(J29/H29-1) -> 0.077656267 | M29: Lee College | N29: =SUMIFS(Forecast!$F:$F, Forecast!$A:$A, 'Analysis-School'!$A29, Forecast!$C:$C, 'Analysis-School'!N$4, Forecast!$D:$D, 'Analysis-School'!N$2) -> 363 | O29: =SUMIFS(Forecast!$F:$F, Forecast!$A:$A, 'Analysis-School'!$A29, Forecast!$C:$C, 'Analysis-School'!O$4, Forecast!$D:$D, 'Analysis-School'!O$2) -> 409 | P29: =SUMIFS(Forecast!$F:$F, Forecast!$A:$A, 'Analysis-School'!$A29, Forecast!$C:$C, 'Analysis-School'!P$4, Forecast!$D:$D, 'Analysis-School'!P$2) -> 395 | Q29: =SUMIFS(Forecast!$F:$F, Forecast!$A:$A, 'Analysis-School'!$A29, Forecast!$C:$C, 'Analysis-School'!Q$4, Forecast!$D:$D, 'Analysis-School'!Q$2) -> 514 | R29: =SUMIFS(Forecast!$F:$F, Forecast!$A:$A, 'Analysis-School'!$A29, Forecast!$C:$C, 'Analysis-School'!R$4, Forecast!$D:$D, 'Analysis-School'!R$2) -> 455 | S29: =SUMIFS(Forecast!$F:$F, Forecast!$A:$A, 'Analysis-School'!$A29, Forecast!$C:$C, 'Analysis-School'!S$4, Forecast!$D:$D, 'Analysis-School'!S$2) -> 419 | T29: =SUMIFS(Forecast!$F:$F, Forecast!$A:$A, 'Analysis-School'!$A29, Forecast!$C:$C, 'Analysis-School'!T$4, Forecast!$D:$D, 'Analysis-School'!T$2) -> 460.9 | U29: =SUMIFS(Forecast!$F:$F, Forecast!$A:$A, 'Analysis-School'!$A29, Forecast!$C:$C, 'Analysis-School'!U$4, Forecast!$D:$D, 'Analysis-School'!U$2) -> 477.45111 | V29: =(U29/S29-1) -> 0.13950145 | X29: Lee College | Y29: =SUMIFS(Forecast!$J:$J, Forecast!$A:$A, 'Analysis-School'!$A29, Forecast!$C:$C, 'Analysis-School'!Y$4, Forecast!$D:$D, 'Analysis-School'!Y$2) -> 0 | Z29: =SUMIFS(Forecast!$J:$J, Forecast!$A:$A, 'Analysis-School'!$A29, Forecast!$C:$C, 'Analysis-School'!Z$4, Forecast!$D:$D, 'Analysis-School'!Z$2) -> 0 | AA29: =SUMIFS(Forecast!$J:$J, Forecast!$A:$A, 'Analysis-School'!$A29, Forecast!$C:$C, 'Analysis-School'!AA$4, Forecast!$D:$D, 'Analysis-School'!AA$2) -> 0 | AB29: =SUMIFS(Forecast!$J:$J, Forecast!$A:$A, 'Analysis-School'!$A29, Forecast!$C:$C, 'Analysis-School'!AB$4, Forecast!$D:$D, 'Analysis-School'!AB$2) -> 0 | AC29: =SUMIFS(Forecast!$J:$J, Forecast!$A:$A, 'Analysis-School'!$A29, Forecast!$C:$C, 'Analysis-School'!AC$4, Forecast!$D:$D, 'Analysis-School'!AC$2) -> 0 | AD29: =SUMIFS(Forecast!$J:$J, Forecast!$A:$A, 'Analysis-School'!$A29, Forecast!$C:$C, 'Analysis-School'!AD$4, Forecast!$D:$D, 'Analysis-School'!AD$2) -> 0 | AE29: =SUMIFS(Forecast!$J:$J, Forecast!$A:$A, 'Analysis-School'!$A29, Forecast!$C:$C, 'Analysis-School'!AE$4, Forecast!$D:$D, 'Analysis-School'!AE$2) -> 0 | AF29: =SUMIFS(Forecast!$J:$J, Forecast!$A:$A, 'Analysis-School'!$A29, Forecast!$C:$C, 'Analysis-School'!AF$4, Forecast!$D:$D, 'Analysis-School'!AF$2) -> 0 | AG29: =IFERROR(AF29/AD29-1, "NA") -> NA
A30: 011145 | B30: Lone Star College System District | C30: =SUMIFS(Forecast!$E:$E, Forecast!$A:$A, 'Analysis-School'!$A30, Forecast!$C:$C, 'Analysis-School'!C$4, Forecast!$D:$D, 'Analysis-School'!C$2) -> 4408 | D30: =SUMIFS(Forecast!$E:$E, Forecast!$A:$A, 'Analysis-School'!$A30, Forecast!$C:$C, 'Analysis-School'!D$4, Forecast!$D:$D, 'Analysis-School'!D$2) -> 4657 | E30: =SUMIFS(Forecast!$E:$E, Forecast!$A:$A, 'Analysis-School'!$A30, Forecast!$C:$C, 'Analysis-School'!E$4, Forecast!$D:$D, 'Analysis-School'!E$2) -> 4510 | F30: =SUMIFS(Forecast!$E:$E, Forecast!$A:$A, 'Analysis-School'!$A30, Forecast!$C:$C, 'Analysis-School'!F$4, Forecast!$D:$D, 'Analysis-School'!F$2) -> 6331 | G30: =SUMIFS(Forecast!$E:$E, Forecast!$A:$A, 'Analysis-School'!$A30, Forecast!$C:$C, 'Analysis-School'!G$4, Forecast!$D:$D, 'Analysis-School'!G$2) -> 6165 | H30: =SUMIFS(Forecast!$E:$E, Forecast!$A:$A, 'Analysis-School'!$A30, Forecast!$C:$C, 'Analysis-School'!H$4, Forecast!$D:$D, 'Analysis-School'!H$2) -> 6918 | I30: =SUMIFS(Forecast!$E:$E, Forecast!$A:$A, 'Analysis-School'!$A30, Forecast!$C:$C, 'Analysis-School'!I$4, Forecast!$D:$D, 'Analysis-School'!I$2) -> 7609.8 | J30: =SUMIFS(Forecast!$E:$E, Forecast!$A:$A, 'Analysis-School'!$A30, Forecast!$C:$C, 'Analysis-School'!J$4, Forecast!$D:$D, 'Analysis-School'!J$2) -> 8188.6288 | K30: =(J30/H30-1) -> 0.18366996 | M30: Lone Star College System District | N30: =SUMIFS(Forecast!$F:$F, Forecast!$A:$A, 'Analysis-School'!$A30, Forecast!$C:$C, 'Analysis-School'!N$4, Forecast!$D:$D, 'Analysis-School'!N$2) -> 5759 | O30: =SUMIFS(Forecast!$F:$F, Forecast!$A:$A, 'Analysis-School'!$A30, Forecast!$C:$C, 'Analysis-School'!O$4, Forecast!$D:$D, 'Analysis-School'!O$2) -> 5684 | P30: =SUMIFS(Forecast!$F:$F, Forecast!$A:$A, 'Analysis-School'!$A30, Forecast!$C:$C, 'Analysis-School'!P$4, Forecast!$D:$D, 'Analysis-School'!P$2) -> 5785 | Q30: =SUMIFS(Forecast!$F:$F, Forecast!$A:$A, 'Analysis-School'!$A30, Forecast!$C:$C, 'Analysis-School'!Q$4, Forecast!$D:$D, 'Analysis-School'!Q$2) -> 6089 | R30: =SUMIFS(Forecast!$F:$F, Forecast!$A:$A, 'Analysis-School'!$A30, Forecast!$C:$C, 'Analysis-School'!R$4, Forecast!$D:$D, 'Analysis-School'!R$2) -> 6279 | S30: =SUMIFS(Forecast!$F:$F, Forecast!$A:$A, 'Analysis-School'!$A30, Forecast!$C:$C, 'Analysis-School'!S$4, Forecast!$D:$D, 'Analysis-School'!S$2) -> 6077 | T30: =SUMIFS(Forecast!$F:$F, Forecast!$A:$A, 'Analysis-School'!$A30, Forecast!$C:$C, 'Analysis-School'!T$4, Forecast!$D:$D, 'Analysis-School'!T$2) -> 6381.885 | U30: =SUMIFS(Forecast!$F:$F, Forecast!$A:$A, 'Analysis-School'!$A30, Forecast!$C:$C, 'Analysis-School'!U$4, Forecast!$D:$D, 'Analysis-School'!U$2) -> 6494.7338 | V30: =(U30/S30-1) -> 0.068740136 | X30: Lone Star College System District | Y30: =SUMIFS(Forecast!$J:$J, Forecast!$A:$A, 'Analysis-School'!$A30, Forecast!$C:$C, 'Analysis-School'!Y$4, Forecast!$D:$D, 'Analysis-School'!Y$2) -> 0 | Z30: =SUMIFS(Forecast!$J:$J, Forecast!$A:$A, 'Analysis-School'!$A30, Forecast!$C:$C, 'Analysis-School'!Z$4, Forecast!$D:$D, 'Analysis-School'!Z$2) -> 0 | AA30: =SUMIFS(Forecast!$J:$J, Forecast!$A:$A, 'Analysis-School'!$A30, Forecast!$C:$C, 'Analysis-School'!AA$4, Forecast!$D:$D, 'Analysis-School'!AA$2) -> 0 | AB30: =SUMIFS(Forecast!$J:$J, Forecast!$A:$A, 'Analysis-School'!$A30, Forecast!$C:$C, 'Analysis-School'!AB$4, Forecast!$D:$D, 'Analysis-School'!AB$2) -> 0 | AC30: =SUMIFS(Forecast!$J:$J, Forecast!$A:$A, 'Analysis-School'!$A30, Forecast!$C:$C, 'Analysis-School'!AC$4, Forecast!$D:$D, 'Analysis-School'!AC$2) -> 1 | AD30: =SUMIFS(Forecast!$J:$J, Forecast!$A:$A, 'Analysis-School'!$A30, Forecast!$C:$C, 'Analysis-School'!AD$4, Forecast!$D:$D, 'Analysis-School'!AD$2) -> 1 | AE30: =SUMIFS(Forecast!$J:$J, Forecast!$A:$A, 'Analysis-School'!$A30, Forecast!$C:$C, 'Analysis-School'!AE$4, Forecast!$D:$D, 'Analysis-School'!AE$2) -> 1.1 | AF30: =SUMIFS(Forecast!$J:$J, Forecast!$A:$A, 'Analysis-School'!$A30, Forecast!$C:$C, 'Analysis-School'!AF$4, Forecast!$D:$D, 'Analysis-School'!AF$2) -> 1.21 | AG30: =IFERROR(AF30/AD30-1, "NA") -> 0.21
A31: 003590 | B31: McLennan Community College | C31: =SUMIFS(Forecast!$E:$E, Forecast!$A:$A, 'Analysis-School'!$A31, Forecast!$C:$C, 'Analysis-School'!C$4, Forecast!$D:$D, 'Analysis-School'!C$2) -> 297 | D31: =SUMIFS(Forecast!$E:$E, Forecast!$A:$A, 'Analysis-School'!$A31, Forecast!$C:$C, 'Analysis-School'!D$4, Forecast!$D:$D, 'Analysis-School'!D$2) -> 606 | E31: =SUMIFS(Forecast!$E:$E, Forecast!$A:$A, 'Analysis-School'!$A31, Forecast!$C:$C, 'Analysis-School'!E$4, Forecast!$D:$D, 'Analysis-School'!E$2) -> 512 | F31: =SUMIFS(Forecast!$E:$E, Forecast!$A:$A, 'Analysis-School'!$A31, Forecast!$C:$C, 'Analysis-School'!F$4, Forecast!$D:$D, 'Analysis-School'!F$2) -> 469 | G31: =SUMIFS(Forecast!$E:$E, Forecast!$A:$A, 'Analysis-School'!$A31, Forecast!$C:$C, 'Analysis-School'!G$4, Forecast!$D:$D, 'Analysis-School'!G$2) -> 382 | H31: =SUMIFS(Forecast!$E:$E, Forecast!$A:$A, 'Analysis-School'!$A31, Forecast!$C:$C, 'Analysis-School'!H$4, Forecast!$D:$D, 'Analysis-School'!H$2) -> 392 | I31: =SUMIFS(Forecast!$E:$E, Forecast!$A:$A, 'Analysis-School'!$A31, Forecast!$C:$C, 'Analysis-School'!I$4, Forecast!$D:$D, 'Analysis-School'!I$2) -> 372.4 | J31: =SUMIFS(Forecast!$E:$E, Forecast!$A:$A, 'Analysis-School'!$A31, Forecast!$C:$C, 'Analysis-School'!J$4, Forecast!$D:$D, 'Analysis-School'!J$2) -> 353.78 | K31: =(J31/H31-1) -> -0.0975 | M31: McLennan Community College | N31: =SUMIFS(Forecast!$F:$F, Forecast!$A:$A, 'Analysis-School'!$A31, Forecast!$C:$C, 'Analysis-School'!N$4, Forecast!$D:$D, 'Analysis-School'!N$2) -> 800 | O31: =SUMIFS(Forecast!$F:$F, Forecast!$A:$A, 'Analysis-School'!$A31, Forecast!$C:$C, 'Analysis-School'!O$4, Forecast!$D:$D, 'Analysis-School'!O$2) -> 881 | P31: =SUMIFS(Forecast!$F:$F, Forecast!$A:$A, 'Analysis-School'!$A31, Forecast!$C:$C, 'Analysis-School'!P$4, Forecast!$D:$D, 'Analysis-School'!P$2) -> 835 | Q31: =SUMIFS(Forecast!$F:$F, Forecast!$A:$A, 'Analysis-School'!$A31, Forecast!$C:$C, 'Analysis-School'!Q$4, Forecast!$D:$D, 'Analysis-School'!Q$2) -> 736 | R31: =SUMIFS(Forecast!$F:$F, Forecast!$A:$A, 'Analysis-School'!$A31, Forecast!$C:$C, 'Analysis-School'!R$4, Forecast!$D:$D, 'Analysis-School'!R$2) -> 655 | S31: =SUMIFS(Forecast!$F:$F, Forecast!$A:$A, 'Analysis-School'!$A31, Forecast!$C:$C, 'Analysis-School'!S$4, Forecast!$D:$D, 'Analysis-School'!S$2) -> 616 | T31: =SUMIFS(Forecast!$F:$F, Forecast!$A:$A, 'Analysis-School'!$A31, Forecast!$C:$C, 'Analysis-School'!T$4, Forecast!$D:$D, 'Analysis-School'!T$2) -> 585.2 | U31: =SUMIFS(Forecast!$F:$F, Forecast!$A:$A, 'Analysis-School'!$A31, Forecast!$C:$C, 'Analysis-School'!U$4, Forecast!$D:$D, 'Analysis-School'!U$2) -> 555.94 | V31: =(U31/S31-1) -> -0.0975 | X31: McLennan Community College | Y31: =SUMIFS(Forecast!$J:$J, Forecast!$A:$A, 'Analysis-School'!$A31, Forecast!$C:$C, 'Analysis-School'!Y$4, Forecast!$D:$D, 'Analysis-School'!Y$2) -> 0 | Z31: =SUMIFS(Forecast!$J:$J, Forecast!$A:$A, 'Analysis-School'!$A31, Forecast!$C:$C, 'Analysis-School'!Z$4, Forecast!$D:$D, 'Analysis-School'!Z$2) -> 0 | AA31: =SUMIFS(Forecast!$J:$J, Forecast!$A:$A, 'Analysis-School'!$A31, Forecast!$C:$C, 'Analysis-School'!AA$4, Forecast!$D:$D, 'Analysis-School'!AA$2) -> 0 | AB31: =SUMIFS(Forecast!$J:$J, Forecast!$A:$A, 'Analysis-School'!$A31, Forecast!$C:$C, 'Analysis-School'!AB$4, Forecast!$D:$D, 'Analysis-School'!AB$2) -> 0 | AC31: =SUMIFS(Forecast!$J:$J, Forecast!$A:$A, 'Analysis-School'!$A31, Forecast!$C:$C, 'Analysis-School'!AC$4, Forecast!$D:$D, 'Analysis-School'!AC$2) -> 0 | AD31: =SUMIFS(Forecast!$J:$J, Forecast!$A:$A, 'Analysis-School'!$A31, Forecast!$C:$C, 'Analysis-School'!AD$4, Forecast!$D:$D, 'Analysis-School'!AD$2) -> 0 | AE31: =SUMIFS(Forecast!$J:$J, Forecast!$A:$A, 'Analysis-School'!$A31, Forecast!$C:$C, 'Analysis-School'!AE$4, Forecast!$D:$D, 'Analysis-School'!AE$2) -> 0 | AF31: =SUMIFS(Forecast!$J:$J, Forecast!$A:$A, 'Analysis-School'!$A31, Forecast!$C:$C, 'Analysis-School'!AF$4, Forecast!$D:$D, 'Analysis-School'!AF$2) -> 0 | AG31: =IFERROR(AF31/AD31-1, "NA") -> NA
A32: 009797 | B32: Midland College | C32: =SUMIFS(Forecast!$E:$E, Forecast!$A:$A, 'Analysis-School'!$A32, Forecast!$C:$C, 'Analysis-School'!C$4, Forecast!$D:$D, 'Analysis-School'!C$2) -> 451 | D32: =SUMIFS(Forecast!$E:$E, Forecast!$A:$A, 'Analysis-School'!$A32, Forecast!$C:$C, 'Analysis-School'!D$4, Forecast!$D:$D, 'Analysis-School'!D$2) -> 404 | E32: =SUMIFS(Forecast!$E:$E, Forecast!$A:$A, 'Analysis-School'!$A32, Forecast!$C:$C, 'Analysis-School'!E$4, Forecast!$D:$D, 'Analysis-School'!E$2) -> 571 | F32: =SUMIFS(Forecast!$E:$E, Forecast!$A:$A, 'Analysis-School'!$A32, Forecast!$C:$C, 'Analysis-School'!F$4, Forecast!$D:$D, 'Analysis-School'!F$2) -> 551 | G32: =SUMIFS(Forecast!$E:$E, Forecast!$A:$A, 'Analysis-School'!$A32, Forecast!$C:$C, 'Analysis-School'!G$4, Forecast!$D:$D, 'Analysis-School'!G$2) -> 562 | H32: =SUMIFS(Forecast!$E:$E, Forecast!$A:$A, 'Analysis-School'!$A32, Forecast!$C:$C, 'Analysis-School'!H$4, Forecast!$D:$D, 'Analysis-School'!H$2) -> 640 | I32: =SUMIFS(Forecast!$E:$E, Forecast!$A:$A, 'Analysis-School'!$A32, Forecast!$C:$C, 'Analysis-School'!I$4, Forecast!$D:$D, 'Analysis-School'!I$2) -> 664.93439 | J32: =SUMIFS(Forecast!$E:$E, Forecast!$A:$A, 'Analysis-School'!$A32, Forecast!$C:$C, 'Analysis-School'!J$4, Forecast!$D:$D, 'Analysis-School'!J$2) -> 700.08252 | K32: =(J32/H32-1) -> 0.093878937 | M32: Midland College | N32: =SUMIFS(Forecast!$F:$F, Forecast!$A:$A, 'Analysis-School'!$A32, Forecast!$C:$C, 'Analysis-School'!N$4, Forecast!$D:$D, 'Analysis-School'!N$2) -> 370 | O32: =SUMIFS(Forecast!$F:$F, Forecast!$A:$A, 'Analysis-School'!$A32, Forecast!$C:$C, 'Analysis-School'!O$4, Forecast!$D:$D, 'Analysis-School'!O$2) -> 359 | P32: =SUMIFS(Forecast!$F:$F, Forecast!$A:$A, 'Analysis-School'!$A32, Forecast!$C:$C, 'Analysis-School'!P$4, Forecast!$D:$D, 'Analysis-School'!P$2) -> 411 | Q32: =SUMIFS(Forecast!$F:$F, Forecast!$A:$A, 'Analysis-School'!$A32, Forecast!$C:$C, 'Analysis-School'!Q$4, Forecast!$D:$D, 'Analysis-School'!Q$2) -> 355 | R32: =SUMIFS(Forecast!$F:$F, Forecast!$A:$A, 'Analysis-School'!$A32, Forecast!$C:$C, 'Analysis-School'!R$4, Forecast!$D:$D, 'Analysis-School'!R$2) -> 405 | S32: =SUMIFS(Forecast!$F:$F, Forecast!$A:$A, 'Analysis-School'!$A32, Forecast!$C:$C, 'Analysis-School'!S$4, Forecast!$D:$D, 'Analysis-School'!S$2) -> 410 | T32: =SUMIFS(Forecast!$F:$F, Forecast!$A:$A, 'Analysis-School'!$A32, Forecast!$C:$C, 'Analysis-School'!T$4, Forecast!$D:$D, 'Analysis-School'!T$2) -> 421.44482 | U32: =SUMIFS(Forecast!$F:$F, Forecast!$A:$A, 'Analysis-School'!$A32, Forecast!$C:$C, 'Analysis-School'!U$4, Forecast!$D:$D, 'Analysis-School'!U$2) -> 430.01421 | V32: =(U32/S32-1) -> 0.048815139 | X32: Midland College | Y32: =SUMIFS(Forecast!$J:$J, Forecast!$A:$A, 'Analysis-School'!$A32, Forecast!$C:$C, 'Analysis-School'!Y$4, Forecast!$D:$D, 'Analysis-School'!Y$2) -> 0 | Z32: =SUMIFS(Forecast!$J:$J, Forecast!$A:$A, 'Analysis-School'!$A32, Forecast!$C:$C, 'Analysis-School'!Z$4, Forecast!$D:$D, 'Analysis-School'!Z$2) -> 1 | AA32: =SUMIFS(Forecast!$J:$J, Forecast!$A:$A, 'Analysis-School'!$A32, Forecast!$C:$C, 'Analysis-School'!AA$4, Forecast!$D:$D, 'Analysis-School'!AA$2) -> 1 | AB32: =SUMIFS(Forecast!$J:$J, Forecast!$A:$A, 'Analysis-School'!$A32, Forecast!$C:$C, 'Analysis-School'!AB$4, Forecast!$D:$D, 'Analysis-School'!AB$2) -> 0 | AC32: =SUMIFS(Forecast!$J:$J, Forecast!$A:$A, 'Analysis-School'!$A32, Forecast!$C:$C, 'Analysis-School'!AC$4, Forecast!$D:$D, 'Analysis-School'!AC$2) -> 6 | AD32: =SUMIFS(Forecast!$J:$J, Forecast!$A:$A, 'Analysis-School'!$A32, Forecast!$C:$C, 'Analysis-School'!AD$4, Forecast!$D:$D, 'Analysis-School'!AD$2) -> 8 | AE32: =SUMIFS(Forecast!$J:$J, Forecast!$A:$A, 'Analysis-School'!$A32, Forecast!$C:$C, 'Analysis-School'!AE$4, Forecast!$D:$D, 'Analysis-School'!AE$2) -> 8.787214 | AF32: =SUMIFS(Forecast!$J:$J, Forecast!$A:$A, 'Analysis-School'!$A32, Forecast!$C:$C, 'Analysis-School'!AF$4, Forecast!$D:$D, 'Analysis-School'!AF$2) -> 9.6659354 | AG32: =IFERROR(AF32/AD32-1, "NA") -> 0.20824192
A33: 003593 | B33: Navarro College | C33: =SUMIFS(Forecast!$E:$E, Forecast!$A:$A, 'Analysis-School'!$A33, Forecast!$C:$C, 'Analysis-School'!C$4, Forecast!$D:$D, 'Analysis-School'!C$2) -> 1093 | D33: =SUMIFS(Forecast!$E:$E, Forecast!$A:$A, 'Analysis-School'!$A33, Forecast!$C:$C, 'Analysis-School'!D$4, Forecast!$D:$D, 'Analysis-School'!D$2) -> 945 | E33: =SUMIFS(Forecast!$E:$E, Forecast!$A:$A, 'Analysis-School'!$A33, Forecast!$C:$C, 'Analysis-School'!E$4, Forecast!$D:$D, 'Analysis-School'!E$2) -> 1038 | F33: =SUMIFS(Forecast!$E:$E, Forecast!$A:$A, 'Analysis-School'!$A33, Forecast!$C:$C, 'Analysis-School'!F$4, Forecast!$D:$D, 'Analysis-School'!F$2) -> 817 | G33: =SUMIFS(Forecast!$E:$E, Forecast!$A:$A, 'Analysis-School'!$A33, Forecast!$C:$C, 'Analysis-School'!G$4, Forecast!$D:$D, 'Analysis-School'!G$2) -> 754 | H33: =SUMIFS(Forecast!$E:$E, Forecast!$A:$A, 'Analysis-School'!$A33, Forecast!$C:$C, 'Analysis-School'!H$4, Forecast!$D:$D, 'Analysis-School'!H$2) -> 708 | I33: =SUMIFS(Forecast!$E:$E, Forecast!$A:$A, 'Analysis-School'!$A33, Forecast!$C:$C, 'Analysis-School'!I$4, Forecast!$D:$D, 'Analysis-School'!I$2) -> 672.6 | J33: =SUMIFS(Forecast!$E:$E, Forecast!$A:$A, 'Analysis-School'!$A33, Forecast!$C:$C, 'Analysis-School'!J$4, Forecast!$D:$D, 'Analysis-School'!J$2) -> 638.97 | K33: =(J33/H33-1) -> -0.0975 | M33: Navarro College | N33: =SUMIFS(Forecast!$F:$F, Forecast!$A:$A, 'Analysis-School'!$A33, Forecast!$C:$C, 'Analysis-School'!N$4, Forecast!$D:$D, 'Analysis-School'!N$2) -> 806 | O33: =SUMIFS(Forecast!$F:$F, Forecast!$A:$A, 'Analysis-School'!$A33, Forecast!$C:$C, 'Analysis-School'!O$4, Forecast!$D:$D, 'Analysis-School'!O$2) -> 824 | P33: =SUMIFS(Forecast!$F:$F, Forecast!$A:$A, 'Analysis-School'!$A33, Forecast!$C:$C, 'Analysis-School'!P$4, Forecast!$D:$D, 'Analysis-School'!P$2) -> 916 | Q33: =SUMIFS(Forecast!$F:$F, Forecast!$A:$A, 'Analysis-School'!$A33, Forecast!$C:$C, 'Analysis-School'!Q$4, Forecast!$D:$D, 'Analysis-School'!Q$2) -> 765 | R33: =SUMIFS(Forecast!$F:$F, Forecast!$A:$A, 'Analysis-School'!$A33, Forecast!$C:$C, 'Analysis-School'!R$4, Forecast!$D:$D, 'Analysis-School'!R$2) -> 677 | S33: =SUMIFS(Forecast!$F:$F, Forecast!$A:$A, 'Analysis-School'!$A33, Forecast!$C:$C, 'Analysis-School'!S$4, Forecast!$D:$D, 'Analysis-School'!S$2) -> 687 | T33: =SUMIFS(Forecast!$F:$F, Forecast!$A:$A, 'Analysis-School'!$A33, Forecast!$C:$C, 'Analysis-School'!T$4, Forecast!$D:$D, 'Analysis-School'!T$2) -> 652.65 | U33: =SUMIFS(Forecast!$F:$F, Forecast!$A:$A, 'Analysis-School'!$A33, Forecast!$C:$C, 'Analysis-School'!U$4, Forecast!$D:$D, 'Analysis-School'!U$2) -> 620.0175 | V33: =(U33/S33-1) -> -0.0975 | X33: Navarro College | Y33: =SUMIFS(Forecast!$J:$J, Forecast!$A:$A, 'Analysis-School'!$A33, Forecast!$C:$C, 'Analysis-School'!Y$4, Forecast!$D:$D, 'Analysis-School'!Y$2) -> 1 | Z33: =SUMIFS(Forecast!$J:$J, Forecast!$A:$A, 'Analysis-School'!$A33, Forecast!$C:$C, 'Analysis-School'!Z$4, Forecast!$D:$D, 'Analysis-School'!Z$2) -> 2 | AA33: =SUMIFS(Forecast!$J:$J, Forecast!$A:$A, 'Analysis-School'!$A33, Forecast!$C:$C, 'Analysis-School'!AA$4, Forecast!$D:$D, 'Analysis-School'!AA$2) -> 2 | AB33: =SUMIFS(Forecast!$J:$J, Forecast!$A:$A, 'Analysis-School'!$A33, Forecast!$C:$C, 'Analysis-School'!AB$4, Forecast!$D:$D, 'Analysis-School'!AB$2) -> 0 | AC33: =SUMIFS(Forecast!$J:$J, Forecast!$A:$A, 'Analysis-School'!$A33, Forecast!$C:$C, 'Analysis-School'!AC$4, Forecast!$D:$D, 'Analysis-School'!AC$2) -> 0 | AD33: =SUMIFS(Forecast!$J:$J, Forecast!$A:$A, 'Analysis-School'!$A33, Forecast!$C:$C, 'Analysis-School'!AD$4, Forecast!$D:$D, 'Analysis-School'!AD$2) -> 0 | AE33: =MAX(SUMIFS(Forecast!$J:$J, Forecast!$A:$A, 'Analysis-School'!$A33, Forecast!$C:$C, 'Analysis-School'!AE$4, Forecast!$D:$D, 'Analysis-School'!AE$2),0) -> 0 | AF33: =MAX(SUMIFS(Forecast!$J:$J, Forecast!$A:$A, 'Analysis-School'!$A33, Forecast!$C:$C, 'Analysis-School'!AF$4, Forecast!$D:$D, 'Analysis-School'!AF$2),0) -> 0 | AG33: =IFERROR(AF33/AD33-1, "NA") -> NA
A34: 003558 | B34: North Central Texas College | C34: =SUMIFS(Forecast!$E:$E, Forecast!$A:$A, 'Analysis-School'!$A34, Forecast!$C:$C, 'Analysis-School'!C$4, Forecast!$D:$D, 'Analysis-School'!C$2) -> 581 | D34: =SUMIFS(Forecast!$E:$E, Forecast!$A:$A, 'Analysis-School'!$A34, Forecast!$C:$C, 'Analysis-School'!D$4, Forecast!$D:$D, 'Analysis-School'!D$2) -> 659 | E34: =SUMIFS(Forecast!$E:$E, Forecast!$A:$A, 'Analysis-School'!$A34, Forecast!$C:$C, 'Analysis-School'!E$4, Forecast!$D:$D, 'Analysis-School'!E$2) -> 667 | F34: =SUMIFS(Forecast!$E:$E, Forecast!$A:$A, 'Analysis-School'!$A34, Forecast!$C:$C, 'Analysis-School'!F$4, Forecast!$D:$D, 'Analysis-School'!F$2) -> 733 | G34: =SUMIFS(Forecast!$E:$E, Forecast!$A:$A, 'Analysis-School'!$A34, Forecast!$C:$C, 'Analysis-School'!G$4, Forecast!$D:$D, 'Analysis-School'!G$2) -> 575 | H34: =SUMIFS(Forecast!$E:$E, Forecast!$A:$A, 'Analysis-School'!$A34, Forecast!$C:$C, 'Analysis-School'!H$4, Forecast!$D:$D, 'Analysis-School'!H$2) -> 531 | I34: =SUMIFS(Forecast!$E:$E, Forecast!$A:$A, 'Analysis-School'!$A34, Forecast!$C:$C, 'Analysis-School'!I$4, Forecast!$D:$D, 'Analysis-School'!I$2) -> 514.27859 | J34: =SUMIFS(Forecast!$E:$E, Forecast!$A:$A, 'Analysis-School'!$A34, Forecast!$C:$C, 'Analysis-School'!J$4, Forecast!$D:$D, 'Analysis-School'!J$2) -> 493.90327 | K34: =(J34/H34-1) -> -0.069862007 | M34: North Central Texas College | N34: =SUMIFS(Forecast!$F:$F, Forecast!$A:$A, 'Analysis-School'!$A34, Forecast!$C:$C, 'Analysis-School'!N$4, Forecast!$D:$D, 'Analysis-School'!N$2) -> 857 | O34: =SUMIFS(Forecast!$F:$F, Forecast!$A:$A, 'Analysis-School'!$A34, Forecast!$C:$C, 'Analysis-School'!O$4, Forecast!$D:$D, 'Analysis-School'!O$2) -> 888 | P34: =SUMIFS(Forecast!$F:$F, Forecast!$A:$A, 'Analysis-School'!$A34, Forecast!$C:$C, 'Analysis-School'!P$4, Forecast!$D:$D, 'Analysis-School'!P$2) -> 931 | Q34: =SUMIFS(Forecast!$F:$F, Forecast!$A:$A, 'Analysis-School'!$A34, Forecast!$C:$C, 'Analysis-School'!Q$4, Forecast!$D:$D, 'Analysis-School'!Q$2) -> 915 | R34: =SUMIFS(Forecast!$F:$F, Forecast!$A:$A, 'Analysis-School'!$A34, Forecast!$C:$C, 'Analysis-School'!R$4, Forecast!$D:$D, 'Analysis-School'!R$2) -> 887 | S34: =SUMIFS(Forecast!$F:$F, Forecast!$A:$A, 'Analysis-School'!$A34, Forecast!$C:$C, 'Analysis-School'!S$4, Forecast!$D:$D, 'Analysis-School'!S$2) -> 791 | T34: =SUMIFS(Forecast!$F:$F, Forecast!$A:$A, 'Analysis-School'!$A34, Forecast!$C:$C, 'Analysis-School'!T$4, Forecast!$D:$D, 'Analysis-School'!T$2) -> 784.35409 | U34: =SUMIFS(Forecast!$F:$F, Forecast!$A:$A, 'Analysis-School'!$A34, Forecast!$C:$C, 'Analysis-School'!U$4, Forecast!$D:$D, 'Analysis-School'!U$2) -> 769.46214 | V34: =(U34/S34-1) -> -0.027228653 | X34: North Central Texas College | Y34: =SUMIFS(Forecast!$J:$J, Forecast!$A:$A, 'Analysis-School'!$A34, Forecast!$C:$C, 'Analysis-School'!Y$4, Forecast!$D:$D, 'Analysis-School'!Y$2) -> 0 | Z34: =SUMIFS(Forecast!$J:$J, Forecast!$A:$A, 'Analysis-School'!$A34, Forecast!$C:$C, 'Analysis-School'!Z$4, Forecast!$D:$D, 'Analysis-School'!Z$2) -> 0 | AA34: =SUMIFS(Forecast!$J:$J, Forecast!$A:$A, 'Analysis-School'!$A34, Forecast!$C:$C, 'Analysis-School'!AA$4, Forecast!$D:$D, 'Analysis-School'!AA$2) -> 0 | AB34: =SUMIFS(Forecast!$J:$J, Forecast!$A:$A, 'Analysis-School'!$A34, Forecast!$C:$C, 'Analysis-School'!AB$4, Forecast!$D:$D, 'Analysis-School'!AB$2) -> 0 | AC34: =SUMIFS(Forecast!$J:$J, Forecast!$A:$A, 'Analysis-School'!$A34, Forecast!$C:$C, 'Analysis-School'!AC$4, Forecast!$D:$D, 'Analysis-School'!AC$2) -> 0 | AD34: =SUMIFS(Forecast!$J:$J, Forecast!$A:$A, 'Analysis-School'!$A34, Forecast!$C:$C, 'Analysis-School'!AD$4, Forecast!$D:$D, 'Analysis-School'!AD$2) -> 0 | AE34: =SUMIFS(Forecast!$J:$J, Forecast!$A:$A, 'Analysis-School'!$A34, Forecast!$C:$C, 'Analysis-School'!AE$4, Forecast!$D:$D, 'Analysis-School'!AE$2) -> 0 | AF34: =SUMIFS(Forecast!$J:$J, Forecast!$A:$A, 'Analysis-School'!$A34, Forecast!$C:$C, 'Analysis-School'!AF$4, Forecast!$D:$D, 'Analysis-School'!AF$2) -> 0 | AG34: =IFERROR(AF34/AD34-1, "NA") -> NA
A35: 023154 | B35: Northeast Texas Community College | C35: =SUMIFS(Forecast!$E:$E, Forecast!$A:$A, 'Analysis-School'!$A35, Forecast!$C:$C, 'Analysis-School'!C$4, Forecast!$D:$D, 'Analysis-School'!C$2) -> 279 | D35: =SUMIFS(Forecast!$E:$E, Forecast!$A:$A, 'Analysis-School'!$A35, Forecast!$C:$C, 'Analysis-School'!D$4, Forecast!$D:$D, 'Analysis-School'!D$2) -> 326 | E35: =SUMIFS(Forecast!$E:$E, Forecast!$A:$A, 'Analysis-School'!$A35, Forecast!$C:$C, 'Analysis-School'!E$4, Forecast!$D:$D, 'Analysis-School'!E$2) -> 276 | F35: =SUMIFS(Forecast!$E:$E, Forecast!$A:$A, 'Analysis-School'!$A35, Forecast!$C:$C, 'Analysis-School'!F$4, Forecast!$D:$D, 'Analysis-School'!F$2) -> 263 | G35: =SUMIFS(Forecast!$E:$E, Forecast!$A:$A, 'Analysis-School'!$A35, Forecast!$C:$C, 'Analysis-School'!G$4, Forecast!$D:$D, 'Analysis-School'!G$2) -> 292 | H35: =SUMIFS(Forecast!$E:$E, Forecast!$A:$A, 'Analysis-School'!$A35, Forecast!$C:$C, 'Analysis-School'!H$4, Forecast!$D:$D, 'Analysis-School'!H$2) -> 289 | I35: =SUMIFS(Forecast!$E:$E, Forecast!$A:$A, 'Analysis-School'!$A35, Forecast!$C:$C, 'Analysis-School'!I$4, Forecast!$D:$D, 'Analysis-School'!I$2) -> 285.73469 | J35: =SUMIFS(Forecast!$E:$E, Forecast!$A:$A, 'Analysis-School'!$A35, Forecast!$C:$C, 'Analysis-School'!J$4, Forecast!$D:$D, 'Analysis-School'!J$2) -> 282.46939 | K35: =(J35/H35-1) -> -0.022597274 | M35: Northeast Texas Community College | N35: =SUMIFS(Forecast!$F:$F, Forecast!$A:$A, 'Analysis-School'!$A35, Forecast!$C:$C, 'Analysis-School'!N$4, Forecast!$D:$D, 'Analysis-School'!N$2) -> 254 | O35: =SUMIFS(Forecast!$F:$F, Forecast!$A:$A, 'Analysis-School'!$A35, Forecast!$C:$C, 'Analysis-School'!O$4, Forecast!$D:$D, 'Analysis-School'!O$2) -> 274 | P35: =SUMIFS(Forecast!$F:$F, Forecast!$A:$A, 'Analysis-School'!$A35, Forecast!$C:$C, 'Analysis-School'!P$4, Forecast!$D:$D, 'Analysis-School'!P$2) -> 287 | Q35: =SUMIFS(Forecast!$F:$F, Forecast!$A:$A, 'Analysis-School'!$A35, Forecast!$C:$C, 'Analysis-School'!Q$4, Forecast!$D:$D, 'Analysis-School'!Q$2) -> 272 | R35: =SUMIFS(Forecast!$F:$F, Forecast!$A:$A, 'Analysis-School'!$A35, Forecast!$C:$C, 'Analysis-School'!R$4, Forecast!$D:$D, 'Analysis-School'!R$2) -> 259 | S35: =SUMIFS(Forecast!$F:$F, Forecast!$A:$A, 'Analysis-School'!$A35, Forecast!$C:$C, 'Analysis-School'!S$4, Forecast!$D:$D, 'Analysis-School'!S$2) -> 276 | T35: =SUMIFS(Forecast!$F:$F, Forecast!$A:$A, 'Analysis-School'!$A35, Forecast!$C:$C, 'Analysis-School'!T$4, Forecast!$D:$D, 'Analysis-School'!T$2) -> 271.37023 | U35: =SUMIFS(Forecast!$F:$F, Forecast!$A:$A, 'Analysis-School'!$A35, Forecast!$C:$C, 'Analysis-School'!U$4, Forecast!$D:$D, 'Analysis-School'!U$2) -> 271.46514 | V35: =(U35/S35-1) -> -0.016430645 | X35: Northeast Texas Community College | Y35: =SUMIFS(Forecast!$J:$J, Forecast!$A:$A, 'Analysis-School'!$A35, Forecast!$C:$C, 'Analysis-School'!Y$4, Forecast!$D:$D, 'Analysis-School'!Y$2) -> 0 | Z35: =SUMIFS(Forecast!$J:$J, Forecast!$A:$A, 'Analysis-School'!$A35, Forecast!$C:$C, 'Analysis-School'!Z$4, Forecast!$D:$D, 'Analysis-School'!Z$2) -> 0 | AA35: =SUMIFS(Forecast!$J:$J, Forecast!$A:$A, 'Analysis-School'!$A35, Forecast!$C:$C, 'Analysis-School'!AA$4, Forecast!$D:$D, 'Analysis-School'!AA$2) -> 0 | AB35: =SUMIFS(Forecast!$J:$J, Forecast!$A:$A, 'Analysis-School'!$A35, Forecast!$C:$C, 'Analysis-School'!AB$4, Forecast!$D:$D, 'Analysis-School'!AB$2) -> 0 | AC35: =SUMIFS(Forecast!$J:$J, Forecast!$A:$A, 'Analysis-School'!$A35, Forecast!$C:$C, 'Analysis-School'!AC$4, Forecast!$D:$D, 'Analysis-School'!AC$2) -> 0 | AD35: =SUMIFS(Forecast!$J:$J, Forecast!$A:$A, 'Analysis-School'!$A35, Forecast!$C:$C, 'Analysis-School'!AD$4, Forecast!$D:$D, 'Analysis-School'!AD$2) -> 0 | AE35: =SUMIFS(Forecast!$J:$J, Forecast!$A:$A, 'Analysis-School'!$A35, Forecast!$C:$C, 'Analysis-School'!AE$4, Forecast!$D:$D, 'Analysis-School'!AE$2) -> 0 | AF35: =SUMIFS(Forecast!$J:$J, Forecast!$A:$A, 'Analysis-School'!$A35, Forecast!$C:$C, 'Analysis-School'!AF$4, Forecast!$D:$D, 'Analysis-School'!AF$2) -> 0 | AG35: =IFERROR(AF35/AD35-1, "NA") -> NA
A36: 003596 | B36: Odessa College | C36: =SUMIFS(Forecast!$E:$E, Forecast!$A:$A, 'Analysis-School'!$A36, Forecast!$C:$C, 'Analysis-School'!C$4, Forecast!$D:$D, 'Analysis-School'!C$2) -> 595 | D36: =SUMIFS(Forecast!$E:$E, Forecast!$A:$A, 'Analysis-School'!$A36, Forecast!$C:$C, 'Analysis-School'!D$4, Forecast!$D:$D, 'Analysis-School'!D$2) -> 689 | E36: =SUMIFS(Forecast!$E:$E, Forecast!$A:$A, 'Analysis-School'!$A36, Forecast!$C:$C, 'Analysis-School'!E$4, Forecast!$D:$D, 'Analysis-School'!E$2) -> 700 | F36: =SUMIFS(Forecast!$E:$E, Forecast!$A:$A, 'Analysis-School'!$A36, Forecast!$C:$C, 'Analysis-School'!F$4, Forecast!$D:$D, 'Analysis-School'!F$2) -> 779 | G36: =SUMIFS(Forecast!$E:$E, Forecast!$A:$A, 'Analysis-School'!$A36, Forecast!$C:$C, 'Analysis-School'!G$4, Forecast!$D:$D, 'Analysis-School'!G$2) -> 1023 | H36: =SUMIFS(Forecast!$E:$E, Forecast!$A:$A, 'Analysis-School'!$A36, Forecast!$C:$C, 'Analysis-School'!H$4, Forecast!$D:$D, 'Analysis-School'!H$2) -> 1227 | I36: =SUMIFS(Forecast!$E:$E, Forecast!$A:$A, 'Analysis-School'!$A36, Forecast!$C:$C, 'Analysis-School'!I$4, Forecast!$D:$D, 'Analysis-School'!I$2) -> 1346.1157 | J36: =SUMIFS(Forecast!$E:$E, Forecast!$A:$A, 'Analysis-School'!$A36, Forecast!$C:$C, 'Analysis-School'!J$4, Forecast!$D:$D, 'Analysis-School'!J$2) -> 1473.9587 | K36: =(J36/H36-1) -> 0.20127031 | M36: Odessa College | N36: =SUMIFS(Forecast!$F:$F, Forecast!$A:$A, 'Analysis-School'!$A36, Forecast!$C:$C, 'Analysis-School'!N$4, Forecast!$D:$D, 'Analysis-School'!N$2) -> 421 | O36: =SUMIFS(Forecast!$F:$F, Forecast!$A:$A, 'Analysis-School'!$A36, Forecast!$C:$C, 'Analysis-School'!O$4, Forecast!$D:$D, 'Analysis-School'!O$2) -> 480 | P36: =SUMIFS(Forecast!$F:$F, Forecast!$A:$A, 'Analysis-School'!$A36, Forecast!$C:$C, 'Analysis-School'!P$4, Forecast!$D:$D, 'Analysis-School'!P$2) -> 471 | Q36: =SUMIFS(Forecast!$F:$F, Forecast!$A:$A, 'Analysis-School'!$A36, Forecast!$C:$C, 'Analysis-School'!Q$4, Forecast!$D:$D, 'Analysis-School'!Q$2) -> 571 | R36: =SUMIFS(Forecast!$F:$F, Forecast!$A:$A, 'Analysis-School'!$A36, Forecast!$C:$C, 'Analysis-School'!R$4, Forecast!$D:$D, 'Analysis-School'!R$2) -> 538 | S36: =SUMIFS(Forecast!$F:$F, Forecast!$A:$A, 'Analysis-School'!$A36, Forecast!$C:$C, 'Analysis-School'!S$4, Forecast!$D:$D, 'Analysis-School'!S$2) -> 621 | T36: =SUMIFS(Forecast!$F:$F, Forecast!$A:$A, 'Analysis-School'!$A36, Forecast!$C:$C, 'Analysis-School'!T$4, Forecast!$D:$D, 'Analysis-School'!T$2) -> 636.384 | U36: =SUMIFS(Forecast!$F:$F, Forecast!$A:$A, 'Analysis-School'!$A36, Forecast!$C:$C, 'Analysis-School'!U$4, Forecast!$D:$D, 'Analysis-School'!U$2) -> 672.28595 | V36: =(U36/S36-1) -> 0.082586074 | X36: Odessa College | Y36: =SUMIFS(Forecast!$J:$J, Forecast!$A:$A, 'Analysis-School'!$A36, Forecast!$C:$C, 'Analysis-School'!Y$4, Forecast!$D:$D, 'Analysis-School'!Y$2) -> 0 | Z36: =SUMIFS(Forecast!$J:$J, Forecast!$A:$A, 'Analysis-School'!$A36, Forecast!$C:$C, 'Analysis-School'!Z$4, Forecast!$D:$D, 'Analysis-School'!Z$2) -> 0 | AA36: =SUMIFS(Forecast!$J:$J, Forecast!$A:$A, 'Analysis-School'!$A36, Forecast!$C:$C, 'Analysis-School'!AA$4, Forecast!$D:$D, 'Analysis-School'!AA$2) -> 0 | AB36: =SUMIFS(Forecast!$J:$J, Forecast!$A:$A, 'Analysis-School'!$A36, Forecast!$C:$C, 'Analysis-School'!AB$4, Forecast!$D:$D, 'Analysis-School'!AB$2) -> 0 | AC36: =SUMIFS(Forecast!$J:$J, Forecast!$A:$A, 'Analysis-School'!$A36, Forecast!$C:$C, 'Analysis-School'!AC$4, Forecast!$D:$D, 'Analysis-School'!AC$2) -> 0 | AD36: =SUMIFS(Forecast!$J:$J, Forecast!$A:$A, 'Analysis-School'!$A36, Forecast!$C:$C, 'Analysis-School'!AD$4, Forecast!$D:$D, 'Analysis-School'!AD$2) -> 0 | AE36: =SUMIFS(Forecast!$J:$J, Forecast!$A:$A, 'Analysis-School'!$A36, Forecast!$C:$C, 'Analysis-School'!AE$4, Forecast!$D:$D, 'Analysis-School'!AE$2) -> 0 | AF36: =SUMIFS(Forecast!$J:$J, Forecast!$A:$A, 'Analysis-School'!$A36, Forecast!$C:$C, 'Analysis-School'!AF$4, Forecast!$D:$D, 'Analysis-School'!AF$2) -> 0 | AG36: =IFERROR(AF36/AD36-1, "NA") -> NA
A37: 003600 | B37: Panola College | C37: =SUMIFS(Forecast!$E:$E, Forecast!$A:$A, 'Analysis-School'!$A37, Forecast!$C:$C, 'Analysis-School'!C$4, Forecast!$D:$D, 'Analysis-School'!C$2) -> 227 | D37: =SUMIFS(Forecast!$E:$E, Forecast!$A:$A, 'Analysis-School'!$A37, Forecast!$C:$C, 'Analysis-School'!D$4, Forecast!$D:$D, 'Analysis-School'!D$2) -> 229 | E37: =SUMIFS(Forecast!$E:$E, Forecast!$A:$A, 'Analysis-School'!$A37, Forecast!$C:$C, 'Analysis-School'!E$4, Forecast!$D:$D, 'Analysis-School'!E$2) -> 305 | F37: =SUMIFS(Forecast!$E:$E, Forecast!$A:$A, 'Analysis-School'!$A37, Forecast!$C:$C, 'Analysis-School'!F$4, Forecast!$D:$D, 'Analysis-School'!F$2) -> 369 | G37: =SUMIFS(Forecast!$E:$E, Forecast!$A:$A, 'Analysis-School'!$A37, Forecast!$C:$C, 'Analysis-School'!G$4, Forecast!$D:$D, 'Analysis-School'!G$2) -> 302 | H37: =SUMIFS(Forecast!$E:$E, Forecast!$A:$A, 'Analysis-School'!$A37, Forecast!$C:$C, 'Analysis-School'!H$4, Forecast!$D:$D, 'Analysis-School'!H$2) -> 298 | I37: =SUMIFS(Forecast!$E:$E, Forecast!$A:$A, 'Analysis-School'!$A37, Forecast!$C:$C, 'Analysis-School'!I$4, Forecast!$D:$D, 'Analysis-School'!I$2) -> 327.8 | J37: =SUMIFS(Forecast!$E:$E, Forecast!$A:$A, 'Analysis-School'!$A37, Forecast!$C:$C, 'Analysis-School'!J$4, Forecast!$D:$D, 'Analysis-School'!J$2) -> 352.61331 | K37: =(J37/H37-1) -> 0.18326615 | M37: Panola College | N37: =SUMIFS(Forecast!$F:$F, Forecast!$A:$A, 'Analysis-School'!$A37, Forecast!$C:$C, 'Analysis-School'!N$4, Forecast!$D:$D, 'Analysis-School'!N$2) -> 180 | O37: =SUMIFS(Forecast!$F:$F, Forecast!$A:$A, 'Analysis-School'!$A37, Forecast!$C:$C, 'Analysis-School'!O$4, Forecast!$D:$D, 'Analysis-School'!O$2) -> 191 | P37: =SUMIFS(Forecast!$F:$F, Forecast!$A:$A, 'Analysis-School'!$A37, Forecast!$C:$C, 'Analysis-School'!P$4, Forecast!$D:$D, 'Analysis-School'!P$2) -> 213 | Q37: =SUMIFS(Forecast!$F:$F, Forecast!$A:$A, 'Analysis-School'!$A37, Forecast!$C:$C, 'Analysis-School'!Q$4, Forecast!$D:$D, 'Analysis-School'!Q$2) -> 161 | R37: =SUMIFS(Forecast!$F:$F, Forecast!$A:$A, 'Analysis-School'!$A37, Forecast!$C:$C, 'Analysis-School'!R$4, Forecast!$D:$D, 'Analysis-School'!R$2) -> 148 | S37: =SUMIFS(Forecast!$F:$F, Forecast!$A:$A, 'Analysis-School'!$A37, Forecast!$C:$C, 'Analysis-School'!S$4, Forecast!$D:$D, 'Analysis-School'!S$2) -> 164 | T37: =SUMIFS(Forecast!$F:$F, Forecast!$A:$A, 'Analysis-School'!$A37, Forecast!$C:$C, 'Analysis-School'!T$4, Forecast!$D:$D, 'Analysis-School'!T$2) -> 155.8 | U37: =SUMIFS(Forecast!$F:$F, Forecast!$A:$A, 'Analysis-School'!$A37, Forecast!$C:$C, 'Analysis-School'!U$4, Forecast!$D:$D, 'Analysis-School'!U$2) -> 148.01 | V37: =(U37/S37-1) -> -0.0975 | X37: Panola College | Y37: =SUMIFS(Forecast!$J:$J, Forecast!$A:$A, 'Analysis-School'!$A37, Forecast!$C:$C, 'Analysis-School'!Y$4, Forecast!$D:$D, 'Analysis-School'!Y$2) -> 0 | Z37: =SUMIFS(Forecast!$J:$J, Forecast!$A:$A, 'Analysis-School'!$A37, Forecast!$C:$C, 'Analysis-School'!Z$4, Forecast!$D:$D, 'Analysis-School'!Z$2) -> 0 | AA37: =SUMIFS(Forecast!$J:$J, Forecast!$A:$A, 'Analysis-School'!$A37, Forecast!$C:$C, 'Analysis-School'!AA$4, Forecast!$D:$D, 'Analysis-School'!AA$2) -> 0 | AB37: =SUMIFS(Forecast!$J:$J, Forecast!$A:$A, 'Analysis-School'!$A37, Forecast!$C:$C, 'Analysis-School'!AB$4, Forecast!$D:$D, 'Analysis-School'!AB$2) -> 0 | AC37: =SUMIFS(Forecast!$J:$J, Forecast!$A:$A, 'Analysis-School'!$A37, Forecast!$C:$C, 'Analysis-School'!AC$4, Forecast!$D:$D, 'Analysis-School'!AC$2) -> 0 | AD37: =SUMIFS(Forecast!$J:$J, Forecast!$A:$A, 'Analysis-School'!$A37, Forecast!$C:$C, 'Analysis-School'!AD$4, Forecast!$D:$D, 'Analysis-School'!AD$2) -> 0 | AE37: =SUMIFS(Forecast!$J:$J, Forecast!$A:$A, 'Analysis-School'!$A37, Forecast!$C:$C, 'Analysis-School'!AE$4, Forecast!$D:$D, 'Analysis-School'!AE$2) -> 0 | AF37: =SUMIFS(Forecast!$J:$J, Forecast!$A:$A, 'Analysis-School'!$A37, Forecast!$C:$C, 'Analysis-School'!AF$4, Forecast!$D:$D, 'Analysis-School'!AF$2) -> 0 | AG37: =IFERROR(AF37/AD37-1, "NA") -> NA
A38: 003601 | B38: Paris Junior College | C38: =SUMIFS(Forecast!$E:$E, Forecast!$A:$A, 'Analysis-School'!$A38, Forecast!$C:$C, 'Analysis-School'!C$4, Forecast!$D:$D, 'Analysis-School'!C$2) -> 602 | D38: =SUMIFS(Forecast!$E:$E, Forecast!$A:$A, 'Analysis-School'!$A38, Forecast!$C:$C, 'Analysis-School'!D$4, Forecast!$D:$D, 'Analysis-School'!D$2) -> 668 | E38: =SUMIFS(Forecast!$E:$E, Forecast!$A:$A, 'Analysis-School'!$A38, Forecast!$C:$C, 'Analysis-School'!E$4, Forecast!$D:$D, 'Analysis-School'!E$2) -> 699 | F38: =SUMIFS(Forecast!$E:$E, Forecast!$A:$A, 'Analysis-School'!$A38, Forecast!$C:$C, 'Analysis-School'!F$4, Forecast!$D:$D, 'Analysis-School'!F$2) -> 643 | G38: =SUMIFS(Forecast!$E:$E, Forecast!$A:$A, 'Analysis-School'!$A38, Forecast!$C:$C, 'Analysis-School'!G$4, Forecast!$D:$D, 'Analysis-School'!G$2) -> 621 | H38: =SUMIFS(Forecast!$E:$E, Forecast!$A:$A, 'Analysis-School'!$A38, Forecast!$C:$C, 'Analysis-School'!H$4, Forecast!$D:$D, 'Analysis-School'!H$2) -> 749 | I38: =SUMIFS(Forecast!$E:$E, Forecast!$A:$A, 'Analysis-School'!$A38, Forecast!$C:$C, 'Analysis-School'!I$4, Forecast!$D:$D, 'Analysis-School'!I$2) -> 711.55 | J38: =SUMIFS(Forecast!$E:$E, Forecast!$A:$A, 'Analysis-School'!$A38, Forecast!$C:$C, 'Analysis-School'!J$4, Forecast!$D:$D, 'Analysis-School'!J$2) -> 709.62936 | K38: =(J38/H38-1) -> -0.052564266 | M38: Paris Junior College | N38: =SUMIFS(Forecast!$F:$F, Forecast!$A:$A, 'Analysis-School'!$A38, Forecast!$C:$C, 'Analysis-School'!N$4, Forecast!$D:$D, 'Analysis-School'!N$2) -> 517 | O38: =SUMIFS(Forecast!$F:$F, Forecast!$A:$A, 'Analysis-School'!$A38, Forecast!$C:$C, 'Analysis-School'!O$4, Forecast!$D:$D, 'Analysis-School'!O$2) -> 439 | P38: =SUMIFS(Forecast!$F:$F, Forecast!$A:$A, 'Analysis-School'!$A38, Forecast!$C:$C, 'Analysis-School'!P$4, Forecast!$D:$D, 'Analysis-School'!P$2) -> 492 | Q38: =SUMIFS(Forecast!$F:$F, Forecast!$A:$A, 'Analysis-School'!$A38, Forecast!$C:$C, 'Analysis-School'!Q$4, Forecast!$D:$D, 'Analysis-School'!Q$2) -> 430 | R38: =SUMIFS(Forecast!$F:$F, Forecast!$A:$A, 'Analysis-School'!$A38, Forecast!$C:$C, 'Analysis-School'!R$4, Forecast!$D:$D, 'Analysis-School'!R$2) -> 358 | S38: =SUMIFS(Forecast!$F:$F, Forecast!$A:$A, 'Analysis-School'!$A38, Forecast!$C:$C, 'Analysis-School'!S$4, Forecast!$D:$D, 'Analysis-School'!S$2) -> 367 | T38: =SUMIFS(Forecast!$F:$F, Forecast!$A:$A, 'Analysis-School'!$A38, Forecast!$C:$C, 'Analysis-School'!T$4, Forecast!$D:$D, 'Analysis-School'!T$2) -> 348.65 | U38: =SUMIFS(Forecast!$F:$F, Forecast!$A:$A, 'Analysis-School'!$A38, Forecast!$C:$C, 'Analysis-School'!U$4, Forecast!$D:$D, 'Analysis-School'!U$2) -> 331.2175 | V38: =(U38/S38-1) -> -0.0975 | X38: Paris Junior College | Y38: =SUMIFS(Forecast!$J:$J, Forecast!$A:$A, 'Analysis-School'!$A38, Forecast!$C:$C, 'Analysis-School'!Y$4, Forecast!$D:$D, 'Analysis-School'!Y$2) -> 0 | Z38: =SUMIFS(Forecast!$J:$J, Forecast!$A:$A, 'Analysis-School'!$A38, Forecast!$C:$C, 'Analysis-School'!Z$4, Forecast!$D:$D, 'Analysis-School'!Z$2) -> 0 | AA38: =SUMIFS(Forecast!$J:$J, Forecast!$A:$A, 'Analysis-School'!$A38, Forecast!$C:$C, 'Analysis-School'!AA$4, Forecast!$D:$D, 'Analysis-School'!AA$2) -> 0 | AB38: =SUMIFS(Forecast!$J:$J, Forecast!$A:$A, 'Analysis-School'!$A38, Forecast!$C:$C, 'Analysis-School'!AB$4, Forecast!$D:$D, 'Analysis-School'!AB$2) -> 2 | AC38: =SUMIFS(Forecast!$J:$J, Forecast!$A:$A, 'Analysis-School'!$A38, Forecast!$C:$C, 'Analysis-School'!AC$4, Forecast!$D:$D, 'Analysis-School'!AC$2) -> 1 | AD38: =SUMIFS(Forecast!$J:$J, Forecast!$A:$A, 'Analysis-School'!$A38, Forecast!$C:$C, 'Analysis-School'!AD$4, Forecast!$D:$D, 'Analysis-School'!AD$2) -> 0 | AE38: =SUMIFS(Forecast!$J:$J, Forecast!$A:$A, 'Analysis-School'!$A38, Forecast!$C:$C, 'Analysis-School'!AE$4, Forecast!$D:$D, 'Analysis-School'!AE$2) -> 0.77099349 | AF38: =SUMIFS(Forecast!$J:$J, Forecast!$A:$A, 'Analysis-School'!$A38, Forecast!$C:$C, 'Analysis-School'!AF$4, Forecast!$D:$D, 'Analysis-School'!AF$2) -> 0.84809284 | AG38: =IFERROR(AF38/AD38-1, "NA") -> NA
A39: 003603 | B39: Ranger College | C39: =SUMIFS(Forecast!$E:$E, Forecast!$A:$A, 'Analysis-School'!$A39, Forecast!$C:$C, 'Analysis-School'!C$4, Forecast!$D:$D, 'Analysis-School'!C$2) -> 323 | D39: =SUMIFS(Forecast!$E:$E, Forecast!$A:$A, 'Analysis-School'!$A39, Forecast!$C:$C, 'Analysis-School'!D$4, Forecast!$D:$D, 'Analysis-School'!D$2) -> 399 | E39: =SUMIFS(Forecast!$E:$E, Forecast!$A:$A, 'Analysis-School'!$A39, Forecast!$C:$C, 'Analysis-School'!E$4, Forecast!$D:$D, 'Analysis-School'!E$2) -> 325 | F39: =SUMIFS(Forecast!$E:$E, Forecast!$A:$A, 'Analysis-School'!$A39, Forecast!$C:$C, 'Analysis-School'!F$4, Forecast!$D:$D, 'Analysis-School'!F$2) -> 352 | G39: =SUMIFS(Forecast!$E:$E, Forecast!$A:$A, 'Analysis-School'!$A39, Forecast!$C:$C, 'Analysis-School'!G$4, Forecast!$D:$D, 'Analysis-School'!G$2) -> 412 | H39: =SUMIFS(Forecast!$E:$E, Forecast!$A:$A, 'Analysis-School'!$A39, Forecast!$C:$C, 'Analysis-School'!H$4, Forecast!$D:$D, 'Analysis-School'!H$2) -> 337 | I39: =SUMIFS(Forecast!$E:$E, Forecast!$A:$A, 'Analysis-School'!$A39, Forecast!$C:$C, 'Analysis-School'!I$4, Forecast!$D:$D, 'Analysis-School'!I$2) -> 357.65116 | J39: =SUMIFS(Forecast!$E:$E, Forecast!$A:$A, 'Analysis-School'!$A39, Forecast!$C:$C, 'Analysis-School'!J$4, Forecast!$D:$D, 'Analysis-School'!J$2) -> 358.93629 | K39: =(J39/H39-1) -> 0.065092857 | M39: Ranger College | N39: =SUMIFS(Forecast!$F:$F, Forecast!$A:$A, 'Analysis-School'!$A39, Forecast!$C:$C, 'Analysis-School'!N$4, Forecast!$D:$D, 'Analysis-School'!N$2) -> 262 | O39: =SUMIFS(Forecast!$F:$F, Forecast!$A:$A, 'Analysis-School'!$A39, Forecast!$C:$C, 'Analysis-School'!O$4, Forecast!$D:$D, 'Analysis-School'!O$2) -> 244 | P39: =SUMIFS(Forecast!$F:$F, Forecast!$A:$A, 'Analysis-School'!$A39, Forecast!$C:$C, 'Analysis-School'!P$4, Forecast!$D:$D, 'Analysis-School'!P$2) -> 226 | Q39: =SUMIFS(Forecast!$F:$F, Forecast!$A:$A, 'Analysis-School'!$A39, Forecast!$C:$C, 'Analysis-School'!Q$4, Forecast!$D:$D, 'Analysis-School'!Q$2) -> 238 | R39: =SUMIFS(Forecast!$F:$F, Forecast!$A:$A, 'Analysis-School'!$A39, Forecast!$C:$C, 'Analysis-School'!R$4, Forecast!$D:$D, 'Analysis-School'!R$2) -> 213 | S39: =SUMIFS(Forecast!$F:$F, Forecast!$A:$A, 'Analysis-School'!$A39, Forecast!$C:$C, 'Analysis-School'!S$4, Forecast!$D:$D, 'Analysis-School'!S$2) -> 242 | T39: =SUMIFS(Forecast!$F:$F, Forecast!$A:$A, 'Analysis-School'!$A39, Forecast!$C:$C, 'Analysis-School'!T$4, Forecast!$D:$D, 'Analysis-School'!T$2) -> 229.9 | U39: =SUMIFS(Forecast!$F:$F, Forecast!$A:$A, 'Analysis-School'!$A39, Forecast!$C:$C, 'Analysis-School'!U$4, Forecast!$D:$D, 'Analysis-School'!U$2) -> 222.18024 | V39: =(U39/S39-1) -> -0.081899851 | X39: Ranger College | Y39: =SUMIFS(Forecast!$J:$J, Forecast!$A:$A, 'Analysis-School'!$A39, Forecast!$C:$C, 'Analysis-School'!Y$4, Forecast!$D:$D, 'Analysis-School'!Y$2) -> 0 | Z39: =SUMIFS(Forecast!$J:$J, Forecast!$A:$A, 'Analysis-School'!$A39, Forecast!$C:$C, 'Analysis-School'!Z$4, Forecast!$D:$D, 'Analysis-School'!Z$2) -> 0 | AA39: =SUMIFS(Forecast!$J:$J, Forecast!$A:$A, 'Analysis-School'!$A39, Forecast!$C:$C, 'Analysis-School'!AA$4, Forecast!$D:$D, 'Analysis-School'!AA$2) -> 0 | AB39: =SUMIFS(Forecast!$J:$J, Forecast!$A:$A, 'Analysis-School'!$A39, Forecast!$C:$C, 'Analysis-School'!AB$4, Forecast!$D:$D, 'Analysis-School'!AB$2) -> 0 | AC39: =SUMIFS(Forecast!$J:$J, Forecast!$A:$A, 'Analysis-School'!$A39, Forecast!$C:$C, 'Analysis-School'!AC$4, Forecast!$D:$D, 'Analysis-School'!AC$2) -> 0 | AD39: =SUMIFS(Forecast!$J:$J, Forecast!$A:$A, 'Analysis-School'!$A39, Forecast!$C:$C, 'Analysis-School'!AD$4, Forecast!$D:$D, 'Analysis-School'!AD$2) -> 0 | AE39: =SUMIFS(Forecast!$J:$J, Forecast!$A:$A, 'Analysis-School'!$A39, Forecast!$C:$C, 'Analysis-School'!AE$4, Forecast!$D:$D, 'Analysis-School'!AE$2) -> 0 | AF39: =SUMIFS(Forecast!$J:$J, Forecast!$A:$A, 'Analysis-School'!$A39, Forecast!$C:$C, 'Analysis-School'!AF$4, Forecast!$D:$D, 'Analysis-School'!AF$2) -> 0 | AG39: =IFERROR(AF39/AD39-1, "NA") -> NA
A40: 029137 | B40: San Jacinto Community College | C40: =SUMIFS(Forecast!$E:$E, Forecast!$A:$A, 'Analysis-School'!$A40, Forecast!$C:$C, 'Analysis-School'!C$4, Forecast!$D:$D, 'Analysis-School'!C$2) -> 1288 | D40: =SUMIFS(Forecast!$E:$E, Forecast!$A:$A, 'Analysis-School'!$A40, Forecast!$C:$C, 'Analysis-School'!D$4, Forecast!$D:$D, 'Analysis-School'!D$2) -> 1436 | E40: =SUMIFS(Forecast!$E:$E, Forecast!$A:$A, 'Analysis-School'!$A40, Forecast!$C:$C, 'Analysis-School'!E$4, Forecast!$D:$D, 'Analysis-School'!E$2) -> 1991 | F40: =SUMIFS(Forecast!$E:$E, Forecast!$A:$A, 'Analysis-School'!$A40, Forecast!$C:$C, 'Analysis-School'!F$4, Forecast!$D:$D, 'Analysis-School'!F$2) -> 1909 | G40: =SUMIFS(Forecast!$E:$E, Forecast!$A:$A, 'Analysis-School'!$A40, Forecast!$C:$C, 'Analysis-School'!G$4, Forecast!$D:$D, 'Analysis-School'!G$2) -> 1897 | H40: =SUMIFS(Forecast!$E:$E, Forecast!$A:$A, 'Analysis-School'!$A40, Forecast!$C:$C, 'Analysis-School'!H$4, Forecast!$D:$D, 'Analysis-School'!H$2) -> 2001 | I40: =SUMIFS(Forecast!$E:$E, Forecast!$A:$A, 'Analysis-School'!$A40, Forecast!$C:$C, 'Analysis-School'!I$4, Forecast!$D:$D, 'Analysis-School'!I$2) -> 2170.5852 | J40: =SUMIFS(Forecast!$E:$E, Forecast!$A:$A, 'Analysis-School'!$A40, Forecast!$C:$C, 'Analysis-School'!J$4, Forecast!$D:$D, 'Analysis-School'!J$2) -> 2297.4495 | K40: =(J40/H40-1) -> 0.14815069 | M40: San Jacinto Community College | N40: =SUMIFS(Forecast!$F:$F, Forecast!$A:$A, 'Analysis-School'!$A40, Forecast!$C:$C, 'Analysis-School'!N$4, Forecast!$D:$D, 'Analysis-School'!N$2) -> 2445 | O40: =SUMIFS(Forecast!$F:$F, Forecast!$A:$A, 'Analysis-School'!$A40, Forecast!$C:$C, 'Analysis-School'!O$4, Forecast!$D:$D, 'Analysis-School'!O$2) -> 2512 | P40: =SUMIFS(Forecast!$F:$F, Forecast!$A:$A, 'Analysis-School'!$A40, Forecast!$C:$C, 'Analysis-School'!P$4, Forecast!$D:$D, 'Analysis-School'!P$2) -> 2520 | Q40: =SUMIFS(Forecast!$F:$F, Forecast!$A:$A, 'Analysis-School'!$A40, Forecast!$C:$C, 'Analysis-School'!Q$4, Forecast!$D:$D, 'Analysis-School'!Q$2) -> 2443 | R40: =SUMIFS(Forecast!$F:$F, Forecast!$A:$A, 'Analysis-School'!$A40, Forecast!$C:$C, 'Analysis-School'!R$4, Forecast!$D:$D, 'Analysis-School'!R$2) -> 2437 | S40: =SUMIFS(Forecast!$F:$F, Forecast!$A:$A, 'Analysis-School'!$A40, Forecast!$C:$C, 'Analysis-School'!S$4, Forecast!$D:$D, 'Analysis-School'!S$2) -> 2199 | T40: =SUMIFS(Forecast!$F:$F, Forecast!$A:$A, 'Analysis-School'!$A40, Forecast!$C:$C, 'Analysis-School'!T$4, Forecast!$D:$D, 'Analysis-School'!T$2) -> 2163.6025 | U40: =SUMIFS(Forecast!$F:$F, Forecast!$A:$A, 'Analysis-School'!$A40, Forecast!$C:$C, 'Analysis-School'!U$4, Forecast!$D:$D, 'Analysis-School'!U$2) -> 2110.1852 | V40: =(U40/S40-1) -> -0.040388704 | X40: San Jacinto Community College | Y40: =SUMIFS(Forecast!$J:$J, Forecast!$A:$A, 'Analysis-School'!$A40, Forecast!$C:$C, 'Analysis-School'!Y$4, Forecast!$D:$D, 'Analysis-School'!Y$2) -> 0 | Z40: =SUMIFS(Forecast!$J:$J, Forecast!$A:$A, 'Analysis-School'!$A40, Forecast!$C:$C, 'Analysis-School'!Z$4, Forecast!$D:$D, 'Analysis-School'!Z$2) -> 0 | AA40: =SUMIFS(Forecast!$J:$J, Forecast!$A:$A, 'Analysis-School'!$A40, Forecast!$C:$C, 'Analysis-School'!AA$4, Forecast!$D:$D, 'Analysis-School'!AA$2) -> 0 | AB40: =SUMIFS(Forecast!$J:$J, Forecast!$A:$A, 'Analysis-School'!$A40, Forecast!$C:$C, 'Analysis-School'!AB$4, Forecast!$D:$D, 'Analysis-School'!AB$2) -> 0 | AC40: =SUMIFS(Forecast!$J:$J, Forecast!$A:$A, 'Analysis-School'!$A40, Forecast!$C:$C, 'Analysis-School'!AC$4, Forecast!$D:$D, 'Analysis-School'!AC$2) -> 0 | AD40: =SUMIFS(Forecast!$J:$J, Forecast!$A:$A, 'Analysis-School'!$A40, Forecast!$C:$C, 'Analysis-School'!AD$4, Forecast!$D:$D, 'Analysis-School'!AD$2) -> 0 | AE40: =SUMIFS(Forecast!$J:$J, Forecast!$A:$A, 'Analysis-School'!$A40, Forecast!$C:$C, 'Analysis-School'!AE$4, Forecast!$D:$D, 'Analysis-School'!AE$2) -> 0 | AF40: =SUMIFS(Forecast!$J:$J, Forecast!$A:$A, 'Analysis-School'!$A40, Forecast!$C:$C, 'Analysis-School'!AF$4, Forecast!$D:$D, 'Analysis-School'!AF$2) -> 0 | AG40: =IFERROR(AF40/AD40-1, "NA") -> NA
A41: 003611 | B41: South Plains College | C41: =SUMIFS(Forecast!$E:$E, Forecast!$A:$A, 'Analysis-School'!$A41, Forecast!$C:$C, 'Analysis-School'!C$4, Forecast!$D:$D, 'Analysis-School'!C$2) -> 513 | D41: =SUMIFS(Forecast!$E:$E, Forecast!$A:$A, 'Analysis-School'!$A41, Forecast!$C:$C, 'Analysis-School'!D$4, Forecast!$D:$D, 'Analysis-School'!D$2) -> 210 | E41: =SUMIFS(Forecast!$E:$E, Forecast!$A:$A, 'Analysis-School'!$A41, Forecast!$C:$C, 'Analysis-School'!E$4, Forecast!$D:$D, 'Analysis-School'!E$2) -> 412 | F41: =SUMIFS(Forecast!$E:$E, Forecast!$A:$A, 'Analysis-School'!$A41, Forecast!$C:$C, 'Analysis-School'!F$4, Forecast!$D:$D, 'Analysis-School'!F$2) -> 665 | G41: =SUMIFS(Forecast!$E:$E, Forecast!$A:$A, 'Analysis-School'!$A41, Forecast!$C:$C, 'Analysis-School'!G$4, Forecast!$D:$D, 'Analysis-School'!G$2) -> 658 | H41: =SUMIFS(Forecast!$E:$E, Forecast!$A:$A, 'Analysis-School'!$A41, Forecast!$C:$C, 'Analysis-School'!H$4, Forecast!$D:$D, 'Analysis-School'!H$2) -> 690 | I41: =SUMIFS(Forecast!$E:$E, Forecast!$A:$A, 'Analysis-School'!$A41, Forecast!$C:$C, 'Analysis-School'!I$4, Forecast!$D:$D, 'Analysis-School'!I$2) -> 759 | J41: =SUMIFS(Forecast!$E:$E, Forecast!$A:$A, 'Analysis-School'!$A41, Forecast!$C:$C, 'Analysis-School'!J$4, Forecast!$D:$D, 'Analysis-School'!J$2) -> 834.9 | K41: =(J41/H41-1) -> 0.21 | M41: South Plains College | N41: =SUMIFS(Forecast!$F:$F, Forecast!$A:$A, 'Analysis-School'!$A41, Forecast!$C:$C, 'Analysis-School'!N$4, Forecast!$D:$D, 'Analysis-School'!N$2) -> 713 | O41: =SUMIFS(Forecast!$F:$F, Forecast!$A:$A, 'Analysis-School'!$A41, Forecast!$C:$C, 'Analysis-School'!O$4, Forecast!$D:$D, 'Analysis-School'!O$2) -> 720 | P41: =SUMIFS(Forecast!$F:$F, Forecast!$A:$A, 'Analysis-School'!$A41, Forecast!$C:$C, 'Analysis-School'!P$4, Forecast!$D:$D, 'Analysis-School'!P$2) -> 881 | Q41: =SUMIFS(Forecast!$F:$F, Forecast!$A:$A, 'Analysis-School'!$A41, Forecast!$C:$C, 'Analysis-School'!Q$4, Forecast!$D:$D, 'Analysis-School'!Q$2) -> 807 | R41: =SUMIFS(Forecast!$F:$F, Forecast!$A:$A, 'Analysis-School'!$A41, Forecast!$C:$C, 'Analysis-School'!R$4, Forecast!$D:$D, 'Analysis-School'!R$2) -> 635 | S41: =SUMIFS(Forecast!$F:$F, Forecast!$A:$A, 'Analysis-School'!$A41, Forecast!$C:$C, 'Analysis-School'!S$4, Forecast!$D:$D, 'Analysis-School'!S$2) -> 639 | T41: =SUMIFS(Forecast!$F:$F, Forecast!$A:$A, 'Analysis-School'!$A41, Forecast!$C:$C, 'Analysis-School'!T$4, Forecast!$D:$D, 'Analysis-School'!T$2) -> 609.99704 | U41: =SUMIFS(Forecast!$F:$F, Forecast!$A:$A, 'Analysis-School'!$A41, Forecast!$C:$C, 'Analysis-School'!U$4, Forecast!$D:$D, 'Analysis-School'!U$2) -> 582.65448 | V41: =(U41/S41-1) -> -0.088177647 | X41: South Plains College | Y41: =SUMIFS(Forecast!$J:$J, Forecast!$A:$A, 'Analysis-School'!$A41, Forecast!$C:$C, 'Analysis-School'!Y$4, Forecast!$D:$D, 'Analysis-School'!Y$2) -> 38 | Z41: =SUMIFS(Forecast!$J:$J, Forecast!$A:$A, 'Analysis-School'!$A41, Forecast!$C:$C, 'Analysis-School'!Z$4, Forecast!$D:$D, 'Analysis-School'!Z$2) -> 37 | AA41: =SUMIFS(Forecast!$J:$J, Forecast!$A:$A, 'Analysis-School'!$A41, Forecast!$C:$C, 'Analysis-School'!AA$4, Forecast!$D:$D, 'Analysis-School'!AA$2) -> 8 | AB41: =SUMIFS(Forecast!$J:$J, Forecast!$A:$A, 'Analysis-School'!$A41, Forecast!$C:$C, 'Analysis-School'!AB$4, Forecast!$D:$D, 'Analysis-School'!AB$2) -> 9 | AC41: =SUMIFS(Forecast!$J:$J, Forecast!$A:$A, 'Analysis-School'!$A41, Forecast!$C:$C, 'Analysis-School'!AC$4, Forecast!$D:$D, 'Analysis-School'!AC$2) -> 0 | AD41: =SUMIFS(Forecast!$J:$J, Forecast!$A:$A, 'Analysis-School'!$A41, Forecast!$C:$C, 'Analysis-School'!AD$4, Forecast!$D:$D, 'Analysis-School'!AD$2) -> 21 | AE41: =MAX(SUMIFS(Forecast!$J:$J, Forecast!$A:$A, 'Analysis-School'!$A41, Forecast!$C:$C, 'Analysis-School'!AE$4, Forecast!$D:$D, 'Analysis-School'!AE$2),0) -> 19.95 | AF41: =MAX(SUMIFS(Forecast!$J:$J, Forecast!$A:$A, 'Analysis-School'!$A41, Forecast!$C:$C, 'Analysis-School'!AF$4, Forecast!$D:$D, 'Analysis-School'!AF$2),0) -> 18.9525 | AG41: =IFERROR(AF41/AD41-1, "NA") -> -0.0975
A42: 031034 | B42: South Texas College | C42: =SUMIFS(Forecast!$E:$E, Forecast!$A:$A, 'Analysis-School'!$A42, Forecast!$C:$C, 'Analysis-School'!C$4, Forecast!$D:$D, 'Analysis-School'!C$2) -> 4187 | D42: =SUMIFS(Forecast!$E:$E, Forecast!$A:$A, 'Analysis-School'!$A42, Forecast!$C:$C, 'Analysis-School'!D$4, Forecast!$D:$D, 'Analysis-School'!D$2) -> 4752 | E42: =SUMIFS(Forecast!$E:$E, Forecast!$A:$A, 'Analysis-School'!$A42, Forecast!$C:$C, 'Analysis-School'!E$4, Forecast!$D:$D, 'Analysis-School'!E$2) -> 4777 | F42: =SUMIFS(Forecast!$E:$E, Forecast!$A:$A, 'Analysis-School'!$A42, Forecast!$C:$C, 'Analysis-School'!F$4, Forecast!$D:$D, 'Analysis-School'!F$2) -> 3453 | G42: =SUMIFS(Forecast!$E:$E, Forecast!$A:$A, 'Analysis-School'!$A42, Forecast!$C:$C, 'Analysis-School'!G$4, Forecast!$D:$D, 'Analysis-School'!G$2) -> 3160 | H42: =SUMIFS(Forecast!$E:$E, Forecast!$A:$A, 'Analysis-School'!$A42, Forecast!$C:$C, 'Analysis-School'!H$4, Forecast!$D:$D, 'Analysis-School'!H$2) -> 3583 | I42: =SUMIFS(Forecast!$E:$E, Forecast!$A:$A, 'Analysis-School'!$A42, Forecast!$C:$C, 'Analysis-School'!I$4, Forecast!$D:$D, 'Analysis-School'!I$2) -> 3403.85 | J42: =SUMIFS(Forecast!$E:$E, Forecast!$A:$A, 'Analysis-School'!$A42, Forecast!$C:$C, 'Analysis-School'!J$4, Forecast!$D:$D, 'Analysis-School'!J$2) -> 3233.6575 | K42: =(J42/H42-1) -> -0.0975 | M42: South Texas College | N42: =SUMIFS(Forecast!$F:$F, Forecast!$A:$A, 'Analysis-School'!$A42, Forecast!$C:$C, 'Analysis-School'!N$4, Forecast!$D:$D, 'Analysis-School'!N$2) -> 2411 | O42: =SUMIFS(Forecast!$F:$F, Forecast!$A:$A, 'Analysis-School'!$A42, Forecast!$C:$C, 'Analysis-School'!O$4, Forecast!$D:$D, 'Analysis-School'!O$2) -> 2424 | P42: =SUMIFS(Forecast!$F:$F, Forecast!$A:$A, 'Analysis-School'!$A42, Forecast!$C:$C, 'Analysis-School'!P$4, Forecast!$D:$D, 'Analysis-School'!P$2) -> 2872 | Q42: =SUMIFS(Forecast!$F:$F, Forecast!$A:$A, 'Analysis-School'!$A42, Forecast!$C:$C, 'Analysis-School'!Q$4, Forecast!$D:$D, 'Analysis-School'!Q$2) -> 3033 | R42: =SUMIFS(Forecast!$F:$F, Forecast!$A:$A, 'Analysis-School'!$A42, Forecast!$C:$C, 'Analysis-School'!R$4, Forecast!$D:$D, 'Analysis-School'!R$2) -> 2934 | S42: =SUMIFS(Forecast!$F:$F, Forecast!$A:$A, 'Analysis-School'!$A42, Forecast!$C:$C, 'Analysis-School'!S$4, Forecast!$D:$D, 'Analysis-School'!S$2) -> 2580 | T42: =SUMIFS(Forecast!$F:$F, Forecast!$A:$A, 'Analysis-School'!$A42, Forecast!$C:$C, 'Analysis-School'!T$4, Forecast!$D:$D, 'Analysis-School'!T$2) -> 2838 | U42: =SUMIFS(Forecast!$F:$F, Forecast!$A:$A, 'Analysis-School'!$A42, Forecast!$C:$C, 'Analysis-School'!U$4, Forecast!$D:$D, 'Analysis-School'!U$2) -> 2947.4399 | V42: =(U42/S42-1) -> 0.14241855 | X42: South Texas College | Y42: =SUMIFS(Forecast!$J:$J, Forecast!$A:$A, 'Analysis-School'!$A42, Forecast!$C:$C, 'Analysis-School'!Y$4, Forecast!$D:$D, 'Analysis-School'!Y$2) -> 0 | Z42: =SUMIFS(Forecast!$J:$J, Forecast!$A:$A, 'Analysis-School'!$A42, Forecast!$C:$C, 'Analysis-School'!Z$4, Forecast!$D:$D, 'Analysis-School'!Z$2) -> 0 | AA42: =SUMIFS(Forecast!$J:$J, Forecast!$A:$A, 'Analysis-School'!$A42, Forecast!$C:$C, 'Analysis-School'!AA$4, Forecast!$D:$D, 'Analysis-School'!AA$2) -> 0 | AB42: =SUMIFS(Forecast!$J:$J, Forecast!$A:$A, 'Analysis-School'!$A42, Forecast!$C:$C, 'Analysis-School'!AB$4, Forecast!$D:$D, 'Analysis-School'!AB$2) -> 0 | AC42: =SUMIFS(Forecast!$J:$J, Forecast!$A:$A, 'Analysis-School'!$A42, Forecast!$C:$C, 'Analysis-School'!AC$4, Forecast!$D:$D, 'Analysis-School'!AC$2) -> 0 | AD42: =SUMIFS(Forecast!$J:$J, Forecast!$A:$A, 'Analysis-School'!$A42, Forecast!$C:$C, 'Analysis-School'!AD$4, Forecast!$D:$D, 'Analysis-School'!AD$2) -> 0 | AE42: =SUMIFS(Forecast!$J:$J, Forecast!$A:$A, 'Analysis-School'!$A42, Forecast!$C:$C, 'Analysis-School'!AE$4, Forecast!$D:$D, 'Analysis-School'!AE$2) -> 0 | AF42: =SUMIFS(Forecast!$J:$J, Forecast!$A:$A, 'Analysis-School'!$A42, Forecast!$C:$C, 'Analysis-School'!AF$4, Forecast!$D:$D, 'Analysis-School'!AF$2) -> 0 | AG42: =IFERROR(AF42/AD42-1, "NA") -> NA
A43: 003614 | B43: Southwest Texas College | C43: =SUMIFS(Forecast!$E:$E, Forecast!$A:$A, 'Analysis-School'!$A43, Forecast!$C:$C, 'Analysis-School'!C$4, Forecast!$D:$D, 'Analysis-School'!C$2) -> 781 | D43: =SUMIFS(Forecast!$E:$E, Forecast!$A:$A, 'Analysis-School'!$A43, Forecast!$C:$C, 'Analysis-School'!D$4, Forecast!$D:$D, 'Analysis-School'!D$2) -> 938 | E43: =SUMIFS(Forecast!$E:$E, Forecast!$A:$A, 'Analysis-School'!$A43, Forecast!$C:$C, 'Analysis-School'!E$4, Forecast!$D:$D, 'Analysis-School'!E$2) -> 985 | F43: =SUMIFS(Forecast!$E:$E, Forecast!$A:$A, 'Analysis-School'!$A43, Forecast!$C:$C, 'Analysis-School'!F$4, Forecast!$D:$D, 'Analysis-School'!F$2) -> 885 | G43: =SUMIFS(Forecast!$E:$E, Forecast!$A:$A, 'Analysis-School'!$A43, Forecast!$C:$C, 'Analysis-School'!G$4, Forecast!$D:$D, 'Analysis-School'!G$2) -> 807 | H43: =SUMIFS(Forecast!$E:$E, Forecast!$A:$A, 'Analysis-School'!$A43, Forecast!$C:$C, 'Analysis-School'!H$4, Forecast!$D:$D, 'Analysis-School'!H$2) -> 924 | I43: =SUMIFS(Forecast!$E:$E, Forecast!$A:$A, 'Analysis-School'!$A43, Forecast!$C:$C, 'Analysis-School'!I$4, Forecast!$D:$D, 'Analysis-School'!I$2) -> 883.63681 | J43: =SUMIFS(Forecast!$E:$E, Forecast!$A:$A, 'Analysis-School'!$A43, Forecast!$C:$C, 'Analysis-School'!J$4, Forecast!$D:$D, 'Analysis-School'!J$2) -> 880.59961 | K43: =(J43/H43-1) -> -0.04697012 | M43: Southwest Texas College | N43: =SUMIFS(Forecast!$F:$F, Forecast!$A:$A, 'Analysis-School'!$A43, Forecast!$C:$C, 'Analysis-School'!N$4, Forecast!$D:$D, 'Analysis-School'!N$2) -> 521 | O43: =SUMIFS(Forecast!$F:$F, Forecast!$A:$A, 'Analysis-School'!$A43, Forecast!$C:$C, 'Analysis-School'!O$4, Forecast!$D:$D, 'Analysis-School'!O$2) -> 563 | P43: =SUMIFS(Forecast!$F:$F, Forecast!$A:$A, 'Analysis-School'!$A43, Forecast!$C:$C, 'Analysis-School'!P$4, Forecast!$D:$D, 'Analysis-School'!P$2) -> 605 | Q43: =SUMIFS(Forecast!$F:$F, Forecast!$A:$A, 'Analysis-School'!$A43, Forecast!$C:$C, 'Analysis-School'!Q$4, Forecast!$D:$D, 'Analysis-School'!Q$2) -> 649 | R43: =SUMIFS(Forecast!$F:$F, Forecast!$A:$A, 'Analysis-School'!$A43, Forecast!$C:$C, 'Analysis-School'!R$4, Forecast!$D:$D, 'Analysis-School'!R$2) -> 644 | S43: =SUMIFS(Forecast!$F:$F, Forecast!$A:$A, 'Analysis-School'!$A43, Forecast!$C:$C, 'Analysis-School'!S$4, Forecast!$D:$D, 'Analysis-School'!S$2) -> 584 | T43: =SUMIFS(Forecast!$F:$F, Forecast!$A:$A, 'Analysis-School'!$A43, Forecast!$C:$C, 'Analysis-School'!T$4, Forecast!$D:$D, 'Analysis-School'!T$2) -> 605.51058 | U43: =SUMIFS(Forecast!$F:$F, Forecast!$A:$A, 'Analysis-School'!$A43, Forecast!$C:$C, 'Analysis-School'!U$4, Forecast!$D:$D, 'Analysis-School'!U$2) -> 619.4612 | V43: =(U43/S43-1) -> 0.060721233 | X43: Southwest Texas College | Y43: =SUMIFS(Forecast!$J:$J, Forecast!$A:$A, 'Analysis-School'!$A43, Forecast!$C:$C, 'Analysis-School'!Y$4, Forecast!$D:$D, 'Analysis-School'!Y$2) -> 0 | Z43: =SUMIFS(Forecast!$J:$J, Forecast!$A:$A, 'Analysis-School'!$A43, Forecast!$C:$C, 'Analysis-School'!Z$4, Forecast!$D:$D, 'Analysis-School'!Z$2) -> 0 | AA43: =SUMIFS(Forecast!$J:$J, Forecast!$A:$A, 'Analysis-School'!$A43, Forecast!$C:$C, 'Analysis-School'!AA$4, Forecast!$D:$D, 'Analysis-School'!AA$2) -> 0 | AB43: =SUMIFS(Forecast!$J:$J, Forecast!$A:$A, 'Analysis-School'!$A43, Forecast!$C:$C, 'Analysis-School'!AB$4, Forecast!$D:$D, 'Analysis-School'!AB$2) -> 0 | AC43: =SUMIFS(Forecast!$J:$J, Forecast!$A:$A, 'Analysis-School'!$A43, Forecast!$C:$C, 'Analysis-School'!AC$4, Forecast!$D:$D, 'Analysis-School'!AC$2) -> 0 | AD43: =SUMIFS(Forecast!$J:$J, Forecast!$A:$A, 'Analysis-School'!$A43, Forecast!$C:$C, 'Analysis-School'!AD$4, Forecast!$D:$D, 'Analysis-School'!AD$2) -> 0 | AE43: =SUMIFS(Forecast!$J:$J, Forecast!$A:$A, 'Analysis-School'!$A43, Forecast!$C:$C, 'Analysis-School'!AE$4, Forecast!$D:$D, 'Analysis-School'!AE$2) -> 0 | AF43: =SUMIFS(Forecast!$J:$J, Forecast!$A:$A, 'Analysis-School'!$A43, Forecast!$C:$C, 'Analysis-School'!AF$4, Forecast!$D:$D, 'Analysis-School'!AF$2) -> 0 | AG43: =IFERROR(AF43/AD43-1, "NA") -> NA
A44: 003626 | B44: Tarrant County College District | C44: =SUMIFS(Forecast!$E:$E, Forecast!$A:$A, 'Analysis-School'!$A44, Forecast!$C:$C, 'Analysis-School'!C$4, Forecast!$D:$D, 'Analysis-School'!C$2) -> 1661 | D44: =SUMIFS(Forecast!$E:$E, Forecast!$A:$A, 'Analysis-School'!$A44, Forecast!$C:$C, 'Analysis-School'!D$4, Forecast!$D:$D, 'Analysis-School'!D$2) -> 2843 | E44: =SUMIFS(Forecast!$E:$E, Forecast!$A:$A, 'Analysis-School'!$A44, Forecast!$C:$C, 'Analysis-School'!E$4, Forecast!$D:$D, 'Analysis-School'!E$2) -> 2802 | F44: =SUMIFS(Forecast!$E:$E, Forecast!$A:$A, 'Analysis-School'!$A44, Forecast!$C:$C, 'Analysis-School'!F$4, Forecast!$D:$D, 'Analysis-School'!F$2) -> 2524 | G44: =SUMIFS(Forecast!$E:$E, Forecast!$A:$A, 'Analysis-School'!$A44, Forecast!$C:$C, 'Analysis-School'!G$4, Forecast!$D:$D, 'Analysis-School'!G$2) -> 2425 | H44: =SUMIFS(Forecast!$E:$E, Forecast!$A:$A, 'Analysis-School'!$A44, Forecast!$C:$C, 'Analysis-School'!H$4, Forecast!$D:$D, 'Analysis-School'!H$2) -> 2580 | I44: =SUMIFS(Forecast!$E:$E, Forecast!$A:$A, 'Analysis-School'!$A44, Forecast!$C:$C, 'Analysis-School'!I$4, Forecast!$D:$D, 'Analysis-School'!I$2) -> 2593.3936 | J44: =SUMIFS(Forecast!$E:$E, Forecast!$A:$A, 'Analysis-School'!$A44, Forecast!$C:$C, 'Analysis-School'!J$4, Forecast!$D:$D, 'Analysis-School'!J$2) -> 2618.2733 | K44: =(J44/H44-1) -> 0.014834597 | M44: Tarrant County College District | N44: =SUMIFS(Forecast!$F:$F, Forecast!$A:$A, 'Analysis-School'!$A44, Forecast!$C:$C, 'Analysis-School'!N$4, Forecast!$D:$D, 'Analysis-School'!N$2) -> 5084 | O44: =SUMIFS(Forecast!$F:$F, Forecast!$A:$A, 'Analysis-School'!$A44, Forecast!$C:$C, 'Analysis-School'!O$4, Forecast!$D:$D, 'Analysis-School'!O$2) -> 5062 | P44: =SUMIFS(Forecast!$F:$F, Forecast!$A:$A, 'Analysis-School'!$A44, Forecast!$C:$C, 'Analysis-School'!P$4, Forecast!$D:$D, 'Analysis-School'!P$2) -> 4407 | Q44: =SUMIFS(Forecast!$F:$F, Forecast!$A:$A, 'Analysis-School'!$A44, Forecast!$C:$C, 'Analysis-School'!Q$4, Forecast!$D:$D, 'Analysis-School'!Q$2) -> 4325 | R44: =SUMIFS(Forecast!$F:$F, Forecast!$A:$A, 'Analysis-School'!$A44, Forecast!$C:$C, 'Analysis-School'!R$4, Forecast!$D:$D, 'Analysis-School'!R$2) -> 3804 | S44: =SUMIFS(Forecast!$F:$F, Forecast!$A:$A, 'Analysis-School'!$A44, Forecast!$C:$C, 'Analysis-School'!S$4, Forecast!$D:$D, 'Analysis-School'!S$2) -> 3507 | T44: =SUMIFS(Forecast!$F:$F, Forecast!$A:$A, 'Analysis-School'!$A44, Forecast!$C:$C, 'Analysis-School'!T$4, Forecast!$D:$D, 'Analysis-School'!T$2) -> 3331.65 | U44: =SUMIFS(Forecast!$F:$F, Forecast!$A:$A, 'Analysis-School'!$A44, Forecast!$C:$C, 'Analysis-School'!U$4, Forecast!$D:$D, 'Analysis-School'!U$2) -> 3165.0675 | V44: =(U44/S44-1) -> -0.0975 | X44: Tarrant County College District | Y44: =SUMIFS(Forecast!$J:$J, Forecast!$A:$A, 'Analysis-School'!$A44, Forecast!$C:$C, 'Analysis-School'!Y$4, Forecast!$D:$D, 'Analysis-School'!Y$2) -> 0 | Z44: =SUMIFS(Forecast!$J:$J, Forecast!$A:$A, 'Analysis-School'!$A44, Forecast!$C:$C, 'Analysis-School'!Z$4, Forecast!$D:$D, 'Analysis-School'!Z$2) -> 0 | AA44: =SUMIFS(Forecast!$J:$J, Forecast!$A:$A, 'Analysis-School'!$A44, Forecast!$C:$C, 'Analysis-School'!AA$4, Forecast!$D:$D, 'Analysis-School'!AA$2) -> 0 | AB44: =SUMIFS(Forecast!$J:$J, Forecast!$A:$A, 'Analysis-School'!$A44, Forecast!$C:$C, 'Analysis-School'!AB$4, Forecast!$D:$D, 'Analysis-School'!AB$2) -> 3 | AC44: =SUMIFS(Forecast!$J:$J, Forecast!$A:$A, 'Analysis-School'!$A44, Forecast!$C:$C, 'Analysis-School'!AC$4, Forecast!$D:$D, 'Analysis-School'!AC$2) -> 0 | AD44: =SUMIFS(Forecast!$J:$J, Forecast!$A:$A, 'Analysis-School'!$A44, Forecast!$C:$C, 'Analysis-School'!AD$4, Forecast!$D:$D, 'Analysis-School'!AD$2) -> 0 | AE44: =SUMIFS(Forecast!$J:$J, Forecast!$A:$A, 'Analysis-School'!$A44, Forecast!$C:$C, 'Analysis-School'!AE$4, Forecast!$D:$D, 'Analysis-School'!AE$2) -> 0.34197387 | AF44: =SUMIFS(Forecast!$J:$J, Forecast!$A:$A, 'Analysis-School'!$A44, Forecast!$C:$C, 'Analysis-School'!AF$4, Forecast!$D:$D, 'Analysis-School'!AF$2) -> 0.37617126 | AG44: =IFERROR(AF44/AD44-1, "NA") -> NA
A45: 003627 | B45: Temple College | C45: =SUMIFS(Forecast!$E:$E, Forecast!$A:$A, 'Analysis-School'!$A45, Forecast!$C:$C, 'Analysis-School'!C$4, Forecast!$D:$D, 'Analysis-School'!C$2) -> 333 | D45: =SUMIFS(Forecast!$E:$E, Forecast!$A:$A, 'Analysis-School'!$A45, Forecast!$C:$C, 'Analysis-School'!D$4, Forecast!$D:$D, 'Analysis-School'!D$2) -> 335 | E45: =SUMIFS(Forecast!$E:$E, Forecast!$A:$A, 'Analysis-School'!$A45, Forecast!$C:$C, 'Analysis-School'!E$4, Forecast!$D:$D, 'Analysis-School'!E$2) -> 402 | F45: =SUMIFS(Forecast!$E:$E, Forecast!$A:$A, 'Analysis-School'!$A45, Forecast!$C:$C, 'Analysis-School'!F$4, Forecast!$D:$D, 'Analysis-School'!F$2) -> 339 | G45: =SUMIFS(Forecast!$E:$E, Forecast!$A:$A, 'Analysis-School'!$A45, Forecast!$C:$C, 'Analysis-School'!G$4, Forecast!$D:$D, 'Analysis-School'!G$2) -> 363 | H45: =SUMIFS(Forecast!$E:$E, Forecast!$A:$A, 'Analysis-School'!$A45, Forecast!$C:$C, 'Analysis-School'!H$4, Forecast!$D:$D, 'Analysis-School'!H$2) -> 398 | I45: =SUMIFS(Forecast!$E:$E, Forecast!$A:$A, 'Analysis-School'!$A45, Forecast!$C:$C, 'Analysis-School'!I$4, Forecast!$D:$D, 'Analysis-School'!I$2) -> 389.9303 | J45: =SUMIFS(Forecast!$E:$E, Forecast!$A:$A, 'Analysis-School'!$A45, Forecast!$C:$C, 'Analysis-School'!J$4, Forecast!$D:$D, 'Analysis-School'!J$2) -> 399.42232 | K45: =(J45/H45-1) -> 0.0035736772 | M45: Temple College | N45: =SUMIFS(Forecast!$F:$F, Forecast!$A:$A, 'Analysis-School'!$A45, Forecast!$C:$C, 'Analysis-School'!N$4, Forecast!$D:$D, 'Analysis-School'!N$2) -> 375 | O45: =SUMIFS(Forecast!$F:$F, Forecast!$A:$A, 'Analysis-School'!$A45, Forecast!$C:$C, 'Analysis-School'!O$4, Forecast!$D:$D, 'Analysis-School'!O$2) -> 402 | P45: =SUMIFS(Forecast!$F:$F, Forecast!$A:$A, 'Analysis-School'!$A45, Forecast!$C:$C, 'Analysis-School'!P$4, Forecast!$D:$D, 'Analysis-School'!P$2) -> 440 | Q45: =SUMIFS(Forecast!$F:$F, Forecast!$A:$A, 'Analysis-School'!$A45, Forecast!$C:$C, 'Analysis-School'!Q$4, Forecast!$D:$D, 'Analysis-School'!Q$2) -> 393 | R45: =SUMIFS(Forecast!$F:$F, Forecast!$A:$A, 'Analysis-School'!$A45, Forecast!$C:$C, 'Analysis-School'!R$4, Forecast!$D:$D, 'Analysis-School'!R$2) -> 364 | S45: =SUMIFS(Forecast!$F:$F, Forecast!$A:$A, 'Analysis-School'!$A45, Forecast!$C:$C, 'Analysis-School'!S$4, Forecast!$D:$D, 'Analysis-School'!S$2) -> 385 | T45: =SUMIFS(Forecast!$F:$F, Forecast!$A:$A, 'Analysis-School'!$A45, Forecast!$C:$C, 'Analysis-School'!T$4, Forecast!$D:$D, 'Analysis-School'!T$2) -> 372.78586 | U45: =SUMIFS(Forecast!$F:$F, Forecast!$A:$A, 'Analysis-School'!$A45, Forecast!$C:$C, 'Analysis-School'!U$4, Forecast!$D:$D, 'Analysis-School'!U$2) -> 366.88503 | V45: =(U45/S45-1) -> -0.047051871 | X45: Temple College | Y45: =SUMIFS(Forecast!$J:$J, Forecast!$A:$A, 'Analysis-School'!$A45, Forecast!$C:$C, 'Analysis-School'!Y$4, Forecast!$D:$D, 'Analysis-School'!Y$2) -> 0 | Z45: =SUMIFS(Forecast!$J:$J, Forecast!$A:$A, 'Analysis-School'!$A45, Forecast!$C:$C, 'Analysis-School'!Z$4, Forecast!$D:$D, 'Analysis-School'!Z$2) -> 0 | AA45: =SUMIFS(Forecast!$J:$J, Forecast!$A:$A, 'Analysis-School'!$A45, Forecast!$C:$C, 'Analysis-School'!AA$4, Forecast!$D:$D, 'Analysis-School'!AA$2) -> 0 | AB45: =SUMIFS(Forecast!$J:$J, Forecast!$A:$A, 'Analysis-School'!$A45, Forecast!$C:$C, 'Analysis-School'!AB$4, Forecast!$D:$D, 'Analysis-School'!AB$2) -> 0 | AC45: =SUMIFS(Forecast!$J:$J, Forecast!$A:$A, 'Analysis-School'!$A45, Forecast!$C:$C, 'Analysis-School'!AC$4, Forecast!$D:$D, 'Analysis-School'!AC$2) -> 0 | AD45: =SUMIFS(Forecast!$J:$J, Forecast!$A:$A, 'Analysis-School'!$A45, Forecast!$C:$C, 'Analysis-School'!AD$4, Forecast!$D:$D, 'Analysis-School'!AD$2) -> 0 | AE45: =SUMIFS(Forecast!$J:$J, Forecast!$A:$A, 'Analysis-School'!$A45, Forecast!$C:$C, 'Analysis-School'!AE$4, Forecast!$D:$D, 'Analysis-School'!AE$2) -> 0 | AF45: =SUMIFS(Forecast!$J:$J, Forecast!$A:$A, 'Analysis-School'!$A45, Forecast!$C:$C, 'Analysis-School'!AF$4, Forecast!$D:$D, 'Analysis-School'!AF$2) -> 0 | AG45: =IFERROR(AF45/AD45-1, "NA") -> NA
A46: 003628 | B46: Texarkana College | C46: =SUMIFS(Forecast!$E:$E, Forecast!$A:$A, 'Analysis-School'!$A46, Forecast!$C:$C, 'Analysis-School'!C$4, Forecast!$D:$D, 'Analysis-School'!C$2) -> 548 | D46: =SUMIFS(Forecast!$E:$E, Forecast!$A:$A, 'Analysis-School'!$A46, Forecast!$C:$C, 'Analysis-School'!D$4, Forecast!$D:$D, 'Analysis-School'!D$2) -> 580 | E46: =SUMIFS(Forecast!$E:$E, Forecast!$A:$A, 'Analysis-School'!$A46, Forecast!$C:$C, 'Analysis-School'!E$4, Forecast!$D:$D, 'Analysis-School'!E$2) -> 551 | F46: =SUMIFS(Forecast!$E:$E, Forecast!$A:$A, 'Analysis-School'!$A46, Forecast!$C:$C, 'Analysis-School'!F$4, Forecast!$D:$D, 'Analysis-School'!F$2) -> 531 | G46: =SUMIFS(Forecast!$E:$E, Forecast!$A:$A, 'Analysis-School'!$A46, Forecast!$C:$C, 'Analysis-School'!G$4, Forecast!$D:$D, 'Analysis-School'!G$2) -> 578 | H46: =SUMIFS(Forecast!$E:$E, Forecast!$A:$A, 'Analysis-School'!$A46, Forecast!$C:$C, 'Analysis-School'!H$4, Forecast!$D:$D, 'Analysis-School'!H$2) -> 571 | I46: =SUMIFS(Forecast!$E:$E, Forecast!$A:$A, 'Analysis-School'!$A46, Forecast!$C:$C, 'Analysis-School'!I$4, Forecast!$D:$D, 'Analysis-School'!I$2) -> 559.9537 | J46: =SUMIFS(Forecast!$E:$E, Forecast!$A:$A, 'Analysis-School'!$A46, Forecast!$C:$C, 'Analysis-School'!J$4, Forecast!$D:$D, 'Analysis-School'!J$2) -> 561.95105 | K46: =(J46/H46-1) -> -0.01584755 | M46: Texarkana College | N46: =SUMIFS(Forecast!$F:$F, Forecast!$A:$A, 'Analysis-School'!$A46, Forecast!$C:$C, 'Analysis-School'!N$4, Forecast!$D:$D, 'Analysis-School'!N$2) -> 320 | O46: =SUMIFS(Forecast!$F:$F, Forecast!$A:$A, 'Analysis-School'!$A46, Forecast!$C:$C, 'Analysis-School'!O$4, Forecast!$D:$D, 'Analysis-School'!O$2) -> 341 | P46: =SUMIFS(Forecast!$F:$F, Forecast!$A:$A, 'Analysis-School'!$A46, Forecast!$C:$C, 'Analysis-School'!P$4, Forecast!$D:$D, 'Analysis-School'!P$2) -> 350 | Q46: =SUMIFS(Forecast!$F:$F, Forecast!$A:$A, 'Analysis-School'!$A46, Forecast!$C:$C, 'Analysis-School'!Q$4, Forecast!$D:$D, 'Analysis-School'!Q$2) -> 308 | R46: =SUMIFS(Forecast!$F:$F, Forecast!$A:$A, 'Analysis-School'!$A46, Forecast!$C:$C, 'Analysis-School'!R$4, Forecast!$D:$D, 'Analysis-School'!R$2) -> 337 | S46: =SUMIFS(Forecast!$F:$F, Forecast!$A:$A, 'Analysis-School'!$A46, Forecast!$C:$C, 'Analysis-School'!S$4, Forecast!$D:$D, 'Analysis-School'!S$2) -> 300 | T46: =SUMIFS(Forecast!$F:$F, Forecast!$A:$A, 'Analysis-School'!$A46, Forecast!$C:$C, 'Analysis-School'!T$4, Forecast!$D:$D, 'Analysis-School'!T$2) -> 301.06783 | U46: =SUMIFS(Forecast!$F:$F, Forecast!$A:$A, 'Analysis-School'!$A46, Forecast!$C:$C, 'Analysis-School'!U$4, Forecast!$D:$D, 'Analysis-School'!U$2) -> 294.9188 | V46: =(U46/S46-1) -> -0.016937341 | X46: Texarkana College | Y46: =SUMIFS(Forecast!$J:$J, Forecast!$A:$A, 'Analysis-School'!$A46, Forecast!$C:$C, 'Analysis-School'!Y$4, Forecast!$D:$D, 'Analysis-School'!Y$2) -> 0 | Z46: =SUMIFS(Forecast!$J:$J, Forecast!$A:$A, 'Analysis-School'!$A46, Forecast!$C:$C, 'Analysis-School'!Z$4, Forecast!$D:$D, 'Analysis-School'!Z$2) -> 0 | AA46: =SUMIFS(Forecast!$J:$J, Forecast!$A:$A, 'Analysis-School'!$A46, Forecast!$C:$C, 'Analysis-School'!AA$4, Forecast!$D:$D, 'Analysis-School'!AA$2) -> 0 | AB46: =SUMIFS(Forecast!$J:$J, Forecast!$A:$A, 'Analysis-School'!$A46, Forecast!$C:$C, 'Analysis-School'!AB$4, Forecast!$D:$D, 'Analysis-School'!AB$2) -> 0 | AC46: =SUMIFS(Forecast!$J:$J, Forecast!$A:$A, 'Analysis-School'!$A46, Forecast!$C:$C, 'Analysis-School'!AC$4, Forecast!$D:$D, 'Analysis-School'!AC$2) -> 0 | AD46: =SUMIFS(Forecast!$J:$J, Forecast!$A:$A, 'Analysis-School'!$A46, Forecast!$C:$C, 'Analysis-School'!AD$4, Forecast!$D:$D, 'Analysis-School'!AD$2) -> 0 | AE46: =SUMIFS(Forecast!$J:$J, Forecast!$A:$A, 'Analysis-School'!$A46, Forecast!$C:$C, 'Analysis-School'!AE$4, Forecast!$D:$D, 'Analysis-School'!AE$2) -> 0 | AF46: =SUMIFS(Forecast!$J:$J, Forecast!$A:$A, 'Analysis-School'!$A46, Forecast!$C:$C, 'Analysis-School'!AF$4, Forecast!$D:$D, 'Analysis-School'!AF$2) -> 0 | AG46: =IFERROR(AF46/AD46-1, "NA") -> NA
A47: 003643 | B47: Texas Southmost College | C47: =SUMIFS(Forecast!$E:$E, Forecast!$A:$A, 'Analysis-School'!$A47, Forecast!$C:$C, 'Analysis-School'!C$4, Forecast!$D:$D, 'Analysis-School'!C$2) -> 657 | D47: =SUMIFS(Forecast!$E:$E, Forecast!$A:$A, 'Analysis-School'!$A47, Forecast!$C:$C, 'Analysis-School'!D$4, Forecast!$D:$D, 'Analysis-School'!D$2) -> 965 | E47: =SUMIFS(Forecast!$E:$E, Forecast!$A:$A, 'Analysis-School'!$A47, Forecast!$C:$C, 'Analysis-School'!E$4, Forecast!$D:$D, 'Analysis-School'!E$2) -> 1444 | F47: =SUMIFS(Forecast!$E:$E, Forecast!$A:$A, 'Analysis-School'!$A47, Forecast!$C:$C, 'Analysis-School'!F$4, Forecast!$D:$D, 'Analysis-School'!F$2) -> 1424 | G47: =SUMIFS(Forecast!$E:$E, Forecast!$A:$A, 'Analysis-School'!$A47, Forecast!$C:$C, 'Analysis-School'!G$4, Forecast!$D:$D, 'Analysis-School'!G$2) -> 1215 | H47: =SUMIFS(Forecast!$E:$E, Forecast!$A:$A, 'Analysis-School'!$A47, Forecast!$C:$C, 'Analysis-School'!H$4, Forecast!$D:$D, 'Analysis-School'!H$2) -> 1278 | I47: =SUMIFS(Forecast!$E:$E, Forecast!$A:$A, 'Analysis-School'!$A47, Forecast!$C:$C, 'Analysis-School'!I$4, Forecast!$D:$D, 'Analysis-School'!I$2) -> 1368.036 | J47: =SUMIFS(Forecast!$E:$E, Forecast!$A:$A, 'Analysis-School'!$A47, Forecast!$C:$C, 'Analysis-School'!J$4, Forecast!$D:$D, 'Analysis-School'!J$2) -> 1452.8771 | K47: =(J47/H47-1) -> 0.13683653 | M47: Texas Southmost College | N47: =SUMIFS(Forecast!$F:$F, Forecast!$A:$A, 'Analysis-School'!$A47, Forecast!$C:$C, 'Analysis-School'!N$4, Forecast!$D:$D, 'Analysis-School'!N$2) -> 443 | O47: =SUMIFS(Forecast!$F:$F, Forecast!$A:$A, 'Analysis-School'!$A47, Forecast!$C:$C, 'Analysis-School'!O$4, Forecast!$D:$D, 'Analysis-School'!O$2) -> 410 | P47: =SUMIFS(Forecast!$F:$F, Forecast!$A:$A, 'Analysis-School'!$A47, Forecast!$C:$C, 'Analysis-School'!P$4, Forecast!$D:$D, 'Analysis-School'!P$2) -> 519 | Q47: =SUMIFS(Forecast!$F:$F, Forecast!$A:$A, 'Analysis-School'!$A47, Forecast!$C:$C, 'Analysis-School'!Q$4, Forecast!$D:$D, 'Analysis-School'!Q$2) -> 628 | R47: =SUMIFS(Forecast!$F:$F, Forecast!$A:$A, 'Analysis-School'!$A47, Forecast!$C:$C, 'Analysis-School'!R$4, Forecast!$D:$D, 'Analysis-School'!R$2) -> 821 | S47: =SUMIFS(Forecast!$F:$F, Forecast!$A:$A, 'Analysis-School'!$A47, Forecast!$C:$C, 'Analysis-School'!S$4, Forecast!$D:$D, 'Analysis-School'!S$2) -> 968 | T47: =SUMIFS(Forecast!$F:$F, Forecast!$A:$A, 'Analysis-School'!$A47, Forecast!$C:$C, 'Analysis-School'!T$4, Forecast!$D:$D, 'Analysis-School'!T$2) -> 1064.8 | U47: =SUMIFS(Forecast!$F:$F, Forecast!$A:$A, 'Analysis-School'!$A47, Forecast!$C:$C, 'Analysis-School'!U$4, Forecast!$D:$D, 'Analysis-School'!U$2) -> 1171.28 | V47: =(U47/S47-1) -> 0.21 | X47: Texas Southmost College | Y47: =SUMIFS(Forecast!$J:$J, Forecast!$A:$A, 'Analysis-School'!$A47, Forecast!$C:$C, 'Analysis-School'!Y$4, Forecast!$D:$D, 'Analysis-School'!Y$2) -> 0 | Z47: =SUMIFS(Forecast!$J:$J, Forecast!$A:$A, 'Analysis-School'!$A47, Forecast!$C:$C, 'Analysis-School'!Z$4, Forecast!$D:$D, 'Analysis-School'!Z$2) -> 0 | AA47: =SUMIFS(Forecast!$J:$J, Forecast!$A:$A, 'Analysis-School'!$A47, Forecast!$C:$C, 'Analysis-School'!AA$4, Forecast!$D:$D, 'Analysis-School'!AA$2) -> 0 | AB47: =SUMIFS(Forecast!$J:$J, Forecast!$A:$A, 'Analysis-School'!$A47, Forecast!$C:$C, 'Analysis-School'!AB$4, Forecast!$D:$D, 'Analysis-School'!AB$2) -> 0 | AC47: =SUMIFS(Forecast!$J:$J, Forecast!$A:$A, 'Analysis-School'!$A47, Forecast!$C:$C, 'Analysis-School'!AC$4, Forecast!$D:$D, 'Analysis-School'!AC$2) -> 0 | AD47: =SUMIFS(Forecast!$J:$J, Forecast!$A:$A, 'Analysis-School'!$A47, Forecast!$C:$C, 'Analysis-School'!AD$4, Forecast!$D:$D, 'Analysis-School'!AD$2) -> 0 | AE47: =SUMIFS(Forecast!$J:$J, Forecast!$A:$A, 'Analysis-School'!$A47, Forecast!$C:$C, 'Analysis-School'!AE$4, Forecast!$D:$D, 'Analysis-School'!AE$2) -> 0 | AF47: =SUMIFS(Forecast!$J:$J, Forecast!$A:$A, 'Analysis-School'!$A47, Forecast!$C:$C, 'Analysis-School'!AF$4, Forecast!$D:$D, 'Analysis-School'!AF$2) -> 0 | AG47: =IFERROR(AF47/AD47-1, "NA") -> NA
A48: 003572 | B48: Trinity Valley Community College | C48: =SUMIFS(Forecast!$E:$E, Forecast!$A:$A, 'Analysis-School'!$A48, Forecast!$C:$C, 'Analysis-School'!C$4, Forecast!$D:$D, 'Analysis-School'!C$2) -> 682 | D48: =SUMIFS(Forecast!$E:$E, Forecast!$A:$A, 'Analysis-School'!$A48, Forecast!$C:$C, 'Analysis-School'!D$4, Forecast!$D:$D, 'Analysis-School'!D$2) -> 705 | E48: =SUMIFS(Forecast!$E:$E, Forecast!$A:$A, 'Analysis-School'!$A48, Forecast!$C:$C, 'Analysis-School'!E$4, Forecast!$D:$D, 'Analysis-School'!E$2) -> 525 | F48: =SUMIFS(Forecast!$E:$E, Forecast!$A:$A, 'Analysis-School'!$A48, Forecast!$C:$C, 'Analysis-School'!F$4, Forecast!$D:$D, 'Analysis-School'!F$2) -> 712 | G48: =SUMIFS(Forecast!$E:$E, Forecast!$A:$A, 'Analysis-School'!$A48, Forecast!$C:$C, 'Analysis-School'!G$4, Forecast!$D:$D, 'Analysis-School'!G$2) -> 797 | H48: =SUMIFS(Forecast!$E:$E, Forecast!$A:$A, 'Analysis-School'!$A48, Forecast!$C:$C, 'Analysis-School'!H$4, Forecast!$D:$D, 'Analysis-School'!H$2) -> 710 | I48: =SUMIFS(Forecast!$E:$E, Forecast!$A:$A, 'Analysis-School'!$A48, Forecast!$C:$C, 'Analysis-School'!I$4, Forecast!$D:$D, 'Analysis-School'!I$2) -> 781 | J48: =SUMIFS(Forecast!$E:$E, Forecast!$A:$A, 'Analysis-School'!$A48, Forecast!$C:$C, 'Analysis-School'!J$4, Forecast!$D:$D, 'Analysis-School'!J$2) -> 806.97858 | K48: =(J48/H48-1) -> 0.13658954 | M48: Trinity Valley Community College | N48: =SUMIFS(Forecast!$F:$F, Forecast!$A:$A, 'Analysis-School'!$A48, Forecast!$C:$C, 'Analysis-School'!N$4, Forecast!$D:$D, 'Analysis-School'!N$2) -> 637 | O48: =SUMIFS(Forecast!$F:$F, Forecast!$A:$A, 'Analysis-School'!$A48, Forecast!$C:$C, 'Analysis-School'!O$4, Forecast!$D:$D, 'Analysis-School'!O$2) -> 670 | P48: =SUMIFS(Forecast!$F:$F, Forecast!$A:$A, 'Analysis-School'!$A48, Forecast!$C:$C, 'Analysis-School'!P$4, Forecast!$D:$D, 'Analysis-School'!P$2) -> 664 | Q48: =SUMIFS(Forecast!$F:$F, Forecast!$A:$A, 'Analysis-School'!$A48, Forecast!$C:$C, 'Analysis-School'!Q$4, Forecast!$D:$D, 'Analysis-School'!Q$2) -> 712 | R48: =SUMIFS(Forecast!$F:$F, Forecast!$A:$A, 'Analysis-School'!$A48, Forecast!$C:$C, 'Analysis-School'!R$4, Forecast!$D:$D, 'Analysis-School'!R$2) -> 611 | S48: =SUMIFS(Forecast!$F:$F, Forecast!$A:$A, 'Analysis-School'!$A48, Forecast!$C:$C, 'Analysis-School'!S$4, Forecast!$D:$D, 'Analysis-School'!S$2) -> 497 | T48: =SUMIFS(Forecast!$F:$F, Forecast!$A:$A, 'Analysis-School'!$A48, Forecast!$C:$C, 'Analysis-School'!T$4, Forecast!$D:$D, 'Analysis-School'!T$2) -> 476.64114 | U48: =SUMIFS(Forecast!$F:$F, Forecast!$A:$A, 'Analysis-School'!$A48, Forecast!$C:$C, 'Analysis-School'!U$4, Forecast!$D:$D, 'Analysis-School'!U$2) -> 452.80908 | V48: =(U48/S48-1) -> -0.08891533 | X48: Trinity Valley Community College | Y48: =SUMIFS(Forecast!$J:$J, Forecast!$A:$A, 'Analysis-School'!$A48, Forecast!$C:$C, 'Analysis-School'!Y$4, Forecast!$D:$D, 'Analysis-School'!Y$2) -> 0 | Z48: =SUMIFS(Forecast!$J:$J, Forecast!$A:$A, 'Analysis-School'!$A48, Forecast!$C:$C, 'Analysis-School'!Z$4, Forecast!$D:$D, 'Analysis-School'!Z$2) -> 0 | AA48: =SUMIFS(Forecast!$J:$J, Forecast!$A:$A, 'Analysis-School'!$A48, Forecast!$C:$C, 'Analysis-School'!AA$4, Forecast!$D:$D, 'Analysis-School'!AA$2) -> 0 | AB48: =SUMIFS(Forecast!$J:$J, Forecast!$A:$A, 'Analysis-School'!$A48, Forecast!$C:$C, 'Analysis-School'!AB$4, Forecast!$D:$D, 'Analysis-School'!AB$2) -> 0 | AC48: =SUMIFS(Forecast!$J:$J, Forecast!$A:$A, 'Analysis-School'!$A48, Forecast!$C:$C, 'Analysis-School'!AC$4, Forecast!$D:$D, 'Analysis-School'!AC$2) -> 0 | AD48: =SUMIFS(Forecast!$J:$J, Forecast!$A:$A, 'Analysis-School'!$A48, Forecast!$C:$C, 'Analysis-School'!AD$4, Forecast!$D:$D, 'Analysis-School'!AD$2) -> 0 | AE48: =SUMIFS(Forecast!$J:$J, Forecast!$A:$A, 'Analysis-School'!$A48, Forecast!$C:$C, 'Analysis-School'!AE$4, Forecast!$D:$D, 'Analysis-School'!AE$2) -> 0 | AF48: =SUMIFS(Forecast!$J:$J, Forecast!$A:$A, 'Analysis-School'!$A48, Forecast!$C:$C, 'Analysis-School'!AF$4, Forecast!$D:$D, 'Analysis-School'!AF$2) -> 0 | AG48: =IFERROR(AF48/AD48-1, "NA") -> NA
A49: 003648 | B49: Tyler Junior College | C49: =SUMIFS(Forecast!$E:$E, Forecast!$A:$A, 'Analysis-School'!$A49, Forecast!$C:$C, 'Analysis-School'!C$4, Forecast!$D:$D, 'Analysis-School'!C$2) -> 688 | D49: =SUMIFS(Forecast!$E:$E, Forecast!$A:$A, 'Analysis-School'!$A49, Forecast!$C:$C, 'Analysis-School'!D$4, Forecast!$D:$D, 'Analysis-School'!D$2) -> 790 | E49: =SUMIFS(Forecast!$E:$E, Forecast!$A:$A, 'Analysis-School'!$A49, Forecast!$C:$C, 'Analysis-School'!E$4, Forecast!$D:$D, 'Analysis-School'!E$2) -> 824 | F49: =SUMIFS(Forecast!$E:$E, Forecast!$A:$A, 'Analysis-School'!$A49, Forecast!$C:$C, 'Analysis-School'!F$4, Forecast!$D:$D, 'Analysis-School'!F$2) -> 689 | G49: =SUMIFS(Forecast!$E:$E, Forecast!$A:$A, 'Analysis-School'!$A49, Forecast!$C:$C, 'Analysis-School'!G$4, Forecast!$D:$D, 'Analysis-School'!G$2) -> 748 | H49: =SUMIFS(Forecast!$E:$E, Forecast!$A:$A, 'Analysis-School'!$A49, Forecast!$C:$C, 'Analysis-School'!H$4, Forecast!$D:$D, 'Analysis-School'!H$2) -> 799 | I49: =SUMIFS(Forecast!$E:$E, Forecast!$A:$A, 'Analysis-School'!$A49, Forecast!$C:$C, 'Analysis-School'!I$4, Forecast!$D:$D, 'Analysis-School'!I$2) -> 761.01901 | J49: =SUMIFS(Forecast!$E:$E, Forecast!$A:$A, 'Analysis-School'!$A49, Forecast!$C:$C, 'Analysis-School'!J$4, Forecast!$D:$D, 'Analysis-School'!J$2) -> 764.55654 | K49: =(J49/H49-1) -> -0.043108208 | M49: Tyler Junior College | N49: =SUMIFS(Forecast!$F:$F, Forecast!$A:$A, 'Analysis-School'!$A49, Forecast!$C:$C, 'Analysis-School'!N$4, Forecast!$D:$D, 'Analysis-School'!N$2) -> 1035 | O49: =SUMIFS(Forecast!$F:$F, Forecast!$A:$A, 'Analysis-School'!$A49, Forecast!$C:$C, 'Analysis-School'!O$4, Forecast!$D:$D, 'Analysis-School'!O$2) -> 1031 | P49: =SUMIFS(Forecast!$F:$F, Forecast!$A:$A, 'Analysis-School'!$A49, Forecast!$C:$C, 'Analysis-School'!P$4, Forecast!$D:$D, 'Analysis-School'!P$2) -> 1020 | Q49: =SUMIFS(Forecast!$F:$F, Forecast!$A:$A, 'Analysis-School'!$A49, Forecast!$C:$C, 'Analysis-School'!Q$4, Forecast!$D:$D, 'Analysis-School'!Q$2) -> 1032 | R49: =SUMIFS(Forecast!$F:$F, Forecast!$A:$A, 'Analysis-School'!$A49, Forecast!$C:$C, 'Analysis-School'!R$4, Forecast!$D:$D, 'Analysis-School'!R$2) -> 1000 | S49: =SUMIFS(Forecast!$F:$F, Forecast!$A:$A, 'Analysis-School'!$A49, Forecast!$C:$C, 'Analysis-School'!S$4, Forecast!$D:$D, 'Analysis-School'!S$2) -> 1000 | T49: =SUMIFS(Forecast!$F:$F, Forecast!$A:$A, 'Analysis-School'!$A49, Forecast!$C:$C, 'Analysis-School'!T$4, Forecast!$D:$D, 'Analysis-School'!T$2) -> 989.33359 | U49: =SUMIFS(Forecast!$F:$F, Forecast!$A:$A, 'Analysis-School'!$A49, Forecast!$C:$C, 'Analysis-School'!U$4, Forecast!$D:$D, 'Analysis-School'!U$2) -> 981.72525 | V49: =(U49/S49-1) -> -0.018274754 | X49: Tyler Junior College | Y49: =SUMIFS(Forecast!$J:$J, Forecast!$A:$A, 'Analysis-School'!$A49, Forecast!$C:$C, 'Analysis-School'!Y$4, Forecast!$D:$D, 'Analysis-School'!Y$2) -> 0 | Z49: =SUMIFS(Forecast!$J:$J, Forecast!$A:$A, 'Analysis-School'!$A49, Forecast!$C:$C, 'Analysis-School'!Z$4, Forecast!$D:$D, 'Analysis-School'!Z$2) -> 1 | AA49: =SUMIFS(Forecast!$J:$J, Forecast!$A:$A, 'Analysis-School'!$A49, Forecast!$C:$C, 'Analysis-School'!AA$4, Forecast!$D:$D, 'Analysis-School'!AA$2) -> 2 | AB49: =SUMIFS(Forecast!$J:$J, Forecast!$A:$A, 'Analysis-School'!$A49, Forecast!$C:$C, 'Analysis-School'!AB$4, Forecast!$D:$D, 'Analysis-School'!AB$2) -> 0 | AC49: =SUMIFS(Forecast!$J:$J, Forecast!$A:$A, 'Analysis-School'!$A49, Forecast!$C:$C, 'Analysis-School'!AC$4, Forecast!$D:$D, 'Analysis-School'!AC$2) -> 0 | AD49: =SUMIFS(Forecast!$J:$J, Forecast!$A:$A, 'Analysis-School'!$A49, Forecast!$C:$C, 'Analysis-School'!AD$4, Forecast!$D:$D, 'Analysis-School'!AD$2) -> 1 | AE49: =SUMIFS(Forecast!$J:$J, Forecast!$A:$A, 'Analysis-School'!$A49, Forecast!$C:$C, 'Analysis-School'!AE$4, Forecast!$D:$D, 'Analysis-School'!AE$2) -> 0.95 | AF49: =SUMIFS(Forecast!$J:$J, Forecast!$A:$A, 'Analysis-School'!$A49, Forecast!$C:$C, 'Analysis-School'!AF$4, Forecast!$D:$D, 'Analysis-School'!AF$2) -> 0.9025 | AG49: =IFERROR(AF49/AD49-1, "NA") -> -0.0975
A50: 010060 | B50: Vernon College | C50: =SUMIFS(Forecast!$E:$E, Forecast!$A:$A, 'Analysis-School'!$A50, Forecast!$C:$C, 'Analysis-School'!C$4, Forecast!$D:$D, 'Analysis-School'!C$2) -> 196 | D50: =SUMIFS(Forecast!$E:$E, Forecast!$A:$A, 'Analysis-School'!$A50, Forecast!$C:$C, 'Analysis-School'!D$4, Forecast!$D:$D, 'Analysis-School'!D$2) -> 239 | E50: =SUMIFS(Forecast!$E:$E, Forecast!$A:$A, 'Analysis-School'!$A50, Forecast!$C:$C, 'Analysis-School'!E$4, Forecast!$D:$D, 'Analysis-School'!E$2) -> 297 | F50: =SUMIFS(Forecast!$E:$E, Forecast!$A:$A, 'Analysis-School'!$A50, Forecast!$C:$C, 'Analysis-School'!F$4, Forecast!$D:$D, 'Analysis-School'!F$2) -> 211 | G50: =SUMIFS(Forecast!$E:$E, Forecast!$A:$A, 'Analysis-School'!$A50, Forecast!$C:$C, 'Analysis-School'!G$4, Forecast!$D:$D, 'Analysis-School'!G$2) -> 261 | H50: =SUMIFS(Forecast!$E:$E, Forecast!$A:$A, 'Analysis-School'!$A50, Forecast!$C:$C, 'Analysis-School'!H$4, Forecast!$D:$D, 'Analysis-School'!H$2) -> 196 | I50: =SUMIFS(Forecast!$E:$E, Forecast!$A:$A, 'Analysis-School'!$A50, Forecast!$C:$C, 'Analysis-School'!I$4, Forecast!$D:$D, 'Analysis-School'!I$2) -> 212.6786 | J50: =SUMIFS(Forecast!$E:$E, Forecast!$A:$A, 'Analysis-School'!$A50, Forecast!$C:$C, 'Analysis-School'!J$4, Forecast!$D:$D, 'Analysis-School'!J$2) -> 208.04316 | K50: =(J50/H50-1) -> 0.061444719 | M50: Vernon College | N50: =SUMIFS(Forecast!$F:$F, Forecast!$A:$A, 'Analysis-School'!$A50, Forecast!$C:$C, 'Analysis-School'!N$4, Forecast!$D:$D, 'Analysis-School'!N$2) -> 253 | O50: =SUMIFS(Forecast!$F:$F, Forecast!$A:$A, 'Analysis-School'!$A50, Forecast!$C:$C, 'Analysis-School'!O$4, Forecast!$D:$D, 'Analysis-School'!O$2) -> 273 | P50: =SUMIFS(Forecast!$F:$F, Forecast!$A:$A, 'Analysis-School'!$A50, Forecast!$C:$C, 'Analysis-School'!P$4, Forecast!$D:$D, 'Analysis-School'!P$2) -> 230 | Q50: =SUMIFS(Forecast!$F:$F, Forecast!$A:$A, 'Analysis-School'!$A50, Forecast!$C:$C, 'Analysis-School'!Q$4, Forecast!$D:$D, 'Analysis-School'!Q$2) -> 229 | R50: =SUMIFS(Forecast!$F:$F, Forecast!$A:$A, 'Analysis-School'!$A50, Forecast!$C:$C, 'Analysis-School'!R$4, Forecast!$D:$D, 'Analysis-School'!R$2) -> 195 | S50: =SUMIFS(Forecast!$F:$F, Forecast!$A:$A, 'Analysis-School'!$A50, Forecast!$C:$C, 'Analysis-School'!S$4, Forecast!$D:$D, 'Analysis-School'!S$2) -> 202 | T50: =SUMIFS(Forecast!$F:$F, Forecast!$A:$A, 'Analysis-School'!$A50, Forecast!$C:$C, 'Analysis-School'!T$4, Forecast!$D:$D, 'Analysis-School'!T$2) -> 191.9 | U50: =SUMIFS(Forecast!$F:$F, Forecast!$A:$A, 'Analysis-School'!$A50, Forecast!$C:$C, 'Analysis-School'!U$4, Forecast!$D:$D, 'Analysis-School'!U$2) -> 182.305 | V50: =(U50/S50-1) -> -0.0975 | X50: Vernon College | Y50: =SUMIFS(Forecast!$J:$J, Forecast!$A:$A, 'Analysis-School'!$A50, Forecast!$C:$C, 'Analysis-School'!Y$4, Forecast!$D:$D, 'Analysis-School'!Y$2) -> 0 | Z50: =SUMIFS(Forecast!$J:$J, Forecast!$A:$A, 'Analysis-School'!$A50, Forecast!$C:$C, 'Analysis-School'!Z$4, Forecast!$D:$D, 'Analysis-School'!Z$2) -> 0 | AA50: =SUMIFS(Forecast!$J:$J, Forecast!$A:$A, 'Analysis-School'!$A50, Forecast!$C:$C, 'Analysis-School'!AA$4, Forecast!$D:$D, 'Analysis-School'!AA$2) -> 0 | AB50: =SUMIFS(Forecast!$J:$J, Forecast!$A:$A, 'Analysis-School'!$A50, Forecast!$C:$C, 'Analysis-School'!AB$4, Forecast!$D:$D, 'Analysis-School'!AB$2) -> 0 | AC50: =SUMIFS(Forecast!$J:$J, Forecast!$A:$A, 'Analysis-School'!$A50, Forecast!$C:$C, 'Analysis-School'!AC$4, Forecast!$D:$D, 'Analysis-School'!AC$2) -> 0 | AD50: =SUMIFS(Forecast!$J:$J, Forecast!$A:$A, 'Analysis-School'!$A50, Forecast!$C:$C, 'Analysis-School'!AD$4, Forecast!$D:$D, 'Analysis-School'!AD$2) -> 0 | AE50: =SUMIFS(Forecast!$J:$J, Forecast!$A:$A, 'Analysis-School'!$A50, Forecast!$C:$C, 'Analysis-School'!AE$4, Forecast!$D:$D, 'Analysis-School'!AE$2) -> 0 | AF50: =SUMIFS(Forecast!$J:$J, Forecast!$A:$A, 'Analysis-School'!$A50, Forecast!$C:$C, 'Analysis-School'!AF$4, Forecast!$D:$D, 'Analysis-School'!AF$2) -> 0 | AG50: =IFERROR(AF50/AD50-1, "NA") -> NA
